Workbook

Sheet Итого по видам(с учет нераспр.)
A1: Сведения о предоставлении из бюджета Саратовской области межбюджетных трансфертов местным бюджетам
A2: за 1 квартал 2021 года
F3: тыс. рублей
A4: № п/п | B4: Наименование | C4: Код бюджетной классификации | D4: Утвержденные бюджетные назначения* | E4: Исполнение | F4: % исполнения
A6: 1 | B6: 2 | C6: 3 | D6: 4 | E6: 5 | F6: 6
A7: 1. | B7: Дотация - всего | D7: =SUM(D8:D12) -> 4767163.5 | E7: =SUM(E8:E12) -> 913119.9 | F7: =E7/D7*100 -> 19.154365
A8: 1.1. | B8: Дотация бюджетам городских округов области, связанные с особым режимом безопасного функционирования закрытых административно-территориальных образований | C8: 000 1402 6640150100 512 | D8: =Дотации!E52 -> 41928 | E8: =Дотации!F52 -> 10482 | F8: =E8/D8*100 -> 25
A9: 1.2. | B9: Дотация на выравнивание бюджетной обеспеченности муниципальных районов (городских округов) области | C9: 000 1401 6640170200 511 | D9: =Дотации!H52 -> 3430574.3 | E9: =Дотации!I52 -> 780279.3 | F9: =E9/D9*100 -> 22.744859
A10: 1.3. | B10: Дотация на поддержку мер по обеспечению сбалансированности бюджетов | C10: 000 1402 6640170300 512 | D10: =Дотации!K52 -> 815717.3 | E10: =Дотации!L52 -> 122358.6 | F10: =E10/D10*100 -> 15.000123
A11: 1.4. | B11: Дотации бюджетам муниципальных районов области на обеспечение финансовой устойчивости местных бюджетов в условиях нестабильной ситуации, связанной с пандемией новой коронавирусной инфекции | C11: 000 1402 664017080К 512 | D11: =Дотации!N52 -> 375856.86 | E11: =Дотации!O52 -> 0 | F11: =E11/D11*100 -> 0
A12: 1.5. | B12: Дотации бюджетам муниципальных районов и городских округов области на компенсацию дополнительных расходов на повышение оплаты труда некоторых категорий работников муниципальных учреждений в связи с увеличением минимального размера оплаты труда с 1 января 2021 года | C12: 000 1402 6640170700 512 | D12: =Дотации!Q52 -> 103087 | E12: =Дотации!R52 -> 0 | F12: =E12/D12*100 -> 0
A13: 2. | B13: Субсидии - всего | D13: =SUM(D14:D49) -> 11124494 | E13: =SUM(E14:E49) -> 746652.19 | F13: =E13/D13*100 -> 6.7117855
A14: 2.1. | B14: Субсидия бюджетам муниципальных районов области на создание в общеобразователь-ных организациях, расположенных в сельской местности и малых городах, условий для занятий физической культурой и спортом | C14: 000 0702 5A2E250970 521 | D14: =Субсидии!E397 -> 16624.9 | E14: =Субсидии!F397 -> 0 | F14: =E14/D14*100 -> 0
A15: 2.2. | B15: Субсидия бюджетам муниципальных районов и городских округов области на создание новых мест в общеобразовательных организациях | C15: 000 0702 5A2E155200 523 | D15: =Субсидии!H397 -> 366156.7 | E15: =Субсидии!I397 -> 17614.901 | F15: =E15/D15*100 -> 4.8107549
A16: 2.3. | B16: Субсидия бюджетам муниципальных районов и городских округов области на обеспечение жильем молодых семей | C16: 000 1004 5E301R4970 521 | D16: =Субсидии!K397 -> 62391.5 | E16: =Субсидии!L397 -> 0 | F16: =E16/D16*100 -> 0
A17: 2.4. | B17: Субсидия бюджетам городских округов и поселений области на реализацию регионального проекта (программы) в целях выполнения задач федерального проекта «Жилье» (Стимулирование программ развития жилищного строительства) | C17: 000 1403 5E1F150210 523 | D17: =Субсидии!N397 -> 86883.7 | E17: =Субсидии!O397 -> 0 | F17: =E17/D17*100 -> 0
A18: 2.5. | B18: Субсидия бюджетам муниципальных районов и поселений области на поддержку творческой деятельности и укрепление материально-технической базы муниципальных театров в населенных пунктах с численностью населения до 300 тысяч человек | C18: 000 0801 55206R4660 521 | D18: =Субсидии!Q397 -> 10058.4 | E18: =Субсидии!R397 -> 5029.2 | F18: =E18/D18*100 -> 50
A19: 2.6. | B19: Субсидия бюджетам муниципальных районов и поселений области на обеспечение развития и укрепления материально-технической базы домов культуры в населенных пунктах с числом жителей до 50 тысяч человек | C19: 000 0801 55A12R4670 521 | D19: =Субсидии!T397 -> 40836.1 | E19: =Субсидии!U397 -> 6779.6 | F19: =E19/D19*100 -> 16.601977
A20: 2.7. | B20: Субсидия бюджетам муниципальных районов и поселений области на поддержку отрасли культуры на государственную поддержку лучших сельских учреждений культуры | C20: 000 0703 55БA255192 523 000 0801 55БA255192 523 | D20: =Субсидии!W397 -> 2346.9389 | E20: =Субсидии!X397 -> 1734.6941 | F20: =E20/D20*100 -> 73.913049
A21: 2.8. | B21: Субсидия бюджетам муниципальных районов и поселений области на поддержку отрасли культуры на государственную поддержку лучших работников сельских учреждений культуры | C21: 000 0801 55БA255194 523 | D21: =Субсидии!Z397 -> 867.347 | E21: =Субсидии!AA397 -> 561.22453 | F21: =E21/D21*100 -> 64.705882
A22: 2.9. | B22: Субсидия бюджетам муниципальных районов области на обеспечение деятельности муниципальных бизнес-инкубаторов | C22: 000 0412 5830171100 521 | D22: =Субсидии!AC397 -> 5300 | E22: =Субсидии!AD397 -> 0 | F22: =E22/D22*100 -> 0
A23: 2.10. | B23: Субсидия бюджетам городских округов, городских и сельских поселений области на реализацию инициативных проектов | C23: 000 0113 6640572100 523 | D23: =Субсидии!AF397 -> 120000 | E23: =Субсидии!AG397 -> 0 | F23: =E23/D23*100 -> 0
A24: 2.11. | B24: Субсидия бюджетам городских округов и поселений области на поддержку муниципальных программ формирования современной городской среды | C24: 000 0503 691F255550 523 | D24: =Субсидии!AI397 -> 707405 | E24: =Субсидии!AJ397 -> 142364.33 | F24: =E24/D24*100 -> 20.124869
A25: 2.12. | B25: Субсидия бюджетам муниципальных районов и городских округов области на обеспечение сохранения достигнутых показателей повышения оплаты труда отдельных категорий работников бюджетной сферы | C25: 000 1403 6640172500 521 | D25: =Субсидии!AL397 -> 1052020.6 | E25: =Субсидии!AM397 -> 161274.92 | F25: =E25/D25*100 -> 15.330015
A26: 2.13. | B26: Субсидия бюджетам муниципальных районов и городских округов области на создание дополнительных мест для детей в возрасте от 1,5 до 3 лет в образовательных организациях, осуществляющих образовательную деятельность по образовательным программам дошкольного образования | C26: 000 0701 5A1P252320 523 | D26: =Субсидии!AO397 -> 1014156.1 | E26: =Субсидии!AP397 -> 0 | F26: =E26/D26*100 -> 0
A27: 2.14. | B27: Субсидия бюджетам муниципальных районов области на государственную поддержку отрасли культуры (создание и модернизация учреждений культурно-досугового типа в сельской местности) | C27: 000 0801 55AA155197 523 | D27: =Субсидии!AR397 -> 30468 | E27: =Субсидии!AS397 -> 2184.3 | F27: =E27/D27*100 -> 7.1691611
A28: 2.15. | B28: Субсидия бюджетам муниципальных районов, городских округов и поселений области на обеспечение мероприятий по переселению граждан из аварийного жилищного фонда, в том числе переселению граждан из аварийного жилищного фонда с учетом необходимости развития малоэтажного жилищного строительства (за счет средств Фонда содействия реформированию жилищно-коммунального хозяйства) | C28: 000 0501 5EAF367483 523 | D28: =Субсидии!AU397 -> 3604188.4 | E28: =Субсидии!AV397 -> 215794.93 | F28: =E28/D28*100 -> 5.9873376
A29: 2.16. | B29: Субсидия бюджетам муниципальных районов, городских округов и поселений области на обеспечение мероприятий по переселению граждан из аварийного жилищного фонда, в том числе переселению граждан из аварийного жилищного фонда с учетом необходимости развития малоэтажного жилищного строительства (за счет средств областного бюджета) | C29: 000 0501 5EAF367484 523 | D29: =Субсидии!AX397 -> 85716.3 | E29: =Субсидии!AY397 -> 6048.07 | F29: =E29/D29*100 -> 7.0559159
A30: 2.17. | B30: Субсидия бюджетам муниципальных районов и городских округов области на обеспечение условий для создания центров образования цифрового и гуманитарного профиле | C30: 000 0702 5A2E1U1130 521 | D30: =Субсидии!BA397 -> 181511.6 | E30: =Субсидии!BB397 -> 23552.685 | F30: =E30/D30*100 -> 12.975857
A31: 2.18. | B31: Субсидия бюджетам городских округов и поселений области на реализацию мероприятий по строительству и реконструкции (модернизации) объектов питьевого водоснабжения | C31: 000 0502 5E8F552430 522 | D31: =Субсидии!BD397 -> 427354.35 | E31: =Субсидии!BE397 -> 0 | F31: =E31/D31*100 -> 0
A32: 2.19. | B32: Субсидия бюджетам поселений области на реализацию мероприятий по сокращению доли загрязненных сточных вод | C32: 000 0602 5E8G650130 522 | D32: =Субсидии!BG397 -> 34078.7 | E32: =Субсидии!BH397 -> 0 | F32: =E32/D32*100 -> 0
A33: 2.20. | B33: Субсидия бюджетам городских округов и поселений области на обустройство и восстановление воинских захоронений, находящихся в государственной (муниципальной) собственности | C33: 000 0503 66105R2990 521 | D33: =Субсидии!BJ397 -> 16769.4 | E33: =Субсидии!BK397 -> 0 | F33: =E33/D33*100 -> 0
A34: 2.21. | B34: Субсидия бюджетам городских округов области на осуществление дорожной деятельности в отношении автомобильных дорог общего пользования местного значения Саратовской агломерации в границах городских округов области в рамках достижения соответствующих задач национального проекта «Безопасные и качественные автомобильные дороги» за счет средств областного дорожного фонда | C34: 000 0409 5Ж2R1U7190 521 | D34: =Субсидии!BM397 -> 592800 | E34: =Субсидии!BN397 -> 0 | F34: =E34/D34*100 -> 0
A35: 2.22. | B35: Субсидия бюджетам муниципальных районов и поселений области на развитие инженерной инфраструктуры на сельских территориях (развитие водоснабжения (локальные водоводы) на сельских территориях) | C35: 000 0502 70301R5765 522 | D35: =Субсидии!BP397 -> 82719.8 | E35: =Субсидии!BQ397 -> 0 | F35: =E35/D35*100 -> 0
A36: 2.23. | B36: Субсидия бюджетам поселений области на обустройство объектами инженерной инфраструктуры и благоустройство площадок, расположенных на сельских территориях, под компактную жилищную застройку | C36: 000 0505 70101R5762 522 | D36: =Субсидии!BS397 -> 65541.5 | E36: =Субсидии!BT397 -> 0 | F36: =E36/D36*100 -> 0
A37: 2.24. | B37: Субсидия бюджетам муниципальных районов области на реализацию мероприятий по благоустройству сельских территорий 2* | C37: 000 0503 70302R5766 521 | D37: =Субсидии!BV397 -> 24694.1 | E37: =Субсидии!BW397 -> 0 | F37: =E37/D37*100 -> 0
A38: 2.25. | B38: Субсидия бюджетам муниципальных районов области на благоустройство зданий муниципальных общеобразовательных организаций в целях соблюдения требований к воздушно-тепловому режиму, водоснабжению и канализации | C38: 000 0702 5A220R2550 521 | D38: =Субсидии!BY397 -> 85511.9 | E38: =Субсидии!BZ397 -> 0 | F38: =E38/D38*100 -> 0
A39: 2.26. | B39: Субсидия бюджетам муниципальных районов и городских округов области на обеспечение условий для внедрения цифровой образовательной среды в общеобразовательных организациях | C39: 000 0702 5A8E4U1330 521 | D39: =Субсидии!CB397 -> 16585 | E39: =Субсидии!CC397 -> 0 | F39: =E39/D39*100 -> 0
A40: 2.27. | B40: Субсидия бюджетам муниципальных районов и городских округов области на обеспечение образовательных организаций материально-технической базой для внедрения цифровой образовательной среды | C40: 000 0702 5A8E452100 521 | D40: =Субсидии!CE397 -> 250017 | E40: =Субсидии!CF397 -> 0 | F40: =E40/D40*100 -> 0
A41: 2.28. | B41: Субсидия бюджетам муниципальных районов и городских округов области на модернизацию (капитальный ремонт, реконструкция) муниципальных детских школ искусств по видам искусств | C41: 000 0703 55AA155195 523 | D41: =Субсидии!CH397 -> 39582 | E41: =Субсидии!CI397 -> 11874.6 | F41: =E41/D41*100 -> 30
A42: 2.29. | B42: Субсидия бюджетам муниципальных районов области на обеспечение функционирования центров цифрового образования детей «IT-куб» | C42: 000 0703 5A8E4U1240 521 | D42: =Субсидии!CK397 -> 16618.3 | E42: =Субсидии!CL397 -> 1738.7976 | F42: =E42/D42*100 -> 10.46315
A43: 2.30. | B43: Субсидия бюджетам муниципальных районов и городских округов области на организацию бесплатного горячего питания обучающихся, получающих начальное общее образование в муниципальных образовательных организациях | C43: 000 0702 5A212R3040 521 | D43: =Субсидии!CN397 -> 941870.2 | E43: =Субсидии!CO397 -> 150099.94 | F43: =E43/D43*100 -> 15.936372
A44: 2.31. | B44: Субсидия бюджетам поселений области на выполнение мероприятий по ремонту автомобильных дорог общего пользования местного значения в границах городских поселений области за счет средств областного дорожного фонда | C44: 000 0409 5Ж223D7220 521 | D44: =Субсидии!CQ397 -> 200000 | E44: =Субсидии!CR397 -> 0 | F44: =E44/D44*100 -> 0
A45: 2.32. | B45: Субсидия бюджетам городских округов области на выполнение мероприятий по ремонту автомобильных дорог общего пользования местного значения в границах городских округов области за счет средств областного дорожного фонда | C45: 000 0409 5Ж222D7210 521 | D45: =Субсидии!CT397 -> 500000 | E45: =Субсидии!CU397 -> 0 | F45: =E45/D45*100 -> 0
A46: 2.33. | B46: Субсидия бюджетам муниципальных районов и городских округов области на выравнивание возможностей местных бюджетов по обеспечению образовательной деятельности муниципальных общеобразовательных учреждений | C46: 000 0702 5A21171110 521 | D46: =Субсидии!CW397 -> 245819.1 | E46: =Субсидии!CX397 -> 0 | F46: =E46/D46*100 -> 0
A47: 2.34. | B47: Субсидия бюджетам поселений области на создание, реконструкцию (модернизацию), капитальный ремонт объектов социальной и культурной сферы | C47: 000 1403 70304R5767 523 | D47: =Субсидии!CZ397 -> 48007.1 | E47: =Субсидии!DA397 -> 0 | F47: =E47/D47*100 -> 0
A48: 2.35. | B48: Субсидия бюджетам муниципальных районов и городских округов области на обеспечение условий для функционирования центров образования естественно-научной и технологической направленностей в общеобразовательных организациях | C48: 000 0702 5A2E1U1290 521 | D48: =Субсидии!DC397 -> 42920.1 | E48: =Субсидии!DD397 -> 0 | F48: =E48/D48*100 -> 0
A49: 2.36. | B49: Субсидии бюджетам муниципальных районов и городских округов области на создание и обеспечение функционирования центров образования естественно-научной и технологической направленностей в общеобразовательных организациях, расположенных в сельской местности и малых городах | C49: 000 0702 5A2E151690 521 | D49: =Субсидии!DF397 -> 106674 | E49: =Субсидии!DG397 -> 0 | F49: =E49/D49*100 -> 0
A50: 3. | B50: Субвенции - всего | D50: =SUM(D51:D72) -> 21666815 | E50: =SUM(E51:E72) -> 4660775.5 | F50: =E50/D50*100 -> 21.511124
A51: 3.1. | B51: Субвенция бюджетам муниципальных районов и городских округов области на осуществление органами местного самоуправления государственных полномочий по частичному финансированию расходов на присмотр и уход за детьми дошкольного возраста в муниципальных образовательных организациях, реализующих основную общеобразовательную программу дошкольного образования | C51: 000 0701 5A10476900 530 | D51: ='Субвенции '!E408 -> 82819.7 | E51: ='Субвенции '!F408 -> 12261.65 | F51: =E51/D51*100 -> 14.805234
A52: 3.2. | B52: Субвенция бюджетам муниципальных районов и городских округов области на осуществление органами местного самоуправления государственных полномочий по организации предоставления компенсации родительской платы и расходы по оплате услуг почтовой связи и банковских услуг, оказываемых банками, по выплате за присмотр и уход за детьми в образовательных организациях, реализующих основную общеобразовательную программу дошкольного образования | C52: 000 0709 5A10477800 530 | D52: ='Субвенции '!H408 -> 22624.2 | E52: ='Субвенции '!I408 -> 4675.12 | F52: =E52/D52*100 -> 20.664244
A53: 3.3. | B53: Субвенция бюджетам муниципальных районов и городских округов области на осуществление органами местного самоуправления государственных полномочий по предоставлению компенсации родительской платы за присмотр и уход за детьми в образовательных организациях, реализующих основную общеобразовательную программу дошкольного образования | C53: 000 1004 5A10477900 530 | D53: ='Субвенции '!K408 -> 584284.1 | E53: ='Субвенции '!L408 -> 116087.09 | F53: =E53/D53*100 -> 19.868261
A54: 3.4. | B54: Субвенция бюджетам муниципальных районов и городских округов области на финансовое обеспечение образовательной деятельности муниципальных дошкольных образовательных организаций | C54: 000 0701 5A10576700 530 | D54: ='Субвенции '!N408 -> 6115477.8 | E54: ='Субвенции '!O408 -> 1065230.5 | F54: =E54/D54*100 -> 17.418598
A55: 3.5. | B55: Субвенция бюджетам муниципальных районов и городских округов области на проведение Всероссийской переписи населения 2020 года | C55: 000 0113 5811554690 530 | D55: ='Субвенции '!Q408 -> 37587.7 | E55: ='Субвенции '!R408 -> 0 | F55: =E55/D55*100 -> 0
A56: 3.6. | B56: Субвенция бюджетам муниципальных районов и городских округов области на осуществление органами местного самоуправления государственных полномочий по предоставлению питания отдельным категориям обучающихся в муниципальных образовательных организациях, реализующих образовательные программы начального общего, основного общего и среднего общего образования | C56: 000 0702 5A21277200 530 | D56: ='Субвенции '!T408 -> 333126.1 | E56: ='Субвенции '!U408 -> 58784.79 | F56: =E56/D56*100 -> 17.646408
A57: 3.7. | B57: Субвенция бюджетам муниципальных районов и городских округов области на осуществление органами местного самоуправления государственных полномочий по организацию предоставления питания отдельным категориям обучающихся в муниципальных образовательных организациях, реализующих образовательные программы начального общего, основного общего и среднего общего образования, и частичное финансирование расходов на присмотр и уход за детьми дошкольного возраста в муниципальных образовательных организациях, реализующих основную общеобразовательную программу дошкольного образования | C57: 000 0709 5A21277300 530 | D57: ='Субвенции '!W408 -> 16428.3 | E57: ='Субвенции '!X408 -> 3030.52 | F57: =E57/D57*100 -> 18.446948
A58: 3.8. | B58: Субвенция бюджетам муниципальных районов и городских округов области на финансовое обеспечение образовательной деятельности муниципальных общеобразовательных учреждений | C58: 000 0702 5A21177000 530 | D58: ='Субвенции '!Z408 -> 12349280 | E58: ='Субвенции '!AA408 -> 2813242.1 | F58: =E58/D58*100 -> 22.780617
A59: 3.9. | B59: Субвенция бюджетам муниципальных районов и городских округов области на осуществление органами местного самоуправления отдельных государственных полномочий по осуществлению деятельности по опеке и попечительству в отношении несовершеннолетних граждан в части расходов на оплату труда, уплату страховых взносов по обязательному социальному страхованию в государственные внебюджетные фонды Российской Федерации, обеспечение деятельности штатных работников | C59: 000 0709 5A50577120 530 | D59: ='Субвенции '!AC408 -> 72908.1 | E59: ='Субвенции '!AD408 -> 12223.06 | F59: =E59/D59*100 -> 16.765023
A60: 3.10. | B60: Субвенция бюджетам муниципальных районов и городских округов области на осуществление органами местного самоуправления отдельных государственных полномочий по осуществлению деятельности по опеке и попечительству в отношении несовершеннолетних граждан в части расходов на обеспечение деятельности по сохранению, содержанию и ремонту пустующих жилых помещений, закрепленных за детьми-сиротами и детьми, оставшимися без попечения родителей | C60: 000 1004 5A50577И00 530 | D60: ='Субвенции '!AF408 -> 1486.7 | E60: ='Субвенции '!AG408 -> 19.15904 | F60: =E60/D60*100 -> 1.2886958
A61: 3.11. | B61: Субвенция бюджетам муниципальных районов и городских округов области на осуществление органами местного самоуправления государственных полномочий по организации предоставления гражданам субсидий на оплату жилого помещения и коммунальных услуг | C61: 000 1003 5212377Б00 530 | D61: ='Субвенции '!AI408 -> 58091.2 | E61: ='Субвенции '!AJ408 -> 11685.806 | F61: =E61/D61*100 -> 20.11631
A62: 3.13. | B62: Субвенция бюджетам муниципальных районов и городских округов области на осуществление органами местного самоуправления государственных полномочий по предоставлению гражданам субсидий на оплату жилого помещения и коммунальных услуг | C62: 000 1003 5212477110 530 | D62: ='Субвенции '!AL408 -> 666602 | E62: ='Субвенции '!AM408 -> 273928.33 | F62: =E62/D62*100 -> 41.093235
A63: 3.12. | B63: Субвенция бюджетам муниципальных районов и городских округов области на осуществление органами местного самоуправления государственных полномочий по созданию и организации деятельности комиссий по делам несовершеннолетних и защите их прав | C63: 000 0113 6511076600 530 | D63: ='Субвенции '!AO408 -> 29484.3 | E63: ='Субвенции '!AP408 -> 5113.55 | F63: =E63/D63*100 -> 17.343298
A64: 3.13. | B64: Субвенция бюджетам муниципальных районов и городских округов области на осуществление органами местного самоуправления государственных полномочий по образованию и обеспечению деятельности административных комиссий, определению перечня должностных лиц, уполномоченных составлять протоколы об административных правонарушениях | C64: 000 0113 6511176500 530 | D64: ='Субвенции '!AR408 -> 17420.7 | E64: ='Субвенции '!AS408 -> 2761.8 | F64: =E64/D64*100 -> 15.853554
A65: 3.14. | B65: Субвенция бюджетам муниципальных районов области на исполнение государственных полномочий по расчету и предоставлению дотаций бюджетам поселениям | C65: 000 1403 6640176100 530 | D65: ='Субвенции '!AU408 -> 80705.02 | E65: ='Субвенции '!AV408 -> 20176.2 | F65: =E65/D65*100 -> 24.999932
A66: 3.15. | B66: Субвенция бюджетам муниципальных районов и городских округов области на осуществление органами местного самоуправления отдельных государственных полномочий по санкционированию финансовыми органами муниципальных образований области кассовых выплат получателям средств областного бюджета, областным государственным автономным и бюджетным учреждениям, иным юридическим лицам, не являющимся участниками бюджетного процесса, расположенным на территориях муниципальных образований области | C66: 000 0106 6640177150 530 | D66: ='Субвенции '!AX408 -> 15316.7 | E66: ='Субвенции '!AY408 -> 2911.34 | F66: =E66/D66*100 -> 19.007619
A67: 3.16. | B67: Субвенция бюджетам поселений и городских округов области на осуществление органами местного самоуправления поселений и органами местного самоуправления городских округов полномочий по первичному воинскому учету на территориях, где отсутствуют военные комиссариаты | C67: 000 0203 9020051180 530 | D67: ='Субвенции '!BA408 -> 51627 | E67: ='Субвенции '!BB408 -> 8376.166 | F67: =E67/D67*100 -> 16.22439
A68: 3.17. | B68: Субвенция бюджетам муниципальных районов и городских округов области на осуществление органами местного самоуправления отдельных государственных полномочий по государственному управлению охраной труда | C68: 000 0401 9610076300 530 | D68: ='Субвенции '!BD408 -> 15242 | E68: ='Субвенции '!BE408 -> 2887.1 | F68: =E68/D68*100 -> 18.94174
A69: 3.18. | B69: Субвенция бюджетам муниципальных районов и городских округов области на осуществление органами местного самоуправления отдельных государственных полномочий по осуществлению деятельности по опеке и попечительству в отношении совершеннолетних граждан | C69: 000 1006 9610076400 530 | D69: ='Субвенции '!BG408 -> 21810.3 | E69: ='Субвенции '!BH408 -> 3508.78 | F69: =E69/D69*100 -> 16.08772
A70: 3.19. | B70: Субвенции бюджетам муниципальных районов и городских округов области на ежемесячное денежное вознаграждение за классное руководство педагогическим работникам муниципальных общеобразовательных организаций | C70: 000 0702 5A203R3030 530 | D70: ='Субвенции '!BJ408 -> 1086259.4 | E70: ='Субвенции '!BK408 -> 243727.67 | F70: =E70/D70*100 -> 22.437336
A71: 3.20. | B71: Субвенция бюджетам муниципальных районов и городских округов области на осуществление органами местного самоуправления отдельных государственных полномочий по организации проведения мероприятий при осуществлении деятельности по обращению с животными без владельцев | C71: 000 0405 9610077130 530 | D71: ='Субвенции '!BM408 -> 7565.4 | E71: ='Субвенции '!BN408 -> 144.846 | F71: =E71/D71*100 -> 1.9145848
A72: 3.21. | B72: Субвенция бюджетам муниципальных районов и городских округов области на осуществление государственных полномочий по составлению (изменению) списков кандидатов в присяжные заседатели федеральных судов общей юрисдикции в Российской Федерации | C72: 000 0105 9020051200 530 | D72: ='Субвенции '!BP408 -> 668.7 | E72: ='Субвенции '!BQ408 -> 0
A73: 4. | B73: Иные межбюджетные трансферты | D73: =SUM(D74:D95) -> 2394761.5 | E73: =SUM(E74:E95) -> 205948.32 | F73: =E73/D73*100 -> 8.5999512
A74: 4.1. | B74: Иные межбюджетные трансферты бюджетам городских округов области на осуществление дорожной деятельности в отношении автомобильных дорог общего пользования местного значения Саратовской агломерации в границах городских поселений области в рамках реализации национального проекта «Безопасные и качественные автомобильные дороги» за счет средств областного дорожного фонда | C74: 000 0409 5Ж2R153930 540 | D74: =Иные!E183 -> 407100 | E74: =Иные!F183 -> 0 | F74: =E74/D74*100 -> 0
A75: 4.2. | B75: Иные межбюджетные трансферты бюджетам поселений области на осуществление дорожной деятельности в отношении автомобильных дорог общего пользования местного значения Саратовской агломерации в границах городских поселений области в рамках реализации национального проекта «Безопасные и качественные автомобильные дороги» за счет средств областного дорожного фонда | C75: 000 0409 5Ж2R153930 540 | D75: =Иные!H183 -> 299900 | E75: =Иные!I183 -> 0 | F75: =E75/D75*100 -> 0
A76: 4.3. | B76: Иные межбюджетные трансферты бюджетам муниципальных районов и городских округов области на осуществление мероприятий в области энергосбережения и повышения энергетической эффективности | C76: 000 1403 6321179Б00 540 | D76: =Иные!K183 -> 100000 | E76: =Иные!L183 -> 29649.849 | F76: =E76/D76*100 -> 29.649849
A77: 4.4. | B77: Иные межбюджетные трансферты бюджетам поселений области на создание виртуальных концертных залов | C77: 000 0801 55AA354530 540 | D77: =Иные!N183 -> 2500 | E77: =Иные!O183 -> 2500 | F77: =E77/D77*100 -> 100
A78: 4.5. | B78: Иные межбюджетные трансферты бюджетам городских округов области на обновление наземного электрического транспорта для обеспечения организации транспортного обслуживания населения области | C78: 000 0408 5Ж10878900 540 | D78: =Иные!Q183 -> 30558.4 | E78: =Иные!R183 -> 0 | F78: =E78/D78*100 -> 0
A79: 4.6. | B79: Иные межбюджетные трансферты бюджетам бюджетам муниципальных районов и поселений области в целях софинансирования расходных обязательств, возникающих при осуществлении работ по сохранению объектов культурного наследия, расположенных на территории Саратовской области | C79: 000 0801 55А2255780 540 | D79: =Иные!T183 -> 70234.6 | E79: =Иные!U183 -> 0 | F79: =E79/D79*100 -> 0
A80: 4.7. | B80: Иные межбюджетные трансферты бюджетам поселений области на финансовое обеспечение расходов по реализации проектов создания комфортной городской среды в малых городах и исторических поселениях в рамках проведения Всероссийского конкурса лучших проектов создания комфортной городской среды | C80: 000 0503 692F254240 540 | D80: =Иные!W183 -> 340000 | E80: =Иные!X183 -> 0 | F80: =E80/D80*100 -> 0
A81: 4.8. | B81: Иные межбюджетные трансферты бюджетам муниципальных районов и городских округов области на размещение социально значимой информации в печатных средствах массовой информации, учрежденных органами местного самоуправления | C81: 000 1204 6651778600 540 | D81: =Иные!Z183 -> 20000 | E81: =Иные!AA183 -> 0 | F81: =E81/D81*100 -> 0
A82: 4.9. | B82: Иные межбюджетные трансферты бюджетам муниципальных районов, городских округов и поселений области за счет средств, выделяемых из резервного фонда Правительства Саратовской области 3* | C82: 000 1403 6640379990 540 | D82: =Иные!AC183 -> 3704.109 | E82: =Иные!AD183 -> 3704.109 | F82: =E82/D82*100 -> 100
A83: 4.10. | B83: Иные межбюджетные трансферты бюджетам городских округов области на оснащение вновь вводимых общеобразовательных организаций средствами обучения и воспитания 4* | C83: 000 0702 5A22078160 540 | D83: =Иные!AF183 -> 70000 | E83: =Иные!AG183 -> 0 | F83: =E83/D83*100 -> 0
A84: 4.11. | B84: Иные межбюджетные трансферты бюджетам городских округов области на оснащение и укрепление материально-технической базы образовательных организаций (за счет I транша из г. Москвы ) 5* | C84: 000 0701 5A10779Г41 540 | D84: =Иные!AI183 -> 37502 | E84: =Иные!AJ183 -> 0 | F84: =E84/D84*100 -> 0
A85: 4.12. | B85: Иные межбюджетные трансферты бюджетам городских округов области на оснащение и укрепление материально-технической базы образовательных организаций (за счет I транша из г. Москвы ) 5* | C85: 000 0702 5A22079Г41 540 | D85: =Иные!AL183 -> 92498 | E85: =Иные!AM183 -> 0
A86: 4.13. | B86: Иные межбюджетные трансферты бюджетам муниципальных районов и городских округов области на благоустройство территорий общеобразовательных организаций | C86: 000 0702 5A22075500 540 | D86: =Иные!AO183 -> 48500 | E86: =Иные!AP183 -> 0 | F86: =E86/D86*100 -> 0
A87: 4.14. | B87: Иных межбюджетные трансферты бюджетам муниципальных районов области на проведение текущего и капитального ремонта муниципальных дошкольных образовательных организаций | C87: 000 0701 5A10774100 540 | D87: =Иные!AR183 -> 80000 | E87: =Иные!AS183 -> 0 | F87: =E87/D87*100 -> 0
A88: 4.15. | B88: Иные межбюджетные трансферты бюджетам муниципальных районов и городских округов области на разработку проектно-сметной документации в отношении объектов, находящихся в муниципальной собственности, в целях сохранения культурно-исторического облика муниципальных районов и городских округов области | C88: 000 0801 5570778220 540 | D88: =Иные!AU183 -> 15000 | E88: =Иные!AV183 -> 0 | F88: =E88/D88*100 -> 0
A89: 4.16. | B89: Иные межбюджетные трансферты бюджетам городских округов и городских поселений области на выполнение строительно-монтажных работ по строительству и ремонту пешеходных зон и тротуаров | C89: 000 0503 6920478141 540 | D89: =Иные!AX183 -> 300000 | E89: =Иные!AY183 -> 0 | F89: =E89/D89*100 -> 0
A90: 4.17. | B90: Иные межбюджетные трансферты бюджетам муниципальных районов и городских округов области на оснащение и укрепление материально-технической базы образовательных организаций | C90: 000 0702 5A22079Г42 540 | D90: =Иные!BA183 -> 117150 | E90: =Иные!BB183 -> 0 | F90: =E90/D90*100 -> 0
A91: 4.18. | B91: Иные межбюджетные трансферты бюджетам муниципальных районов и городских округов области на оснащение и укрепление материально-технической базы образовательных организаций | C91: 000 0701 5A10779Г42 540 | D91: =Иные!BD183 -> 32850
A92: 4.19. | B92: Иные межбюджетные трансферты бюджетам городских округов области на реализацию комплекса мероприятий, связанных с эффективным использованием тренировочных площадок после проведения чемпионата мира по футболу 2018 года в Российской Федерации | C92: 000 1103 56413R4260 540 | D92: =Иные!BG183 -> 26200 | E92: =Иные!BH183 -> 0 | F92: =E92/D92*100 -> 0
A93: 4.20. | B93: Иные межбюджетные трансферты бюджетам городских округов области на обеспечение бесперебойного функционирования городского наземного электрического транспорта | C93: 000 0408 5Ж11178910 540 | D93: =Иные!BJ183 -> 100000 | E93: =Иные!BK183 -> 100000 | F93: =E93/D93*100 -> 100
A94: 4.21. | B94: Иные межбюджетные трансферты бюджетам муниципальных районов области на создание условий для ведения здорового образа жизни | C94: 000 0503 6920478150 540 | D94: =Иные!BM183 -> 136364.4 | E94: =Иные!BN183 -> 70094.363 | F94: =E94/D94*100 -> 51.402245
A95: 4.22. | B95: Иные межбюджетные трансферты бюджетам городских округов области на реализацию мероприятий по строительству объектов физической культуры и спорта | C95: 000 1102 5641072820 540 | D95: =Иные!BP183 -> 64700 | E95: =Иные!BQ183 -> 0
B96: ВСЕГО межбюджетных трансфертов местным бюджетам | D96: =D7+D13+D50+D73 -> 39953234 | E96: =E7+E13+E50+E73 -> 6526495.9 | F96: =E96/D96*100 -> 16.335338
A98: * в соответствии с Законом Саратовской области «Об областном бюджете на 2021 год и на плановый период 2022 и 2023 годов» в редакции от 26.03.2021 года
A99: 2* в соответствии с распределением, утвержденным распоряжением Правительства Саратовской области от 25 января 2021 года № 18-Пр «О внесении изменений в распределение на 2021 год и на плановый период 2022 и 2023 годов субсидии бюджетам муниципальных районов области на реализацию мероприятий по благоустройству сельских территорий» (24 694,1 тыс. руб.)
A100: 3* в соответствии с распределением, утвержденным постановлениями Правительства Саратовской области от 17 марта 2021 года № 167-П «О выделении средств из резервного фонда Правительства Саратовской области, методике распределения и порядке предоставления из областного бюджета иных межбюджетных трансфертов бюджетам муниципальных районов Саратовской области на выполнение аварийно-восстановительных работ, связанных с ликвидацией последствий чрезвычайных ситуаций» (3 704,109 тыс. руб.)
A101: 4* в соответствии с распределением, утвержденным постановлениями Правительства Саратовской области от 12 февраля 2021 года № 77-П «О методике распределения и порядке предоставления из областного бюджета иного межбюджетного трансферта бюджетам городских округов области на оснащение вновь вводимых общеобразовательных организаций средствами обучения и воспитания» (70000,0 тыс. руб.)
A102: 5* в соответствии с распределением, утвержденным постановлениями Правительства Саратовской области от 23 марта 2021 года № 185-П «О методике распределения и порядке предоставления из областного бюджета иного межбюджетного трансферта бюджетам городских округов области на оснащение и укрепление материально-технической базы образовательных организаций» (130000,0 тыс. руб.)

Sheet Всего (с выдел. нераспред)
A1: Сведения о предоставленных из бюджета Саратовской области межбюджетных трансфертах бюджетам муниципальных образований за 1 квартал 2021 года
O2: тыс.рублей
A3: Наименование муниципальных образований | B3: Всего
E4: Дотации | H4: Субсидии | K4: Субвенции | N4: Иные межбюджетные трансферты
B6: утвержденные бюджетные назначения 2* | C6: исполнено | D6: % исполнения | E6: утвержденные бюджетные назначения* | F6: исполнено | G6: % исполнения | H6: утвержденные бюджетные назначения 2* | I6: исполнено | J6: % исполнения | K6: утвержденные бюджетные назначения* | L6: исполнено | M6: % исполнения | N6: утвержденные бюджетные назначения 2* | O6: исполнено | P6: % исполнения
A7: Муниципальные районы области (консолидированный) | B7: =E7+H7+K7+N7 -> 24341299 | C7: =F7+I7+L7+O7 -> 4482125 | D7: =C7/B7*100 -> 18.413664 | E7: =E10+E14+E23+E37+E52+E57+E75+E81+E98+E103+E115+E124+E138+E151+E162+E175+E188+E202+E206+E218+E227+E234+E247+E260+E274+E282+E292+E303+E313+E322+E331+E341+E355+E366+E375+E384+E397+E406 -> 4530979.7 | F7: =F10+F14+F23+F37+F52+F57+F75+F81+F98+F103+F115+F124+F138+F151+F162+F175+F188+F202+F206+F218+F227+F234+F247+F260+F274+F282+F292+F303+F313+F322+F331+F341+F355+F366+F375+F384+F397+F406 -> 868519.8 | G7: =F7/E7*100 -> 19.168477 | H7: =H10+H14+H23+H37+H52+H57+H75+H81+H98+H103+H115+H124+H138+H151+H162+H175+H188+H202+H206+H218+H227+H234+H247+H260+H274+H282+H292+H303+H313+H322+H331+H341+H355+H366+H375+H384+H397+H406 -> 4159393.3 | I7: =I10+I14+I23+I37+I52+I57+I75+I81+I98+I103+I115+I124+I138+I151+I162+I175+I188+I202+I206+I218+I227+I234+I247+I260+I274+I282+I292+I303+I313+I322+I331+I341+I355+I366+I375+I384+I397+I406 -> 294984.1 | J7: =I7/H7*100 -> 7.0919982 | K7: =K10+K14+K23+K37+K52+K57+K75+K81+K98+K103+K115+K124+K138+K151+K162+K175+K188+K202+K206+K218+K227+K234+K247+K260+K274+K282+K292+K303+K313+K322+K331+K341+K355+K366+K375+K384+K397+K406 -> 14679302 | L7: =L10+L14+L23+L37+L52+L57+L75+L81+L98+L103+L115+L124+L138+L151+L162+L175+L188+L202+L206+L218+L227+L234+L247+L260+L274+L282+L292+L303+L313+L322+L331+L341+L355+L366+L375+L384+L397+L406 -> 3212672.8 | M7: =L7/K7*100 -> 21.885733 | N7: =N10+N14+N23+N37+N52+N57+N75+N81+N98+N103+N115+N124+N138+N151+N162+N175+N188+N202+N206+N218+N227+N234+N247+N260+N274+N282+N292+N303+N313+N322+N331+N341+N355+N366+N375+N384+N397+N406 -> 971624.81 | O7: =O10+O14+O23+O37+O52+O57+O75+O81+O98+O103+O115+O124+O138+O151+O162+O175+O188+O202+O206+O218+O227+O234+O247+O260+O274+O282+O292+O303+O313+O322+O331+O341+O355+O366+O375+O384+O397+O406 -> 105948.32 | P7: =O7/N7*100 -> 10.904242
A8: Муниципальные районы области (собственный): | B8: =E8+H8+K8+N8 -> 22495601 | C8: =F8+I8+L8+O8 -> 4462710.7 | D8: =C8/B8*100 -> 19.838148 | E8: =E11+E15+E24+E38+E53+E58+E76+E82+E99+E104+E116+E125+E139+E152+E163+E176+E189+E203+E207+E219+E228+E235+E248+E261+E275+E283+E293+E304+E314+E323+E332+E342+E356+E367+E376+E385+E398+E407 -> 4530979.7 | F8: =F11+F15+F24+F38+F53+F58+F76+F82+F99+F104+F116+F125+F139+F152+F163+F176+F189+F203+F207+F219+F228+F235+F248+F261+F275+F283+F293+F304+F314+F323+F332+F342+F356+F367+F376+F385+F398+F407 -> 868519.8 | G8: =F8/E8*100 -> 19.168477 | H8: =H11+H15+H24+H38+H53+H58+H76+H82+H99+H104+H116+H125+H139+H152+H163+H176+H189+H203+H207+H219+H228+H235+H248+H261+H275+H283+H293+H304+H314+H323+H332+H342+H356+H367+H376+H385+H398+H407 -> 3077394.6 | I8: =I11+I15+I24+I38+I53+I58+I76+I82+I99+I104+I116+I125+I139+I152+I163+I176+I189+I203+I207+I219+I228+I235+I248+I261+I275+I283+I293+I304+I314+I323+I332+I342+I356+I367+I376+I385+I398+I407 -> 286333.1 | J8: =I8/H8*100 -> 9.3044001 | K8: =K11+K15+K24+K38+K53+K58+K76+K82+K99+K104+K116+K125+K139+K152+K163+K176+K189+K203+K207+K219+K228+K235+K248+K261+K275+K283+K293+K304+K314+K323+K332+K342+K356+K367+K376+K385+K398+K407 -> 14628237 | L8: =L11+L15+L24+L38+L53+L58+L76+L82+L99+L104+L116+L125+L139+L152+L163+L176+L189+L203+L207+L219+L228+L235+L248+L261+L275+L283+L293+L304+L314+L323+L332+L342+L356+L367+L376+L385+L398+L407 -> 3204409.5 | M8: =L8/K8*100 -> 21.905644 | N8: =N11+N15+N24+N38+N53+N58+N76+N82+N99+N104+N116+N125+N139+N152+N163+N176+N189+N203+N207+N219+N228+N235+N248+N261+N275+N283+N293+N304+N314+N323+N332+N342+N356+N367+N376+N385+N398+N407 -> 258990.21 | O8: =O11+O15+O24+O38+O53+O58+O76+O82+O99+O104+O116+O125+O139+O152+O163+O176+O189+O203+O207+O219+O228+O235+O248+O261+O275+O283+O293+O304+O314+O323+O332+O342+O356+O367+O376+O385+O398+O407 -> 103448.32 | P8: =O8/N8*100 -> 39.942947
A9: Поселения: | B9: =E9+H9+K9+N9 -> 1845698.2 | C9: =F9+I9+L9+O9 -> 19414.253 | D9: =C9/B9*100 -> 1.051865 | E9: =SUM(E12:E13)+SUM(E16:E22)+SUM(E25:E36)+SUM(E39:E51)+SUM(E54:E56)+SUM(E59:E74)+SUM(E77:E80)+SUM(E83:E97)+SUM(E100:E102)+SUM(E105:E114)+SUM(E117:E123)+SUM(E126:E137)+SUM(E140:E150)+SUM(E153:E161)+SUM(E164:E174)+SUM(E177:E187)+SUM(E190:E201)+SUM(E204:E205)+SUM(E208:E217)+SUM(E220:E226)+SUM(E229:E233)+SUM(E236:E246)+SUM(E249:E259)+SUM(E262:E273)+SUM(E276:E281)+SUM(E284:E291)+SUM(E294:E302)+SUM(E305:E312)+SUM(E315:E321)+SUM(E324:E330)+SUM(E333:E340)+SUM(E343:E354)+SUM(E357:E365)+SUM(E368:E374)+SUM(E377:E383)+SUM(E386:E396)+SUM(E399:E405)+SUM(E408:E412) -> 0 | F9: =SUM(F12:F13)+SUM(F16:F22)+SUM(F25:F36)+SUM(F39:F51)+SUM(F54:F56)+SUM(F59:F74)+SUM(F77:F80)+SUM(F83:F97)+SUM(F100:F102)+SUM(F105:F114)+SUM(F117:F123)+SUM(F126:F137)+SUM(F140:F150)+SUM(F153:F161)+SUM(F164:F174)+SUM(F177:F187)+SUM(F190:F201)+SUM(F204:F205)+SUM(F208:F217)+SUM(F220:F226)+SUM(F229:F233)+SUM(F236:F246)+SUM(F249:F259)+SUM(F262:F273)+SUM(F276:F281)+SUM(F284:F291)+SUM(F294:F302)+SUM(F305:F312)+SUM(F315:F321)+SUM(F324:F330)+SUM(F333:F340)+SUM(F343:F354)+SUM(F357:F365)+SUM(F368:F374)+SUM(F377:F383)+SUM(F386:F396)+SUM(F399:F405)+SUM(F408:F412) -> 0 | H9: =SUM(H12:H13)+SUM(H16:H22)+SUM(H25:H36)+SUM(H39:H51)+SUM(H54:H56)+SUM(H59:H74)+SUM(H77:H80)+SUM(H83:H97)+SUM(H100:H102)+SUM(H105:H114)+SUM(H117:H123)+SUM(H126:H137)+SUM(H140:H150)+SUM(H153:H161)+SUM(H164:H174)+SUM(H177:H187)+SUM(H190:H201)+SUM(H204:H205)+SUM(H208:H217)+SUM(H220:H226)+SUM(H229:H233)+SUM(H236:H246)+SUM(H249:H259)+SUM(H262:H273)+SUM(H276:H281)+SUM(H284:H291)+SUM(H294:H302)+SUM(H305:H312)+SUM(H315:H321)+SUM(H324:H330)+SUM(H333:H340)+SUM(H343:H354)+SUM(H357:H365)+SUM(H368:H374)+SUM(H377:H383)+SUM(H386:H396)+SUM(H399:H405)+SUM(H408:H412) -> 1081998.7 | I9: =SUM(I12:I13)+SUM(I16:I22)+SUM(I25:I36)+SUM(I39:I51)+SUM(I54:I56)+SUM(I59:I74)+SUM(I77:I80)+SUM(I83:I97)+SUM(I100:I102)+SUM(I105:I114)+SUM(I117:I123)+SUM(I126:I137)+SUM(I140:I150)+SUM(I153:I161)+SUM(I164:I174)+SUM(I177:I187)+SUM(I190:I201)+SUM(I204:I205)+SUM(I208:I217)+SUM(I220:I226)+SUM(I229:I233)+SUM(I236:I246)+SUM(I249:I259)+SUM(I262:I273)+SUM(I276:I281)+SUM(I284:I291)+SUM(I294:I302)+SUM(I305:I312)+SUM(I315:I321)+SUM(I324:I330)+SUM(I333:I340)+SUM(I343:I354)+SUM(I357:I365)+SUM(I368:I374)+SUM(I377:I383)+SUM(I386:I396)+SUM(I399:I405)+SUM(I408:I412) -> 8650.9924 | J9: =I9/H9*100 -> 0.79953814 | K9: =SUM(K12:K13)+SUM(K16:K22)+SUM(K25:K36)+SUM(K39:K51)+SUM(K54:K56)+SUM(K59:K74)+SUM(K77:K80)+SUM(K83:K97)+SUM(K100:K102)+SUM(K105:K114)+SUM(K117:K123)+SUM(K126:K137)+SUM(K140:K150)+SUM(K153:K161)+SUM(K164:K174)+SUM(K177:K187)+SUM(K190:K201)+SUM(K204:K205)+SUM(K208:K217)+SUM(K220:K226)+SUM(K229:K233)+SUM(K236:K246)+SUM(K249:K259)+SUM(K262:K273)+SUM(K276:K281)+SUM(K284:K291)+SUM(K294:K302)+SUM(K305:K312)+SUM(K315:K321)+SUM(K324:K330)+SUM(K333:K340)+SUM(K343:K354)+SUM(K357:K365)+SUM(K368:K374)+SUM(K377:K383)+SUM(K386:K396)+SUM(K399:K405)+SUM(K408:K412) -> 51064.9 | L9: =SUM(L12:L13)+SUM(L16:L22)+SUM(L25:L36)+SUM(L39:L51)+SUM(L54:L56)+SUM(L59:L74)+SUM(L77:L80)+SUM(L83:L97)+SUM(L100:L102)+SUM(L105:L114)+SUM(L117:L123)+SUM(L126:L137)+SUM(L140:L150)+SUM(L153:L161)+SUM(L164:L174)+SUM(L177:L187)+SUM(L190:L201)+SUM(L204:L205)+SUM(L208:L217)+SUM(L220:L226)+SUM(L229:L233)+SUM(L236:L246)+SUM(L249:L259)+SUM(L262:L273)+SUM(L276:L281)+SUM(L284:L291)+SUM(L294:L302)+SUM(L305:L312)+SUM(L315:L321)+SUM(L324:L330)+SUM(L333:L340)+SUM(L343:L354)+SUM(L357:L365)+SUM(L368:L374)+SUM(L377:L383)+SUM(L386:L396)+SUM(L399:L405)+SUM(L408:L412) -> 8263.2602 | M9: =L9/K9*100 -> 16.181879 | N9: =SUM(N12:N13)+SUM(N16:N22)+SUM(N25:N36)+SUM(N39:N51)+SUM(N54:N56)+SUM(N59:N74)+SUM(N77:N80)+SUM(N83:N97)+SUM(N100:N102)+SUM(N105:N114)+SUM(N117:N123)+SUM(N126:N137)+SUM(N140:N150)+SUM(N153:N161)+SUM(N164:N174)+SUM(N177:N187)+SUM(N190:N201)+SUM(N204:N205)+SUM(N208:N217)+SUM(N220:N226)+SUM(N229:N233)+SUM(N236:N246)+SUM(N249:N259)+SUM(N262:N273)+SUM(N276:N281)+SUM(N284:N291)+SUM(N294:N302)+SUM(N305:N312)+SUM(N315:N321)+SUM(N324:N330)+SUM(N333:N340)+SUM(N343:N354)+SUM(N357:N365)+SUM(N368:N374)+SUM(N377:N383)+SUM(N386:N396)+SUM(N399:N405)+SUM(N408:N412) -> 712634.6 | O9: =SUM(O12:O13)+SUM(O16:O22)+SUM(O25:O36)+SUM(O39:O51)+SUM(O54:O56)+SUM(O59:O74)+SUM(O77:O80)+SUM(O83:O97)+SUM(O100:O102)+SUM(O105:O114)+SUM(O117:O123)+SUM(O126:O137)+SUM(O140:O150)+SUM(O153:O161)+SUM(O164:O174)+SUM(O177:O187)+SUM(O190:O201)+SUM(O204:O205)+SUM(O208:O217)+SUM(O220:O226)+SUM(O229:O233)+SUM(O236:O246)+SUM(O249:O259)+SUM(O262:O273)+SUM(O276:O281)+SUM(O284:O291)+SUM(O294:O302)+SUM(O305:O312)+SUM(O315:O321)+SUM(O324:O330)+SUM(O333:O340)+SUM(O343:O354)+SUM(O357:O365)+SUM(O368:O374)+SUM(O377:O383)+SUM(O386:O396)+SUM(O399:O405)+SUM(O408:O412) -> 2500 | P9: =O9/N9*100 -> 0.35081092
A10: Александрово-Гайский район (консолидированный) | B10: =E10+H10+K10+N10 -> 439609.91 | C10: =F10+I10+L10+O10 -> 74015.373 | D10: =C10/B10*100 -> 16.836602 | E10: =E11+E12+E13 -> 142246.37 | F10: =F11+F12+F13 -> 24588.6 | G10: =F10/E10*100 -> 17.285924 | H10: =H11+H12+H13 -> 126578.54 | I10: =I11+I12+I13 -> 4869.7297 | J10: =I10/H10*100 -> 3.8472 | K10: =K11+K12+K13 -> 166286.2 | L10: =L11+L12+L13 -> 42120.992 | M10: =L10/K10*100 -> 25.330419 | N10: =N11+N12+N13 -> 4498.8 | O10: =O11+O12+O13 -> 2436.0518 | P10: =O10/N10*100 -> 54.148925
A11: Александрово-Гайский район (собственный) | B11: =E11+H11+K11+N11 -> 436464.01 | C11: =F11+I11+L11+O11 -> 73844.3 | D11: =C11/B11*100 -> 16.91876 | E11: =Дотации!B8 -> 142246.37 | F11: =Дотации!C8 -> 24588.6 | G11: =F11/E11*100 -> 17.285924 | H11: =Субсидии!B12 -> 124328.34 | I11: =Субсидии!C12 -> 4869.7297 | J11: =I11/H11*100 -> 3.9168299 | K11: ='Субвенции '!B14 -> 165390.5 | L11: ='Субвенции '!C14 -> 41949.918 | M11: =L11/K11*100 -> 25.364164 | N11: =Иные!B12 -> 4498.8 | O11: =Иные!C12 -> 2436.0518 | P11: =O11/N11*100 -> 54.148925
A12: Александрово-Гайское МО | B12: =E12+H12+K12+N12 -> 3040.5 | C12: =F12+I12+L12+O12 -> 159.78304 | D12: =C12/B12*100 -> 5.2551567 | H12: =Субсидии!B13 -> 2250.2 | I12: =Субсидии!C13 -> 0 | J12: =I12/H12*100 -> 0 | K12: ='Субвенции '!B15 -> 790.3 | L12: ='Субвенции '!C15 -> 159.78304 | M12: =L12/K12*100 -> 20.218024
A13: Новоалександровское МО | B13: =E13+H13+K13+N13 -> 105.4 | C13: =F13+I13+L13+O13 -> 11.29041 | D13: =C13/B13*100 -> 10.711964 | H13: =Субсидии!B14 -> 0 | I13: =Субсидии!C14 -> 0 | K13: ='Субвенции '!B16 -> 105.4 | L13: ='Субвенции '!C16 -> 11.29041 | M13: =L13/K13*100 -> 10.711964
A14: Аркадакский район (консолидированный) | B14: =E14+H14+K14+N14 -> 338540.52 | C14: =F14+I14+L14+O14 -> 86744.451 | D14: =C14/B14*100 -> 25.623063 | E14: =SUM(E15:E22) -> 83149.1 | F14: =SUM(F15:F22) -> 18068.1 | G14: =F14/E14*100 -> 21.72976 | H14: =SUM(H15:H22) -> 39972.92 | I14: =SUM(I15:I22) -> 3980.3353 | J14: =I14/H14*100 -> 9.9575794 | K14: =SUM(K15:K22) -> 214837.1 | L14: =SUM(L15:L22) -> 64696.015 | M14: =L14/K14*100 -> 30.113987 | N14: =SUM(N15:N22) -> 581.4 | O14: =SUM(O15:O22) -> 0 | P14: =O14/N14*100 -> 0
A15: Аркадакский район (собственный) | B15: =E15+H15+K15+N15 -> 334892.52 | C15: =F15+I15+L15+O15 -> 86474.636 | D15: =C15/B15*100 -> 25.821609 | E15: =Дотации!B9 -> 83149.1 | F15: =Дотации!C9 -> 18068.1 | G15: =F15/E15*100 -> 21.72976 | H15: =Субсидии!B16 -> 37589.72 | I15: =Субсидии!C16 -> 3980.3353 | J15: =I15/H15*100 -> 10.588893 | K15: ='Субвенции '!B18 -> 213572.3 | L15: ='Субвенции '!C18 -> 64426.201 | M15: =L15/K15*100 -> 30.165991 | N15: =Иные!B15 -> 581.4 | O15: =Иные!C15 -> 0 | P15: =O15/N15*100 -> 0
A16: город Аркадак | B16: =E16+H16+K16+N16 -> 3085.8 | C16: =F16+I16+L16+O16 -> 149.89665 | D16: =C16/B16*100 -> 4.8576269 | H16: =Субсидии!B17 -> 2383.2 | I16: =Субсидии!C17 -> 0 | J16: =I16/H16*100 -> 0 | K16: ='Субвенции '!B19 -> 702.6 | L16: ='Субвенции '!C19 -> 149.89665 | M16: =L16/K16*100 -> 21.334564 | N16: =Иные!B16 -> 0 | O16: =Иные!C16 -> 0
A17: Большежуравское МО | B17: =E17+H17+K17+N17 -> 93.7 | C17: =F17+I17+L17+O17 -> 19.98621 | D17: =C17/B17*100 -> 21.33 | H17: =Субсидии!B18 -> 0 | I17: =Субсидии!C18 -> 0 | K17: ='Субвенции '!B20 -> 93.7 | L17: ='Субвенции '!C20 -> 19.98621 | M17: =L17/K17*100 -> 21.33
A18: Краснознаменское МО | B18: =E18+H18+K18+N18 -> 93.7 | C18: =F18+I18+L18+O18 -> 19.98621 | D18: =C18/B18*100 -> 21.33 | H18: =Субсидии!B19 -> 0 | I18: =Субсидии!C19 -> 0 | K18: ='Субвенции '!B21 -> 93.7 | L18: ='Субвенции '!C21 -> 19.98621 | M18: =L18/K18*100 -> 21.33
A19: Львовское МО | B19: =E19+H19+K19+N19 -> 93.7 | C19: =F19+I19+L19+O19 -> 19.98622 | D19: =C19/B19*100 -> 21.330011 | H19: =Субсидии!B20 -> 0 | I19: =Субсидии!C20 -> 0 | K19: ='Субвенции '!B22 -> 93.7 | L19: ='Субвенции '!C22 -> 19.98622 | M19: =L19/K19*100 -> 21.330011
A20: Малиновское МО | B20: =E20+H20+K20+N20 -> 93.7 | C20: =F20+I20+L20+O20 -> 19.98699 | D20: =C20/B20*100 -> 21.330832 | H20: =Субсидии!B21 -> 0 | I20: =Субсидии!C21 -> 0 | K20: ='Субвенции '!B23 -> 93.7 | L20: ='Субвенции '!C23 -> 19.98699 | M20: =L20/K20*100 -> 21.330832
A21: Росташовское МО | B21: =E21+H21+K21+N21 -> 93.7 | C21: =F21+I21+L21+O21 -> 19.98623 | D21: =C21/B21*100 -> 21.330021 | H21: =Субсидии!B22 -> 0 | I21: =Субсидии!C22 -> 0 | K21: ='Субвенции '!B24 -> 93.7 | L21: ='Субвенции '!C24 -> 19.98623 | M21: =L21/K21*100 -> 21.330021
A22: Семеновское МО | B22: =E22+H22+K22+N22 -> 93.7 | C22: =F22+I22+L22+O22 -> 19.98621 | D22: =C22/B22*100 -> 21.33 | H22: =Субсидии!B23 -> 0 | I22: =Субсидии!C23 -> 0 | K22: ='Субвенции '!B25 -> 93.7 | L22: ='Субвенции '!C25 -> 19.98621 | M22: =L22/K22*100 -> 21.33
A23: Аткарский район (консолидированный) | B23: =E23+H23+K23+N23 -> 590850.94 | C23: =F23+I23+L23+O23 -> 123146.13 | D23: =C23/B23*100 -> 20.842165 | E23: =SUM(E24:E36) -> 128177.2 | F23: =SUM(F24:F36) -> 28560.6 | G23: =F23/E23*100 -> 22.282122 | H23: =SUM(H24:H36) -> 66052.541 | I23: =SUM(I24:I36) -> 7049.0085 | J23: =I23/H23*100 -> 10.67182 | K23: =SUM(K24:K36) -> 395905.7 | L23: =SUM(L24:L36) -> 87536.517 | M23: =L23/K23*100 -> 22.110446 | N23: =SUM(N24:N36) -> 715.5 | O23: =SUM(O24:O36) -> 0 | P23: =O23/N23*100 -> 0
A24: Аткарский район (собственный) | B24: =E24+H24+K24+N24 -> 584282.64 | C24: =F24+I24+L24+O24 -> 122946.09 | D24: =C24/B24*100 -> 21.042229 | E24: =Дотации!B10 -> 128177.2 | F24: =Дотации!C10 -> 28560.6 | G24: =F24/E24*100 -> 22.282122 | H24: =Субсидии!B25 -> 61498.541 | I24: =Субсидии!C25 -> 7049.0085 | J24: =I24/H24*100 -> 11.462074 | K24: ='Субвенции '!B27 -> 393891.4 | L24: ='Субвенции '!C27 -> 87336.481 | M24: =L24/K24*100 -> 22.172731 | N24: =Иные!B18 -> 715.5 | O24: =Иные!C18 -> 0 | P24: =O24/N24*100 -> 0
A25: город Аткарск | B25: =E25+H25+K25+N25 -> 4516.8 | C25: =F25+I25+L25+O25 -> 64.67018 | D25: =C25/B25*100 -> 1.4317698 | H25: =Субсидии!B26 -> 3345.7 | I25: =Субсидии!C26 -> 0 | J25: =I25/H25*100 -> 0 | K25: ='Субвенции '!B28 -> 1171.1 | L25: ='Субвенции '!C28 -> 64.67018 | N25: =Иные!B19 -> 0 | O25: =Иные!C19 -> 0
A26: Барановское МО | B26: =E26+H26+K26+N26 -> 425.1 | C26: =F26+I26+L26+O26 -> 22.14382 | D26: =C26/B26*100 -> 5.2090849 | H26: =Субсидии!B27 -> 331.4 | I26: =Субсидии!C27 -> 0 | J26: =I26/H26*100 -> 0 | K26: ='Субвенции '!B29 -> 93.7 | L26: ='Субвенции '!C29 -> 22.14382 | M26: =L26/K26*100 -> 23.632679 | N26: =Иные!B20 -> 0 | O26: =Иные!C20 -> 0
A27: Большеекатериновское МО | B27: =E27+H27+K27+N27 -> 0 | C27: =F27+I27+L27+O27 -> 0 | H27: =Субсидии!B28 -> 0 | I27: =Субсидии!C28 -> 0 | K27: ='Субвенции '!B30 -> 0 | L27: ='Субвенции '!C30 -> 0
A28: Даниловское МО | B28: =E28+H28+K28+N28 -> 234.2 | C28: =F28+I28+L28+O28 -> 33.83642 | D28: =C28/B28*100 -> 14.44766 | H28: =Субсидии!B29 -> 0 | I28: =Субсидии!C29 -> 0 | K28: ='Субвенции '!B31 -> 234.2 | L28: ='Субвенции '!C31 -> 33.83642 | M28: =L28/K28*100 -> 14.44766 | N28: =Иные!B21 -> 0 | O28: =Иные!C21 -> 0
A29: Ершовское МО | B29: =E29+H29+K29+N29 -> 970.6 | C29: =F29+I29+L29+O29 -> 14.96362 | D29: =C29/B29*100 -> 1.5416876 | H29: =Субсидии!B30 -> 876.9 | I29: =Субсидии!C30 -> 0 | J29: =I29/H29*100 -> 0 | K29: ='Субвенции '!B32 -> 93.7 | L29: ='Субвенции '!C32 -> 14.96362 | M29: =L29/K29*100 -> 15.969712
A30: Кочетовское МО | B30: =E30+H30+K30+N30 -> 234.2 | C30: =F30+I30+L30+O30 -> 35.7312 | D30: =C30/B30*100 -> 15.256704 | H30: =Субсидии!B31 -> 0 | I30: =Субсидии!C31 -> 0 | K30: ='Субвенции '!B33 -> 234.2 | L30: ='Субвенции '!C33 -> 35.7312 | M30: =L30/K30*100 -> 15.256704
A31: Лопуховское МО | B31: =E31+H31+K31+N31 -> 93.7 | C31: =F31+I31+L31+O31 -> 14.33238 | D31: =C31/B31*100 -> 15.29603 | H31: =Субсидии!B32 -> 0 | I31: =Субсидии!C32 -> 0 | K31: ='Субвенции '!B34 -> 93.7 | L31: ='Субвенции '!C34 -> 14.33238 | M31: =L31/K31*100 -> 15.29603
A32: Озерное МО | B32: =E32+H32+K32+N32 -> 93.7 | C32: =F32+I32+L32+O32 -> 14.35831 | D32: =C32/B32*100 -> 15.323703 | H32: =Субсидии!B33 -> 0 | I32: =Субсидии!C33 -> 0 | K32: ='Субвенции '!B35 -> 93.7 | L32: ='Субвенции '!C35 -> 14.35831 | M32: =L32/K32*100 -> 15.323703
A33: Песчанское МО | B33: =E33+H33+K33+N33 -> 0 | C33: =F33+I33+L33+O33 -> 0 | H33: =Субсидии!B34 -> 0 | I33: =Субсидии!C34 -> 0 | K33: ='Субвенции '!B36 -> 0 | L33: ='Субвенции '!C36 -> 0
A34: Петровское МО | B34: =E34+H34+K34+N34 -> 0 | C34: =F34+I34+L34+O34 -> 0 | H34: =Субсидии!B35 -> 0 | I34: =Субсидии!C35 -> 0 | K34: ='Субвенции '!B37 -> 0 | L34: ='Субвенции '!C37 -> 0
A35: Тургеневское МО | B35: =E35+H35+K35+N35 -> 0 | C35: =F35+I35+L35+O35 -> 0 | H35: =Субсидии!B36 -> 0 | I35: =Субсидии!C36 -> 0 | K35: ='Субвенции '!B38 -> 0 | L35: ='Субвенции '!C38 -> 0
A36: Языковское МО | B36: =E36+H36+K36+N36 -> 0 | C36: =F36+I36+L36+O36 -> 0 | H36: =Субсидии!B37 -> 0 | I36: =Субсидии!C37 -> 0 | K36: ='Субвенции '!B39 -> 0 | L36: ='Субвенции '!C39 -> 0
A37: Базарно-Карабулакский район (консолидированный) | B37: =E37+H37+K37+N37 -> 457740.74 | C37: =F37+I37+L37+O37 -> 96045.073 | D37: =C37/B37*100 -> 20.982417 | E37: =SUM(E38:E51) -> 113762.2 | F37: =SUM(F38:F51) -> 25139.1 | G37: =F37/E37*100 -> 22.097938 | H37: =SUM(H38:H51) -> 51378.041 | I37: =SUM(I38:I51) -> 5563.4067 | J37: =I37/H37*100 -> 10.828375 | K37: =SUM(K38:K51) -> 291999.7 | L37: =SUM(L38:L51) -> 65342.566 | M37: =L37/K37*100 -> 22.377614 | N37: =SUM(N38:N51) -> 600.8 | O37: =SUM(O38:O51) -> 0 | P37: =O37/N37*100 -> 0
A38: Базарно-Карабулакский район (собственный) | B38: =E38+H38+K38+N38 -> 451116.74 | C38: =F38+I38+L38+O38 -> 95759.428 | D38: =C38/B38*100 -> 21.227195 | E38: =Дотации!B11 -> 113762.2 | F38: =Дотации!C11 -> 25139.1 | G38: =F38/E38*100 -> 22.097938 | H38: =Субсидии!B39 -> 46440.341 | I38: =Субсидии!C39 -> 5563.4067 | J38: =I38/H38*100 -> 11.979685 | K38: ='Субвенции '!B41 -> 290313.4 | L38: ='Субвенции '!C41 -> 65056.921 | M38: =L38/K38*100 -> 22.409204 | N38: =Иные!B23 -> 600.8 | O38: =Иные!C23 -> 0 | P38: =O38/N38*100 -> 0
A39: Алексеевское МО | B39: =E39+H39+K39+N39 -> 234.2 | C39: =F39+I39+L39+O39 -> 39.2516 | D39: =C39/B39*100 -> 16.759863 | H39: =Субсидии!B40 -> 0 | I39: =Субсидии!C40 -> 0 | K39: ='Субвенции '!B42 -> 234.2 | L39: ='Субвенции '!C42 -> 39.2516 | M39: =L39/K39*100 -> 16.759863
A40: Базарно-Карабулакское МО | B40: =E40+H40+K40+N40 -> 1993.6 | C40: =F40+I40+L40+O40 -> 0 | D40: =C40/B40*100 -> 0 | H40: =Субсидии!B41 -> 1993.6 | I40: =Субсидии!C41 -> 0 | J40: =I40/H40*100 -> 0 | N40: =Иные!B24 -> 0 | O40: =Иные!C24 -> 0 | P40: =Иные!D24 -> 0
A41: Большечечуйское МО | B41: =E41+H41+K41+N41 -> 93.7 | C41: =F41+I41+L41+O41 -> 15.55655 | D41: =C41/B41*100 -> 16.602508 | H41: =Субсидии!B42 -> 0 | I41: =Субсидии!C42 -> 0 | K41: ='Субвенции '!B43 -> 93.7 | L41: ='Субвенции '!C43 -> 15.55655 | M41: =L41/K41*100 -> 16.602508
A42: Вязовское МО | B42: =E42+H42+K42+N42 -> 0 | C42: =F42+I42+L42+O42 -> 0 | K42: ='Субвенции '!B44 -> 0 | L42: ='Субвенции '!C44 -> 0
A43: Липовское МО | B43: =E43+H43+K43+N43 -> 3178.3 | C43: =F43+I43+L43+O43 -> 41.23734 | D43: =C43/B43*100 -> 1.2974653 | H43: =Субсидии!B43 -> 2944.1 | I43: =Субсидии!C43 -> 0 | J43: =I43/H43*100 -> 0 | K43: ='Субвенции '!B45 -> 234.2 | L43: ='Субвенции '!C45 -> 41.23734 | M43: =L43/K43*100 -> 17.607746
A44: Максимовское МО | B44: =E44+H44+K44+N44 -> 234.2 | C44: =F44+I44+L44+O44 -> 38.84134 | D44: =C44/B44*100 -> 16.584688 | H44: =Субсидии!B44 -> 0 | I44: =Субсидии!C44 -> 0 | K44: ='Субвенции '!B46 -> 234.2 | L44: ='Субвенции '!C46 -> 38.84134 | M44: =L44/K44*100 -> 16.584688
A45: Свободинское МО | B45: =E45+H45+K45+N45 -> 234.2 | C45: =F45+I45+L45+O45 -> 41.46186 | D45: =C45/B45*100 -> 17.703612 | H45: =Субсидии!B45 -> 0 | I45: =Субсидии!C45 -> 0 | K45: ='Субвенции '!B47 -> 234.2 | L45: ='Субвенции '!C47 -> 41.46186 | M45: =L45/K45*100 -> 17.703612 | N45: =Иные!B25 -> 0 | O45: =Иные!C25 -> 0 | P45: =Иные!D25 -> 0
A46: Старобурасское МО | B46: =E46+H46+K46+N46 -> 93.7 | C46: =F46+I46+L46+O46 -> 15.55654 | D46: =C46/B46*100 -> 16.602497 | H46: =Субсидии!B46 -> 0 | I46: =Субсидии!C46 -> 0 | K46: ='Субвенции '!B48 -> 93.7 | L46: ='Субвенции '!C48 -> 15.55654 | M46: =L46/K46*100 -> 16.602497
A47: Старожуковское МО | B47: =E47+H47+K47+N47 -> 234.2 | C47: =F47+I47+L47+O47 -> 38.84134 | D47: =C47/B47*100 -> 16.584688 | H47: =Субсидии!B47 -> 0 | I47: =Субсидии!C47 -> 0 | K47: ='Субвенции '!B49 -> 234.2 | L47: ='Субвенции '!C49 -> 38.84134 | M47: =L47/K47*100 -> 16.584688
A48: Тепляковское МО | B48: =E48+H48+K48+N48 -> 0 | C48: =F48+I48+L48+O48 -> 0 | K48: ='Субвенции '!B50 -> 0 | L48: ='Субвенции '!C50 -> 0
A49: Хватовское МО | B49: =E49+H49+K49+N49 -> 0 | C49: =F49+I49+L49+O49 -> 0 | K49: ='Субвенции '!B51 -> 0 | L49: ='Субвенции '!C51 -> 0
A50: Шняевское МО | B50: =E50+H50+K50+N50 -> 93.7 | C50: =F50+I50+L50+O50 -> 16.05654 | D50: =C50/B50*100 -> 17.136115 | K50: ='Субвенции '!B52 -> 93.7 | L50: ='Субвенции '!C52 -> 16.05654 | M50: =L50/K50*100 -> 17.136115
A51: Яковлевское МО | B51: =E51+H51+K51+N51 -> 234.2 | C51: =F51+I51+L51+O51 -> 38.84134 | D51: =C51/B51*100 -> 16.584688 | H51: =Субсидии!B48 -> 0 | I51: =Субсидии!C48 -> 0 | K51: ='Субвенции '!B53 -> 234.2 | L51: ='Субвенции '!C53 -> 38.84134 | M51: =L51/K51*100 -> 16.584688
A52: Балаковский район (консолидированный) | B52: =E52+H52+K52+N52 -> 2344661 | C52: =F52+I52+L52+O52 -> 389728.32 | D52: =C52/B52*100 -> 16.621947 | E52: =SUM(E53:E56) -> 3449 | F52: =SUM(F53:F56) -> 0 | H52: =SUM(H53:H56) -> 536804.02 | I52: =SUM(I53:I56) -> 27578.204 | J52: =I52/H52*100 -> 5.1374808 | K52: =SUM(K53:K56) -> 1803932.2 | L52: =SUM(L53:L56) -> 362150.11 | M52: =L52/K52*100 -> 20.075595 | N52: =SUM(N53:N56) -> 475.8 | O52: =SUM(O53:O56) -> 0 | P52: =O52/N52*100 -> 0
A53: Балаковский район (собственный) | B53: =E53+H53+K53+N53 -> 2007155.9 | C53: =F53+I53+L53+O53 -> 389553.16 | D53: =C53/B53*100 -> 19.408216 | E53: =Дотации!B12 -> 3449 | F53: =Дотации!C12 -> 0 | H53: =Субсидии!B50 -> 200001.5 | I53: =Субсидии!C50 -> 27527.183 | J53: =I53/H53*100 -> 13.763488 | K53: ='Субвенции '!B55 -> 1803229.6 | L53: ='Субвенции '!C55 -> 362025.97 | M53: =L53/K53*100 -> 20.076532 | N53: =Иные!B27 -> 475.8 | O53: =Иные!C27 -> 0 | P53: =O53/N53*100 -> 0
A54: город Балаково | B54: =E54+H54+K54+N54 -> 151288.2 | C54: =F54+I54+L54+O54 -> 0 | D54: =C54/B54*100 -> 0 | H54: =Субсидии!B51 -> 151288.2 | I54: =Субсидии!C51 -> 0 | J54: =I54/H54*100 -> 0 | N54: =Иные!B28 -> 0 | O54: =Иные!C28 -> 0
A55: Быково-Отрогское МО | B55: =E55+H55+K55+N55 -> 468.4 | C55: =F55+I55+L55+O55 -> 85.41625 | D55: =C55/B55*100 -> 18.235749 | H55: =Субсидии!B53 -> 0 | I55: =Субсидии!C53 -> 0 | K55: ='Субвенции '!B56 -> 468.4 | L55: ='Субвенции '!C56 -> 85.41625 | M55: =L55/K55*100 -> 18.235749
A56: Натальинское МО | B56: =E56+H56+K56+N56 -> 185748.52 | C56: =F56+I56+L56+O56 -> 89.74659 | D56: =C56/B56*100 -> 0.04831618 | H56: =Субсидии!B52 -> 185514.32 | I56: =Субсидии!C52 -> 51.02042 | J56: =I56/H56*100 -> 0.027502146 | K56: ='Субвенции '!B57 -> 234.2 | L56: ='Субвенции '!C57 -> 38.72617 | M56: =L56/K56*100 -> 16.535512 | N56: =Иные!B29 -> 0
A57: Балашовский район (консолидированный) | B57: =E57+H57+K57+N57 -> 1422357 | C57: =F57+I57+L57+O57 -> 242390.44 | D57: =C57/B57*100 -> 17.041464 | E57: =SUM(E58:E74) -> 166405.7 | F57: =SUM(F58:F74) -> 36391.8 | G57: =F57/E57*100 -> 21.869323 | H57: =SUM(H58:H74) -> 335936.76 | I57: =SUM(I58:I74) -> 21440.792 | J57: =I57/H57*100 -> 6.3823892 | K57: =SUM(K58:K74) -> 829444.3 | L57: =SUM(L58:L74) -> 181664.05 | M57: =L57/K57*100 -> 21.901899 | N57: =SUM(N58:N74) -> 90570.2 | O57: =SUM(O58:O74) -> 2893.7973 | P57: =O57/N57*100 -> 3.1950877
A58: Балашовский район (собственный) | B58: =E58+H58+K58+N58 -> 1270649.6 | C58: =F58+I58+L58+O58 -> 242005.6 | D58: =C58/B58*100 -> 19.045818 | E58: =Дотации!B13 -> 166405.7 | F58: =Дотации!C13 -> 36391.8 | G58: =F58/E58*100 -> 21.869323 | H58: =Субсидии!B55 -> 266618.36 | I58: =Субсидии!C55 -> 21438.914 | J58: =I58/H58*100 -> 8.0410494 | K58: ='Субвенции '!B59 -> 827055.3 | L58: ='Субвенции '!C59 -> 181281.09 | M58: =L58/K58*100 -> 21.91886 | N58: =Иные!B31 -> 10570.2 | O58: =Иные!C31 -> 2893.7973 | P58: =O58/N58*100 -> 27.37694
A59: город Балашов | B59: =E59+H59+K59+N59 -> 100027.4 | C59: =F59+I59+L59+O59 -> 1.87729 | D59: =C59/B59*100 -> 0.0018767758 | H59: =Субсидии!B56 -> 20027.4 | I59: =Субсидии!C56 -> 1.87729 | J59: =I59/H59*100 -> 0.0093736082 | N59: =Иные!B32 -> 80000
A60: Барковское МО | B60: =E60+H60+K60+N60 -> 93.7 | C60: =F60+I60+L60+O60 -> 20.58937 | D60: =C60/B60*100 -> 21.973714 | H60: =Субсидии!B57 -> 0 | I60: =Субсидии!C57 -> 0 | K60: ='Субвенции '!B60 -> 93.7 | L60: ='Субвенции '!C60 -> 20.58937 | M60: =L60/K60*100 -> 21.973714
A61: Большемеликское МО | B61: =E61+H61+K61+N61 -> 234.2 | C61: =F61+I61+L61+O61 -> 38.52236 | D61: =C61/B61*100 -> 16.448488 | H61: =Субсидии!B58 -> 0 | I61: =Субсидии!C58 -> 0 | K61: ='Субвенции '!B61 -> 234.2 | L61: ='Субвенции '!C61 -> 38.52236 | M61: =L61/K61*100 -> 16.448488
A62: Лесновское МО | B62: =E62+H62+K62+N62 -> 93.7 | C62: =F62+I62+L62+O62 -> 15.34352 | D62: =C62/B62*100 -> 16.375155 | H62: =Субсидии!B59 -> 0 | I62: =Субсидии!C59 -> 0 | K62: ='Субвенции '!B62 -> 93.7 | L62: ='Субвенции '!C62 -> 15.34352 | M62: =L62/K62*100 -> 16.375155
A63: Малосеменовское МО | B63: =E63+H63+K63+N63 -> 93.7 | C63: =F63+I63+L63+O63 -> 15.34351 | D63: =C63/B63*100 -> 16.375144 | K63: ='Субвенции '!B63 -> 93.7 | L63: ='Субвенции '!C63 -> 15.34351 | M63: =L63/K63*100 -> 16.375144
A64: Новопокровское МО | B64: =E64+H64+K64+N64 -> 93.7 | C64: =F64+I64+L64+O64 -> 15.34354 | D64: =C64/B64*100 -> 16.375176 | H64: =Субсидии!B60 -> 0 | I64: =Субсидии!C60 -> 0 | K64: ='Субвенции '!B64 -> 93.7 | L64: ='Субвенции '!C64 -> 15.34354 | M64: =L64/K64*100 -> 16.375176
A65: Октябрьское МО | B65: =E65+H65+K65+N65 -> 93.7 | C65: =F65+I65+L65+O65 -> 15.34355 | D65: =C65/B65*100 -> 16.375187 | H65: =Субсидии!B61 -> 0 | I65: =Субсидии!C61 -> 0 | K65: ='Субвенции '!B65 -> 93.7 | L65: ='Субвенции '!C65 -> 15.34355 | M65: =L65/K65*100 -> 16.375187
A66: Пинеровское МО | B66: =E66+H66+K66+N66 -> 234.2 | C66: =F66+I66+L66+O66 -> 38.91451 | D66: =C66/B66*100 -> 16.615931 | H66: =Субсидии!B63 -> 0 | I66: =Субсидии!C63 -> 0 | K66: ='Субвенции '!B67 -> 234.2 | L66: ='Субвенции '!C67 -> 38.91451 | M66: =L66/K66*100 -> 16.615931 | N66: =Иные!B34 -> 0 | O66: =Иные!C34 -> 0 | P66: =Иные!D34 -> 0
A67: Первомайское МО | B67: =E67+H67+K67+N67 -> 234.2 | C67: =F67+I67+L67+O67 -> 42.12384 | D67: =C67/B67*100 -> 17.986268 | H67: =Субсидии!B62 -> 0 | I67: =Субсидии!C62 -> 0 | K67: ='Субвенции '!B66 -> 234.2 | L67: ='Субвенции '!C66 -> 42.12384 | M67: =L67/K67*100 -> 17.986268
A68: Репинское МО | B68: =E68+H68+K68+N68 -> 49525.2 | C68: =F68+I68+L68+O68 -> 37.69556 | D68: =C68/B68*100 -> 0.076113898 | H68: =Субсидии!B64 -> 49291 | I68: =Субсидии!C64 -> 0 | K68: ='Субвенции '!B68 -> 234.2 | L68: ='Субвенции '!C68 -> 37.69556 | M68: =L68/K68*100 -> 16.095457
A69: Родничковское МО | B69: =E69+H69+K69+N69 -> 93.7 | C69: =F69+I69+L69+O69 -> 15.73834 | D69: =C69/B69*100 -> 16.796521 | H69: =Субсидии!B65 -> 0 | I69: =Субсидии!C65 -> 0 | K69: ='Субвенции '!B69 -> 93.7 | L69: ='Субвенции '!C69 -> 15.73834 | M69: =L69/K69*100 -> 16.796521
A70: Соцземледельское МО | B70: =E70+H70+K70+N70 -> 93.7 | C70: =F70+I70+L70+O70 -> 15.33321 | D70: =C70/B70*100 -> 16.364152 | H70: =Субсидии!B66 -> 0 | I70: =Субсидии!C66 -> 0 | K70: ='Субвенции '!B70 -> 93.7 | L70: ='Субвенции '!C70 -> 15.33321 | M70: =L70/K70*100 -> 16.364152
A71: Старохоперское МО | B71: =E71+H71+K71+N71 -> 93.7 | C71: =F71+I71+L71+O71 -> 15.7383 | D71: =C71/B71*100 -> 16.796478 | H71: =Субсидии!B67 -> 0 | I71: =Субсидии!C67 -> 0 | K71: ='Субвенции '!B71 -> 93.7 | L71: ='Субвенции '!C71 -> 15.7383 | M71: =L71/K71*100 -> 16.796478
A72: Терновское МО | B72: =E72+H72+K72+N72 -> 234.2 | C72: =F72+I72+L72+O72 -> 19.43746 | D72: =C72/B72*100 -> 8.2995132 | H72: =Субсидии!B68 -> 0 | I72: =Субсидии!C68 -> 0 | K72: ='Субвенции '!B72 -> 234.2 | L72: ='Субвенции '!C72 -> 19.43746 | M72: =L72/K72*100 -> 8.2995132
A73: Тростянское МО | B73: =E73+H73+K73+N73 -> 234.2 | C73: =F73+I73+L73+O73 -> 38.6201 | D73: =C73/B73*100 -> 16.490222 | H73: =Субсидии!B69 -> 0 | I73: =Субсидии!C69 -> 0 | K73: ='Субвенции '!B73 -> 234.2 | L73: ='Субвенции '!C73 -> 38.6201 | M73: =L73/K73*100 -> 16.490222
A74: Хоперское МО | B74: =E74+H74+K74+N74 -> 234.2 | C74: =F74+I74+L74+O74 -> 38.87491 | D74: =C74/B74*100 -> 16.599022 | H74: =Субсидии!B70 -> 0 | I74: =Субсидии!C70 -> 0 | K74: ='Субвенции '!B74 -> 234.2 | L74: ='Субвенции '!C74 -> 38.87491 | M74: =L74/K74*100 -> 16.599022
A75: Балтайский район (консолидированный) | B75: =E75+H75+K75+N75 -> 237498.4 | C75: =F75+I75+L75+O75 -> 46460.636 | D75: =C75/B75*100 -> 19.562505 | E75: =SUM(E76:E80) -> 81930.5 | F75: =SUM(F76:F80) -> 15080.7 | G75: =F75/E75*100 -> 18.406698 | H75: =SUM(H76:H80) -> 28407.8 | I75: =SUM(I76:I80) -> 2608.3567 | J75: =I75/H75*100 -> 9.1818328 | K75: =SUM(K76:K80) -> 126655.9 | L75: =SUM(L76:L80) -> 28771.579 | M75: =L75/K75*100 -> 22.716336 | N75: =SUM(N76:N80) -> 504.2 | O75: =SUM(O76:O80) -> 0 | P75: =O75/N75*100 -> 0
A76: Балтайский район (собственный) | B76: =E76+H76+K76+N76 -> 236101.3 | C76: =F76+I76+L76+O76 -> 46345.147 | D76: =C76/B76*100 -> 19.629348 | E76: =Дотации!B14 -> 81930.5 | F76: =Дотации!C14 -> 15080.7 | G76: =F76/E76*100 -> 18.406698 | H76: =Субсидии!B72 -> 27666.5 | I76: =Субсидии!C72 -> 2608.3567 | J76: =I76/H76*100 -> 9.4278521 | K76: ='Субвенции '!B76 -> 126000.1 | L76: ='Субвенции '!C76 -> 28656.09 | M76: =L76/K76*100 -> 22.742911 | N76: =Иные!B39 -> 504.2 | O76: =Иные!C39 -> 0 | P76: =O76/N76*100 -> 0
A77: Балтайское МО | B77: =E77+H77+K77+N77 -> 975.5 | C77: =F77+I77+L77+O77 -> 41.15238 | D77: =C77/B77*100 -> 4.2185935 | H77: =Субсидии!B73 -> 741.3 | I77: =Субсидии!C73 -> 0 | J77: =I77/H77*100 -> 0 | K77: ='Субвенции '!B77 -> 234.2 | L77: ='Субвенции '!C77 -> 41.15238 | M77: =L77/K77*100 -> 17.571469
A78: Барнуковское МО | B78: =E78+H78+K78+N78 -> 93.7 | C78: =F78+I78+L78+O78 -> 13.3507 | D78: =C78/B78*100 -> 14.248346 | H78: =Субсидии!B74 -> 0 | I78: =Субсидии!C74 -> 0 | K78: ='Субвенции '!B78 -> 93.7 | L78: ='Субвенции '!C78 -> 13.3507 | M78: =L78/K78*100 -> 14.248346
A79: Большеозерское МО | B79: =E79+H79+K79+N79 -> 93.7 | C79: =F79+I79+L79+O79 -> 20.02998 | D79: =C79/B79*100 -> 21.376713 | H79: =Субсидии!B75 -> 0 | I79: =Субсидии!C75 -> 0 | K79: ='Субвенции '!B79 -> 93.7 | L79: ='Субвенции '!C79 -> 20.02998 | M79: =L79/K79*100 -> 21.376713
A80: Царевщинское МО | B80: =E80+H80+K80+N80 -> 234.2 | C80: =F80+I80+L80+O80 -> 40.95615 | D80: =C80/B80*100 -> 17.487681 | H80: =Субсидии!B76 -> 0 | I80: =Субсидии!C76 -> 0 | K80: ='Субвенции '!B80 -> 234.2 | L80: ='Субвенции '!C80 -> 40.95615 | M80: =L80/K80*100 -> 17.487681
A81: Вольский район (консолидированный) | B81: =E81+H81+K81+N81 -> 1142172.7 | C81: =F81+I81+L81+O81 -> 203095.91 | D81: =C81/B81*100 -> 17.781542 | E81: =SUM(E82:E97) -> 135212 | F81: =SUM(F82:F97) -> 20741.4 | G81: =F81/E81*100 -> 15.339911 | H81: =SUM(H82:H97) -> 199221.76 | I81: =SUM(I82:I97) -> 13023.595 | J81: =I81/H81*100 -> 6.5372349 | K81: =SUM(K82:K97) -> 748147 | L81: =SUM(L82:L97) -> 169330.92 | M81: =L81/K81*100 -> 22.633375 | N81: =SUM(N82:N97) -> 59591.9 | O81: =SUM(O82:O97) -> 0 | P81: =O81/N81*100 -> 0
A82: Вольский район (собственный) | B82: =E82+H82+K82+N82 -> 980748.16 | C82: =F82+I82+L82+O82 -> 202791 | D82: =C82/B82*100 -> 20.677174 | E82: =Дотации!B15 -> 135212 | F82: =Дотации!C15 -> 20741.4 | G82: =F82/E82*100 -> 15.339911 | H82: =Субсидии!B78 -> 88700.861 | I82: =Субсидии!C78 -> 13023.595 | J82: =I82/H82*100 -> 14.682602 | K82: ='Субвенции '!B82 -> 746273.2 | L82: ='Субвенции '!C82 -> 169026.01 | M82: =L82/K82*100 -> 22.649347 | N82: =Иные!B43 -> 10562.1 | O82: =Иные!C43 -> 0 | P82: =O82/N82*100 -> 0
A83: город Вольск | B83: =E83+H83+K83+N83 -> 128573.8 | C83: =F83+I83+L83+O83 -> 0 | D83: =C83/B83*100 -> 0 | H83: =Субсидии!B79 -> 79544 | I83: =Субсидии!C79 -> 0 | J83: =I83/H83*100 -> 0 | N83: =Иные!B44 -> 49029.8 | O83: =Иные!C44 -> 0 | P83: =O83/N83*100 -> 0
A84: Барановское МО | B84: =E84+H84+K84+N84 -> 93.7 | C84: =F84+I84+L84+O84 -> 20.01592 | D84: =C84/B84*100 -> 21.361708 | H84: =Субсидии!B80 -> 0 | I84: =Субсидии!C80 -> 0 | K84: ='Субвенции '!B83 -> 93.7 | L84: ='Субвенции '!C83 -> 20.01592 | M84: =L84/K84*100 -> 21.361708
A85: Белогорновское МО | B85: =E85+H85+K85+N85 -> 93.7 | C85: =F85+I85+L85+O85 -> 15.12415 | D85: =C85/B85*100 -> 16.141035 | H85: =Субсидии!B81 -> 0 | I85: =Субсидии!C81 -> 0 | K85: ='Субвенции '!B84 -> 93.7 | L85: ='Субвенции '!C84 -> 15.12415 | M85: =L85/K85*100 -> 16.141035
A86: Верхнечернавское МО | B86: =E86+H86+K86+N86 -> 93.7 | C86: =F86+I86+L86+O86 -> 15.12415 | D86: =C86/B86*100 -> 16.141035 | H86: =Субсидии!B82 -> 0 | I86: =Субсидии!C82 -> 0 | K86: ='Субвенции '!B85 -> 93.7 | L86: ='Субвенции '!C85 -> 15.12415 | M86: =L86/K86*100 -> 16.141035
A87: Колоярское МО | B87: =E87+H87+K87+N87 -> 93.7 | C87: =F87+I87+L87+O87 -> 15.12416 | D87: =C87/B87*100 -> 16.141046 | H87: =Субсидии!B84 -> 0 | I87: =Субсидии!C84 -> 0 | K87: ='Субвенции '!B86 -> 93.7 | L87: ='Субвенции '!C86 -> 15.12416 | M87: =L87/K87*100 -> 16.141046
A88: Кряжимское МО | B88: =E88+H88+K88+N88 -> 93.7 | C88: =F88+I88+L88+O88 -> 15.12416 | D88: =C88/B88*100 -> 16.141046 | H88: =Субсидии!B83 -> 0 | I88: =Субсидии!C83 -> 0 | K88: ='Субвенции '!B87 -> 93.7 | L88: ='Субвенции '!C87 -> 15.12416 | M88: =L88/K88*100 -> 16.141046
A89: Куриловское МО | B89: =E89+H89+K89+N89 -> 550.4 | C89: =F89+I89+L89+O89 -> 14.07693 | D89: =C89/B89*100 -> 2.5575818 | H89: =Субсидии!B85 -> 456.7 | I89: =Субсидии!C85 -> 0 | K89: ='Субвенции '!B88 -> 93.7 | L89: ='Субвенции '!C88 -> 14.07693 | M89: =L89/K89*100 -> 15.023404
A90: Междуреченское МО | B90: =E90+H90+K90+N90 -> 93.7 | C90: =F90+I90+L90+O90 -> 15.12415 | D90: =C90/B90*100 -> 16.141035 | H90: =Субсидии!B86 -> 0 | I90: =Субсидии!C86 -> 0 | K90: ='Субвенции '!B89 -> 93.7 | L90: ='Субвенции '!C89 -> 15.12415 | M90: =L90/K90*100 -> 16.141035
A91: Нижнечернавское МО | B91: =E91+H91+K91+N91 -> 93.7 | C91: =F91+I91+L91+O91 -> 15.12413 | D91: =C91/B91*100 -> 16.141014 | H91: =Субсидии!B87 -> 0 | I91: =Субсидии!C87 -> 0 | K91: ='Субвенции '!B90 -> 93.7 | L91: ='Субвенции '!C90 -> 15.12413 | M91: =L91/K91*100 -> 16.141014
A92: Покровское МО | B92: =E92+H92+K92+N92 -> 93.7 | C92: =F92+I92+L92+O92 -> 12.90347 | D92: =C92/B92*100 -> 13.771046 | H92: =Субсидии!B88 -> 0 | I92: =Субсидии!C88 -> 0 | K92: ='Субвенции '!B91 -> 93.7 | L92: ='Субвенции '!C91 -> 12.90347 | M92: =L92/K92*100 -> 13.771046
A93: Сенное МО | B93: =E93+H93+K93+N93 -> 234.2 | C93: =F93+I93+L93+O93 -> 38.01037 | D93: =C93/B93*100 -> 16.229876 | H93: =Субсидии!B89 -> 0 | I93: =Субсидии!C89 -> 0 | K93: ='Субвенции '!B92 -> 234.2 | L93: ='Субвенции '!C92 -> 38.01037 | M93: =L93/K93*100 -> 16.229876 | N93: =Иные!B45 -> 0 | O93: =Иные!C45 -> 0 | P93: =Иные!D45 -> 0
A94: Талалихинское МО | B94: =E94+H94+K94+N94 -> 93.7 | C94: =F94+I94+L94+O94 -> 15.12415 | D94: =C94/B94*100 -> 16.141035 | H94: =Субсидии!B90 -> 0 | I94: =Субсидии!C90 -> 0 | K94: ='Субвенции '!B93 -> 93.7 | L94: ='Субвенции '!C93 -> 15.12415 | M94: =L94/K94*100 -> 16.141035
A95: Терсинское МО | B95: =E95+H95+K95+N95 -> 30002.8 | C95: =F95+I95+L95+O95 -> 38.01037 | D95: =C95/B95*100 -> 0.12668941 | H95: =Субсидии!B91 -> 29768.6 | I95: =Субсидии!C91 -> 0 | K95: ='Субвенции '!B94 -> 234.2 | L95: ='Субвенции '!C94 -> 38.01037 | M95: =L95/K95*100 -> 16.229876
A96: Черкасское МО | B96: =E96+H96+K96+N96 -> 985.8 | C96: =F96+I96+L96+O96 -> 38.01037 | D96: =C96/B96*100 -> 3.8557892 | H96: =Субсидии!B92 -> 751.6 | I96: =Субсидии!C92 -> 0 | K96: ='Субвенции '!B95 -> 234.2 | L96: ='Субвенции '!C95 -> 38.01037 | M96: =L96/K96*100 -> 16.229876
A97: Широкобуеракское МО | B97: =E97+H97+K97+N97 -> 234.2 | C97: =F97+I97+L97+O97 -> 38.01037 | D97: =C97/B97*100 -> 16.229876 | H97: =Субсидии!B93 -> 0 | I97: =Субсидии!C93 -> 0 | K97: ='Субвенции '!B96 -> 234.2 | L97: ='Субвенции '!C96 -> 38.01037 | M97: =L97/K97*100 -> 16.229876
A98: Воскресенский район (консолидированный) | B98: =E98+H98+K98+N98 -> 215761.1 | C98: =F98+I98+L98+O98 -> 48995.269 | D98: =C98/B98*100 -> 22.70811 | E98: =SUM(E99:E102) -> 65290.1 | F98: =SUM(F99:F102) -> 12139.8 | G98: =F98/E98*100 -> 18.593631 | H98: =SUM(H99:H102) -> 23765.6 | I98: =SUM(I99:I102) -> 2176.7881 | J98: =I98/H98*100 -> 9.1594073 | K98: =SUM(K99:K102) -> 126210.3 | L98: =SUM(L99:L102) -> 34678.68 | M98: =L98/K98*100 -> 27.476902 | N98: =SUM(N99:N102) -> 495.1 | O98: =SUM(O99:O102) -> 0 | P98: =O98/N98*100 -> 0
A99: Воскресенский район (собственный) | B99: =E99+H99+K99+N99 -> 213269.8 | C99: =F99+I99+L99+O99 -> 48885.659 | D99: =C99/B99*100 -> 22.921979 | E99: =Дотации!B16 -> 65290.1 | F99: =Дотации!C16 -> 12139.8 | G99: =F99/E99*100 -> 18.593631 | H99: =Субсидии!B95 -> 21976.9 | I99: =Субсидии!C95 -> 2176.7881 | J99: =I99/H99*100 -> 9.9048915 | K99: ='Субвенции '!B98 -> 125507.7 | L99: ='Субвенции '!C98 -> 34569.07 | M99: =L99/K99*100 -> 27.543386 | N99: =Иные!B47 -> 495.1 | O99: =Иные!C47 -> 0 | P99: =O99/N99*100 -> 0
A100: Воскресенское МО | B100: =E100+H100+K100+N100 -> 998.4 | C100: =F100+I100+L100+O100 -> 20.83 | D100: =C100/B100*100 -> 2.0863381 | H100: =Субсидии!B96 -> 764.2 | I100: =Субсидии!C96 -> 0 | J100: =I100/H100*100 -> 0 | K100: ='Субвенции '!B99 -> 234.2 | L100: ='Субвенции '!C99 -> 20.83 | M100: =L100/K100*100 -> 8.8941076
A101: Елшанское МО | B101: =E101+H101+K101+N101 -> 1258.7 | C101: =F101+I101+L101+O101 -> 50.97 | D101: =C101/B101*100 -> 4.0494161 | H101: =Субсидии!B97 -> 1024.5 | I101: =Субсидии!C97 -> 0 | J101: =I101/H101*100 -> 0 | K101: ='Субвенции '!B100 -> 234.2 | L101: ='Субвенции '!C100 -> 50.97 | M101: =L101/K101*100 -> 21.76345
...

Sheet Дотации
A1: Сведения о предоставлении из бюджета Саратовской области межбюджетных трансфертов местным бюджетам за 1 квартал 2021 года
S3: тыс.рублей
A4: Наименование муниципальных образований | B4: Дотации, всего | E4: в том числе
E5: бюджетам городских округов области, связанные с особым режимом безопасного функционирования закрытых административно-территориальных образований | H5: на выравнивание бюджетной обеспеченности муниципальных районов (городских округов) области | K5: на поддержку мер по обеспечению сбалансированности бюджетов | N5: бюджетам муниципальных районов области на обеспечение финансовой устойчивости местных бюджетов в условиях нестабильной ситуации, связанной с пандемией новой коронавирусной инфекции | Q5: бюджетам муниципальных районов и городских округов области на компенсацию дополнительных расходов на повышение оплаты труда некоторых категорий работников муниципальных учреждений в связи с увеличением минимального размера оплаты труда с 1 января 2021 года
B6: утвержденные бюджетные назначения * | C6: исполнено | D6: % исполнения | E6: утвержденные бюджетные назначения * | F6: исполнено | G6: % исполнения | H6: утвержденные бюджетные назначения * | I6: исполнено | J6: % исполнения | K6: утвержденные бюджетные назначения * | L6: исполнено | M6: % исполнения | N6: утвержденные бюджетные назначения * | O6: исполнено | P6: % исполнения | Q6: утвержденные бюджетные назначения * | R6: исполнено | S6: % исполнения
A7: Муниципальные районы области: | B7: =SUM(B8:B45) -> 4530979.7 | C7: =SUM(C8:C45) -> 868519.8 | D7: =C7/B7*100 -> 19.168477 | H7: =SUM(H8:H45) -> 3291115.5 | I7: =SUM(I8:I45) -> 748901.1 | J7: =I7/H7*100 -> 22.755236 | K7: =SUM(K8:K45) -> 797452.6 | L7: =SUM(L8:L45) -> 119618.7 | M7: =L7/K7*100 -> 15.000102 | N7: =SUM(N8:N45) -> 375856.86 | O7: =SUM(O8:O45) -> 0 | P7: =O7/N7*100 -> 0 | Q7: =SUM(Q8:Q45) -> 66554.7 | R7: =SUM(R8:R45) -> 0 | S7: =R7/Q7*100 -> 0
A8: Александрово-Гайский | B8: =E8+H8+K8+N8+Q8 -> 142246.37 | C8: =F8+I8+L8+O8+R8 -> 24588.6 | D8: =C8/B8*100 -> 17.285924 | H8: 61074.5 | I8: 13741.8 | J8: =I8/H8*100 -> 22.500061 | K8: 72311.8 | L8: 10846.8 | M8: =L8/K8*100 -> 15.000041 | N8: 8396.17 | Q8: 463.9
A9: Аркадакский | B9: =E9+H9+K9+N9+Q9 -> 83149.1 | C9: =F9+I9+L9+O9+R9 -> 18068.1 | D9: =C9/B9*100 -> 21.72976 | H9: 77073.4 | I9: 17341.5 | J9: =I9/H9*100 -> 22.499981 | K9: 4844.9 | L9: 726.6 | M9: =L9/K9*100 -> 14.997214 | Q9: 1230.8
A10: Аткарский | B10: =E10+H10+K10+N10+Q10 -> 128177.2 | C10: =F10+I10+L10+O10+R10 -> 28560.6 | D10: =C10/B10*100 -> 22.282122 | H10: 126936 | I10: 28560.6 | J10: =I10/H10*100 -> 22.5 | Q10: 1241.2 | S10: =R10/Q10*100 -> 0
A11: Базарно-Карабулакский | B11: =E11+H11+K11+N11+Q11 -> 113762.2 | C11: =F11+I11+L11+O11+R11 -> 25139.1 | D11: =C11/B11*100 -> 22.097938 | H11: 107702.3 | I11: 24233.1 | J11: =I11/H11*100 -> 22.500077 | K11: 6039.2 | L11: 906 | M11: =L11/K11*100 -> 15.001987 | Q11: 20.7
A12: Балаковский | B12: =E12+H12+K12+N12+Q12 -> 3449 | C12: =F12+I12+L12+O12+R12 -> 0 | D12: =C12/B12*100 -> 0 | Q12: 3449 | S12: =R12/Q12*100 -> 0
A13: Балашовский | B13: =E13+H13+K13+N13+Q13 -> 166405.7 | C13: =F13+I13+L13+O13+R13 -> 36391.8 | D13: =C13/B13*100 -> 21.869323 | H13: 161741 | I13: 36391.8 | J13: =I13/H13*100 -> 22.500046 | Q13: 4664.7 | S13: =R13/Q13*100 -> 0
A14: Балтайский | B14: =E14+H14+K14+N14+Q14 -> 81930.5 | C14: =F14+I14+L14+O14+R14 -> 15080.7 | D14: =C14/B14*100 -> 18.406698 | H14: 38803.1 | I14: 8730.6 | J14: =I14/H14*100 -> 22.499749 | K14: 42333.1 | L14: 6350.1 | M14: =L14/K14*100 -> 15.000319 | Q14: 794.3
A15: Вольский | B15: =E15+H15+K15+N15+Q15 -> 135212 | C15: =F15+I15+L15+O15+R15 -> 20741.4 | D15: =C15/B15*100 -> 15.339911 | H15: 92184 | I15: 20741.4 | J15: =I15/H15*100 -> 22.5 | N15: 38800 | Q15: 4228
A16: Воскресенский | B16: =E16+H16+K16+N16+Q16 -> 65290.1 | C16: =F16+I16+L16+O16+R16 -> 12139.8 | D16: =C16/B16*100 -> 18.593631 | H16: 42234.4 | I16: 9502.8 | J16: =I16/H16*100 -> 22.500142 | K16: 17579.9 | L16: 2637 | M16: =L16/K16*100 -> 15.000085 | N16: 5000 | Q16: 475.8
A17: Дергачевский | B17: =E17+H17+K17+N17+Q17 -> 137225.5 | C17: =F17+I17+L17+O17+R17 -> 28278 | D17: =C17/B17*100 -> 20.606957 | H17: 108718.5 | I17: 24461.7 | J17: =I17/H17*100 -> 22.500034 | K17: 25441.7 | L17: 3816.3 | M17: =L17/K17*100 -> 15.000177 | N17: 2000 | Q17: 1065.3
A18: Духовницкий | B18: =E18+H18+K18+N18+Q18 -> 66315.6 | C18: =F18+I18+L18+O18+R18 -> 13472.4 | D18: =C18/B18*100 -> 20.315582 | H18: 27277.9 | I18: 9137.4 | J18: =I18/H18*100 -> 33.497447 | K18: 28899.4 | L18: 4335 | M18: =L18/K18*100 -> 15.000311 | N18: 9000 | Q18: 1138.3
A19: Екатериновский | B19: =E19+H19+K19+N19+Q19 -> 86124.9 | C19: =F19+I19+L19+O19+R19 -> 12653.7 | D19: =C19/B19*100 -> 14.692267 | H19: 24736.9 | I19: 5565.9 | J19: =I19/H19*100 -> 22.500394 | K19: 47251.9 | L19: 7087.8 | M19: =L19/K19*100 -> 15.000032 | N19: 13500 | Q19: 636.1
A20: Ершовский | B20: =E20+H20+K20+N20+Q20 -> 180034.76 | C20: =F20+I20+L20+O20+R20 -> 31033.8 | D20: =C20/B20*100 -> 17.237671 | H20: 86679.4 | I20: 19503 | J20: =I20/H20*100 -> 22.500156 | K20: 76872.1 | L20: 11530.8 | M20: =L20/K20*100 -> 14.99998 | N20: 15151.06 | Q20: 1332.2
A21: Ивантеевский | B21: =E21+H21+K21+N21+Q21 -> 88824.7 | C21: =F21+I21+L21+O21+R21 -> 13054.2 | D21: =C21/B21*100 -> 14.696588 | H21: 8687 | I21: 1954.5 | J21: =I21/H21*100 -> 22.499137 | K21: 73998.5 | L21: 11099.7 | M21: =L21/K21*100 -> 14.999899 | N21: 5000 | Q21: 1139.2 | S21: =R21/Q21*100 -> 0
A22: Калининский | B22: =E22+H22+K22+N22+Q22 -> 89478.3 | C22: =F22+I22+L22+O22+R22 -> 16619.4 | D22: =C22/B22*100 -> 18.573665 | H22: 70295.9 | I22: 15816.6 | J22: =I22/H22*100 -> 22.500032 | K22: 5351.7 | L22: 802.8 | M22: =L22/K22*100 -> 15.000841 | N22: 12000 | Q22: 1830.7
A23: Красноармейский | B23: =E23+H23+K23+N23+Q23 -> 189107.8 | C23: =F23+I23+L23+O23+R23 -> 37838.7 | D23: =C23/B23*100 -> 20.009064 | H23: 164533.8 | I23: 37020 | J23: =I23/H23*100 -> 22.499936 | K23: 5457.4 | L23: 818.7 | M23: =L23/K23*100 -> 15.001649 | N23: 17500 | Q23: 1616.6
A24: Краснокутский | B24: =E24+H24+K24+N24+Q24 -> 126202.8 | C24: =F24+I24+L24+O24+R24 -> 25036.5 | D24: =C24/B24*100 -> 19.838308 | H24: 93921.1 | I24: 21132.3 | J24: =I24/H24*100 -> 22.500056 | K24: 26027 | L24: 3904.2 | M24: =L24/K24*100 -> 15.000576 | N24: 4000 | Q24: 2254.7
A25: Краснопартизанский | B25: =E25+H25+K25+N25+Q25 -> 82978.6 | C25: =F25+I25+L25+O25+R25 -> 16183.8 | D25: =C25/B25*100 -> 19.503583 | H25: 60569.6 | I25: 13628.1 | J25: =I25/H25*100 -> 22.499901 | K25: 17038.1 | L25: 2555.7 | M25: =L25/K25*100 -> 14.999912 | N25: 4109 | Q25: 1261.9
A26: Лысогорский | B26: =E26+H26+K26+N26+Q26 -> 114997.4 | C26: =F26+I26+L26+O26+R26 -> 21988.2 | D26: =C26/B26*100 -> 19.120606 | H26: 83351.5 | I26: 18754.2 | J26: =I26/H26*100 -> 22.500135 | K26: 21559.9 | L26: 3234 | M26: =L26/K26*100 -> 15.00007 | N26: 9000 | Q26: 1086
A27: Марксовский | B27: =E27+H27+K27+N27+Q27 -> 202909.6 | C27: =F27+I27+L27+O27+R27 -> 45340.2 | D27: =C27/B27*100 -> 22.345025 | H27: 201511.4 | I27: 45340.2 | J27: =I27/H27*100 -> 22.500067 | Q27: 1398.2
A28: Новобурасский | B28: =E28+H28+K28+N28+Q28 -> 98033.9 | C28: =F28+I28+L28+O28+R28 -> 24807.9 | D28: =C28/B28*100 -> 25.30543 | H28: 81437.8 | I28: 23723.4 | J28: =I28/H28*100 -> 29.130699 | K28: 7230.8 | L28: 1084.5 | M28: =L28/K28*100 -> 14.99834 | N28: 8000 | Q28: 1365.3 | S28: =R28/Q28*100 -> 0
A29: Новоузенский | B29: =E29+H29+K29+N29+Q29 -> 213799.09 | C29: =F29+I29+L29+O29+R29 -> 42972.6 | D29: =C29/B29*100 -> 20.099524 | H29: 177089.2 | I29: 39845.1 | J29: =I29/H29*100 -> 22.500017 | K29: 20849.1 | L29: 3127.5 | M29: =L29/K29*100 -> 15.000648 | N29: 13444.689 | Q29: 2416.1
A30: Озинский | B30: =E30+H30+K30+N30+Q30 -> 158554 | C30: =F30+I30+L30+O30+R30 -> 30704.1 | D30: =C30/B30*100 -> 19.365074 | H30: 99776.4 | I30: 22449.6 | J30: =I30/H30*100 -> 22.49991 | K30: 55029.6 | L30: 8254.5 | M30: =L30/K30*100 -> 15.000109 | N30: 2000 | Q30: 1748
A31: Перелюбский | B31: =E31+H31+K31+N31+Q31 -> 87011.9 | C31: =F31+I31+L31+O31+R31 -> 14906.4 | D31: =C31/B31*100 -> 17.13145 | H31: 43886.1 | I31: 9874.5 | J31: =I31/H31*100 -> 22.500291 | K31: 33545.9 | L31: 5031.9 | M31: =L31/K31*100 -> 15.000045 | N31: 8649 | Q31: 930.9
A32: Петровский | B32: =E32+H32+K32+N32+Q32 -> 207078.3 | C32: =F32+I32+L32+O32+R32 -> 39265.5 | D32: =C32/B32*100 -> 18.961668 | H32: 174513.1 | I32: 39265.5 | J32: =I32/H32*100 -> 22.50003 | N32: 30600 | Q32: 1965.2 | S32: =R32/Q32*100 -> 0
A33: Питерский | B33: =E33+H33+K33+N33+Q33 -> 130350 | C33: =F33+I33+L33+O33+R33 -> 24005.1 | D33: =C33/B33*100 -> 18.41588 | H33: 71097.1 | I33: 15996.9 | J33: =I33/H33*100 -> 22.500074 | K33: 53387.6 | L33: 8008.2 | M33: =L33/K33*100 -> 15.000112 | N33: 4500 | Q33: 1365.3
A34: Пугачевский | B34: =E34+H34+K34+N34+Q34 -> 216403.3 | C34: =F34+I34+L34+O34+R34 -> 41340.3 | D34: =C34/B34*100 -> 19.103359 | H34: 183734.6 | I34: 41340.3 | J34: =I34/H34*100 -> 22.500008 | N34: 30000 | Q34: 2668.7
A35: Ровенский | B35: =E35+H35+K35+N35+Q35 -> 100344.3 | C35: =F35+I35+L35+O35+R35 -> 22410 | D35: =C35/B35*100 -> 22.333107 | H35: 99599.6 | I35: 22410 | J35: =I35/H35*100 -> 22.50009 | Q35: 744.7 | S35: =R35/Q35*100 -> 0
A36: Романовский | B36: =E36+H36+K36+N36+Q36 -> 71932.482 | C36: =F36+I36+L36+O36+R36 -> 14298.3 | D36: =C36/B36*100 -> 19.87739 | H36: 54719.2 | I36: 12311.7 | J36: =I36/H36*100 -> 22.499781 | K36: 13243.4 | L36: 1986.6 | M36: =L36/K36*100 -> 15.00068 | N36: 3762.982 | Q36: 206.9 | S36: =R36/Q36*100 -> 0
A37: Ртищевский | B37: =E37+H37+K37+N37+Q37 -> 134474.9 | C37: =F37+I37+L37+O37+R37 -> 27751.5 | D37: =C37/B37*100 -> 20.636937 | H37: 107612.3 | I37: 24212.7 | J37: =I37/H37*100 -> 22.499937 | K37: 23592.2 | L37: 3538.8 | M37: =L37/K37*100 -> 14.999873 | Q37: 3270.4
A38: Самойловский | B38: =E38+H38+K38+N38+Q38 -> 52613.46 | C38: =F38+I38+L38+O38+R38 -> 9827.1 | D38: =C38/B38*100 -> 18.67792 | H38: 35688.5 | I38: 8029.8 | J38: =I38/H38*100 -> 22.499685 | K38: 11981 | L38: 1797.3 | M38: =L38/K38*100 -> 15.001252 | N38: 4943.96
A39: Саратовский | B39: =E39+H39+K39+N39+Q39 -> 0 | C39: =F39+I39+L39+O39+R39 -> 0
A40: Советский | B40: =E40+H40+K40+N40+Q40 -> 71326.9 | C40: =F40+I40+L40+O40+R40 -> 13565.1 | D40: =C40/B40*100 -> 19.018211 | H40: 49497.7 | I40: 11136.9 | J40: =I40/H40*100 -> 22.499833 | K40: 16187.9 | L40: 2428.2 | M40: =L40/K40*100 -> 15.000093 | N40: 5000 | Q40: 641.3 | S40: =R40/Q40*100 -> 0
A41: Татищевский | B41: =E41+H41+K41+N41+Q41 -> 87429.5 | C41: =F41+I41+L41+O41+R41 -> 13557.6 | D41: =C41/B41*100 -> 15.506894 | H41: 33524.3 | I41: 7542.9 | J41: =I41/H41*100 -> 22.499799 | K41: 40098.9 | L41: 6014.7 | M41: =L41/K41*100 -> 14.999663 | N41: 12500 | Q41: 1306.3
A42: Турковский | B42: =E42+H42+K42+N42+Q42 -> 64120.5 | C42: =F42+I42+L42+O42+R42 -> 12936.3 | D42: =C42/B42*100 -> 20.174983 | H42: 50000.1 | I42: 11250 | J42: =I42/H42*100 -> 22.499955 | K42: 11241.2 | L42: 1686.3 | M42: =L42/K42*100 -> 15.001068 | N42: 2000 | Q42: 879.2
A43: Федоровский | B43: =E43+H43+K43+N43+Q43 -> 123275 | C43: =F43+I43+L43+O43+R43 -> 23015.4 | D43: =C43/B43*100 -> 18.669966 | H43: 75585.9 | I43: 17006.7 | J43: =I43/H43*100 -> 22.499831 | K43: 40058.4 | L43: 6008.7 | M43: =L43/K43*100 -> 14.99985 | N43: 7000 | Q43: 630.7 | S43: =R43/Q43*100 -> 0
A44: Хвалынский | B44: =E44+H44+K44+N44+Q44 -> 193536.6 | C44: =F44+I44+L44+O44+R44 -> 20789.4 | D44: =C44/B44*100 -> 10.741844 | H44: 92396.8 | I44: 20789.4 | J44: =I44/H44*100 -> 22.50013 | N44: 100000 | Q44: 1139.8
A45: Энгельсский | B45: =E45+H45+K45+N45+Q45 -> 236873.4 | C45: =F45+I45+L45+O45+R45 -> 50158.2 | D45: =C45/B45*100 -> 21.175109 | H45: 222925.1 | I45: 50158.2 | J45: =I45/H45*100 -> 22.500024 | Q45: 13948.3 | S45: =R45/Q45*100 -> 0
A46: Городские округа области: | B46: =SUM(B47:B50) -> 236183.8 | C46: =SUM(C47:C50) -> 44600.1 | D46: =C46/B46*100 -> 18.883641 | E46: =SUM(E47:E50) -> 41928 | F46: =SUM(F47:F50) -> 10482 | G46: =F46/E46*100 -> 25 | H46: =SUM(H47:H50) -> 139458.8 | I46: =SUM(I47:I50) -> 31378.2 | J46: =I46/H46*100 -> 22.499978 | K46: =SUM(K47:K50) -> 18264.7 | L46: =SUM(L47:L50) -> 2739.9 | M46: =L46/K46*100 -> 15.001068 | N46: =SUM(N47:N50) -> 0 | O46: =SUM(O47:O50) -> 0 | Q46: =SUM(Q47:Q50) -> 36532.3 | R46: =SUM(R47:R50) -> 0 | S46: =R46/Q46*100 -> 0
A47: г. Саратов | B47: =E47+H47+K47+N47+Q47 -> 35489.2 | C47: =F47+I47+L47+O47+R47 -> 0 | D47: =C47/B47*100 -> 0 | I47: 0 | L47: 0 | Q47: 35489.2 | S47: =R47/Q47*100 -> 0
A48: п. Михайловский | B48: =E48+H48+K48+N48+Q48 -> 30213.6 | C48: =F48+I48+L48+O48+R48 -> 6120.3 | D48: =C48/B48*100 -> 20.256772 | H48: 21437.7 | I48: 4823.4 | J48: =I48/H48*100 -> 22.499615 | K48: 8645.1 | L48: 1296.9 | M48: =L48/K48*100 -> 15.001562 | Q48: 130.8
A49: ЗАТО Светлый | B49: =E49+H49+K49+N49+Q49 -> 129990.7 | C49: =F49+I49+L49+O49+R49 -> 29491.5 | D49: =C49/B49*100 -> 22.687392 | E49: 41928 | F49: 10482 | G49: =F49/E49*100 -> 25 | H49: 78072.8 | I49: 17566.5 | J49: =I49/H49*100 -> 22.500154 | K49: 9619.6 | L49: 1443 | M49: =L49/K49*100 -> 15.000624 | Q49: 370.3
A50: г. Шиханы | B50: =E50+H50+K50+N50+Q50 -> 40490.3 | C50: =F50+I50+L50+O50+R50 -> 8988.3 | D50: =C50/B50*100 -> 22.19865 | H50: 39948.3 | I50: 8988.3 | J50: =I50/H50*100 -> 22.499831 | Q50: 542
A51: Остаток средств к распределению * | B51: =E51+H51+K51+N51+Q51 -> 0 | C51: =F51+I51+L51+O51+R51 -> 0
A52: ИТОГО | B52: =E52+H52+K52+N52+Q52 -> 4767163.5 | C52: =F52+I52+L52+O52+R52 -> 913119.9 | D52: =C52/B52*100 -> 19.154365 | E52: =E7+E46+E51 -> 41928 | F52: =F7+F46+F51 -> 10482 | G52: =F52/E52*100 -> 25 | H52: =H46+H7+H51 -> 3430574.3 | I52: =I46+I7+I51 -> 780279.3 | J52: =I52/H52*100 -> 22.744859 | K52: =K46+K7+K51 -> 815717.3 | L52: =L46+L7+L51 -> 122358.6 | M52: =L52/K52*100 -> 15.000123 | N52: =N7+N46+N51 -> 375856.86 | O52: =O7+O46+O51 -> 0 | P52: =O52/N52*100 -> 0 | Q52: =Q7+Q46+Q51 -> 103087 | R52: =R7+R46+R51 -> 0 | S52: =R52/Q52*100 -> 0
A54: * в соответствии с Законом Саратовской области «Об областном бюджете на 2021 год и на плановый период 2022 и 2023 годов» в редакции от 26.03.2021 года
A55: 2* заполняется, если в законе о бюджете утверждена общая сумма межбюджетного трансферта, но отсутствует распределение по муниципальным образованиям

Sheet Субсидии
BE1: Продолжение таблицы | CI1: Продолжение таблицы | DG1: Продолжение таблицы
B2: Сведения о предоставлении из бюджета Саратовской области межбюджетных трансфертов местным бюджетам за 1 квартал 2021 года | AC2: Сведения о предоставлении из бюджета Саратовской области межбюджетных трансфертов местным бюджетам за 1 квартал 2021 года | BG2: Сведения о предоставлении из бюджета Саратовской области межбюджетных трансфертов местным бюджетам за 1 квартал 2021 года | CK2: Сведения о предоставлении из бюджета Саратовской области межбюджетных трансфертов местным бюджетам за 1 квартал 2021 года
AA4: тыс.рублей | BE4: тыс.рублей | CI4: тыс.рублей | DF4: тыс.рублей
A5: Наименование муниципальных образований | B5: Субсидии, всего | E5: в том числе | AC5: в том числе | BG5: в том числе | CK5: в том числе
E6: бюджетам муниципальных районов области на создание в общеобразователь-ных организациях, расположенных в сельской местности и малых городах, условий для занятий физической культурой и спортом | H6: бюджетам муниципальных районов и городских округов области на создание новых мест в общеобразовательных организациях | K6: бюджетам муниципальных районов и городских округов области на обеспечение жильем молодых семей | N6: бюджетам городских округов и поселений области на реализацию регионального проекта (программы) в целях выполнения задач федерального проекта «Жилье» (Стимулирование программ развития жилищного строительства) | Q6: бюджетам муниципальных районов и поселений области на поддержку творческой деятельности и укрепление материально-технической базы муниципальных театров в населенных пунктах с численностью населения до 300 тысяч человек | T6: бюджетам муниципальных районов и поселений области на обеспечение развития и укрепления материально-технической базы домов культуры в населенных пунктах с числом жителей до 50 тысяч человек | W6: бюджетам муниципальных районов и поселений области на поддержку отрасли культуры на государственную поддержку лучших сельских учреждений культуры | Z6: бюджетам муниципальных районов и поселений области на поддержку отрасли культуры на государственную поддержку лучших работников сельских учреждений культуры | AC6: бюджетам муниципальных районов области на обеспечение деятельности муниципальных бизнес-инкубаторов | AF6: бюджетам городских округов, городских и сельских поселений области на реализацию инициативных проектов | AI6: бюджетам городских округов и поселений области на поддержку муниципальных программ формирования современной городской среды | AL6: бюджетам муниципальных районов и городских округов области на обеспечение сохранения достигнутых показателей повышения оплаты труда отдельных категорий работников бюджетной сферы | AO6: бюджетам муниципальных районов и городских округов области на создание дополнительных мест для детей в возрасте от 1,5 до 3 лет в образовательных организациях, осуществляющих образовательную деятельность по образовательным программам дошкольного образования | AR6: бюджетам муниципальных районов области на государственную поддержку отрасли культуры (создание и модернизация учреждений культурно-досугового типа в сельской местности) | AU6: бюджетам муниципальных районов, городских округов и поселений области на обеспечение мероприятий по переселению граждан из аварийного жилищного фонда, в том числе переселению граждан из аварийного жилищного фонда с учетом необходимости развития малоэтажного жилищного строительства (за счет средств Фонда содействия реформированию жилищно-коммунального хозяйства) | AX6: бюджетам муниципальных районов, городских округов и поселений области на обеспечение мероприятий по переселению граждан из аварийного жилищного фонда, в том числе переселению граждан из аварийного жилищного фонда с учетом необходимости развития малоэтажного жилищного строительства (за счет средств областного бюджета) | BA6: бюджетам муниципальных районов и городских округов области на обеспечение условий для создания центров образования цифрового и гуманитарного профиле | BD6: бюджетам городских округов и поселений области на реализацию мероприятий по строительству и реконструкции (модернизации) объектов питьевого водоснабжения | BG6: бюджетам поселений области на реализацию мероприятий по сокращению доли загрязненных сточных вод | BJ6: бюджетам городских округов и поселений области на обустройство и восстановление воинских захоронений, находящихся в государственной (муниципальной) собственности | BM6: бюджетам городских округов области на осуществление дорожной деятельности в отношении автомобильных дорог общего пользования местного значения Саратовской агломерации в границах городских округов области в рамках достижения соответствующих задач национального проекта «Безопасные и качественные автомобильные дороги» за счет средств областного дорожного фонда | BP6: бюджетам муниципальных районов и поселений области на развитие инженерной инфраструктуры на сельских территориях (развитие водоснабжения (локальные водоводы) на сельских территориях) | BS6: бюджетам поселений области на обустройство объектами инженерной инфраструктуры и благоустройство площадок, расположенных на сельских территориях, под компактную жилищную застройку | BV6: бюджетам муниципальных районов области на реализацию мероприятий по благоустройству сельских территорий | BY6: бюджетам муниципальных районов области на благоустройство зданий муниципальных общеобразовательных организаций в целях соблюдения требований к воздушно-тепловому режиму, водоснабжению и канализации | CB6: бюджетам муниципальных районов и городских округов области на обеспечение условий для внедрения цифровой образовательной среды в общеобразовательных организациях | CE6: бюджетам муниципальных районов и городских округов области на обеспечение образовательных организаций материально-технической базой для внедрения цифровой образовательной среды | CH6: бюджетам муниципальных районов и городских округов области на модернизацию (капитальный ремонт, реконструкция) муниципальных детских школ искусств по видам искусств | CK6: бюджетам муниципальных районов области на обеспечение функционирования центров цифрового образования детей «IT-куб» | CN6: бюджетам муниципальных районов и городских округов области на организацию бесплатного горячего питания обучающихся, получающих начальное общее образование в муниципальных образовательных организациях | CQ6: бюджетам поселений области на выполнение мероприятий по ремонту автомобильных дорог общего пользования местного значения в границах городских поселений области за счет средств областного дорожного фонда | CT6: бюджетам городских округов области на выполнение мероприятий по ремонту автомобильных дорог общего пользования местного значения в границах городских округов области за счет средств областного дорожного фонда | CW6: бюджетам муниципальных районов и городских округов области на выравнивание возможностей местных бюджетов по обеспечению образовательной деятельности муниципальных общеобразовательных учреждений | CZ6: бюджетам поселений области на создание, реконструкцию (модернизацию), капитальный ремонт объектов социальной и культурной сферы | DC6: бюджетам муниципальных районов и городских округов области на обеспечение условий для функционирования центров образования естественно-научной и технологической направленностей в общеобразовательных организациях | DF6: бюджетам муниципальных районов и городских округов области на создание и обеспечение функционирования центров образования естественно-научной и технологической направленностей в общеобразовательных организациях, расположенных в сельской местности и малых городах
B7: утвержденные бюджетные назначения | C7: исполнено | D7: % исполнения | E7: утвержденные бюджетные назначения* | F7: исполнено | G7: % исполнения | H7: утвержденные бюджетные назначения* | I7: исполнено | J7: % исполнения | K7: утвержденные бюджетные назначения* | L7: исполнено | M7: % исполнения | N7: утвержденные бюджетные назначения* | O7: исполнено | P7: % исполнения | Q7: утвержденные бюджетные назначения* | R7: исполнено | S7: % исполнения | T7: утвержденные бюджетные назначения* | U7: исполнено | V7: % исполнения | W7: утвержденные бюджетные назначения* | X7: исполнено | Y7: % исполнения | Z7: утвержденные бюджетные назначения* | AA7: исполнено | AB7: % исполнения | AC7: утвержденные бюджетные назначения* | AD7: исполнено | AE7: % исполнения | AF7: утвержденные бюджетные назначения* | AG7: исполнено | AH7: % исполнения | AI7: утвержденные бюджетные назначения* | AJ7: исполнено | AK7: % исполнения | AL7: утвержденные бюджетные назначения* | AM7: исполнено | AN7: % исполнения | AO7: утвержденные бюджетные назначения* | AP7: исполнено | AQ7: % исполнения | AR7: утвержденные бюджетные назначения* | AS7: исполнено | AT7: % исполнения | AU7: утвержденные бюджетные назначения* | AV7: исполнено | AW7: % исполнения | AX7: утвержденные бюджетные назначения* | AY7: исполнено | AZ7: % исполнения | BA7: утвержденные бюджетные назначения* | BB7: исполнено | BC7: % исполнения | BD7: утвержденные бюджетные назначения * | BE7: исполнено | BF7: % исполнения | BG7: утвержденные бюджетные назначения* | BH7: исполнено | BI7: % исполнения | BJ7: утвержденные бюджетные назначения* | BK7: исполнено | BL7: % исполнения | BM7: утвержденные бюджетные назначения* | BN7: исполнено | BO7: % исполнения | BP7: утвержденные бюджетные назначения* | BQ7: исполнено | BR7: % исполнения | BS7: утвержденные бюджетные назначения* | BT7: исполнено | BU7: % исполнения | BV7: утвержденные бюджетные назначения 2* | BW7: исполнено | BX7: % исполнения | BY7: утвержденные бюджетные назначения* | BZ7: исполнено | CA7: % исполнения | CB7: утвержденные бюджетные назначения* | CC7: исполнено | CD7: % исполнения | CE7: утвержденные бюджетные назначения* | CF7: исполнено | CG7: % исполнения | CH7: утвержденные бюджетные назначения* | CI7: исполнено | CJ7: % исполнения | CK7: утвержденные бюджетные назначения* | CL7: исполнено | CM7: % исполнения | CN7: утвержденные бюджетные назначения* | CO7: исполнено | CP7: % исполнения | CQ7: утвержденные бюджетные назначения* | CR7: исполнено | CS7: % исполнения | CT7: утвержденные бюджетные назначения* | CU7: исполнено | CV7: % исполнения | CW7: утвержденные бюджетные назначения* | CX7: исполнено | CY7: % исполнения | CZ7: утвержденные бюджетные назначения* | DA7: исполнено | DB7: % исполнения | DC7: утвержденные бюджетные назначения* | DD7: исполнено | DE7: % исполнения | DF7: утвержденные бюджетные назначения* | DG7: исполнено | DH7: % исполнения
A8: Муниципальные районы области (консолидированный) | B8: =E8+H8+K8+N8+Q8+T8+W8+Z8+AC8+AF8+AI8+AL8+AO8+AR8+AU8+AX8+BA8+BD8+BG8+BJ8+BM8+BP8+BS8+BV8+BY8+CB8+CE8+CH8+CK8+CN8+CQ8+CT8+CW8+CZ8+DC8+DF8 -> 4159393.3 | C8: =F8+I8+L8+O8+R8+U8+X8+AA8+AD8+AG8+AJ8+AM8+AP8+AS8+AV8+AY8+BB8+BE8+BH8+BK8+BN8+BQ8+BT8+BW8+BZ8+CC8+CF8+CI8+CL8+CO8+CR8+CU8+CX8+DA8+DD8+DG8 -> 294984.1 | D8: =C8/B8*100 -> 7.0919982 | E8: =E11+E15+E24+E38+E49+E54+E71+E77+E94+E99+E111+E120+E132+E143+E154+E166+E177+E191+E195+E207+E216+E223+E236+E249+E261+E269+E278+E289+E299+E306+E315+E324+E338+E347+E356+E363+E375+E384 -> 16624.9 | F8: =F11+F15+F24+F38+F49+F54+F71+F77+F94+F99+F111+F120+F132+F143+F154+F166+F177+F191+F195+F207+F216+F223+F236+F249+F261+F269+F278+F289+F299+F306+F315+F324+F338+F347+F356+F363+F375+F384 -> 0 | G8: =F8/E8*100 -> 0 | H8: =H11+H15+H24+H38+H49+H54+H71+H77+H94+H99+H111+H120+H132+H143+H154+H166+H177+H191+H195+H207+H216+H223+H236+H249+H261+H269+H278+H289+H299+H306+H315+H324+H338+H347+H356+H363+H375+H384 -> 99643 | I8: =I11+I15+I24+I38+I49+I54+I71+I77+I94+I99+I111+I120+I132+I143+I154+I166+I177+I191+I195+I207+I216+I223+I236+I249+I261+I269+I278+I289+I299+I306+I315+I324+I338+I347+I356+I363+I375+I384 -> 0 | J8: =I8/H8*100 -> 0 | K8: =K11+K15+K24+K38+K49+K54+K71+K77+K94+K99+K111+K120+K132+K143+K154+K166+K177+K191+K195+K207+K216+K223+K236+K249+K261+K269+K278+K289+K299+K306+K315+K324+K338+K347+K356+K363+K375+K384 -> 54023.1 | L8: =L11+L15+L24+L38+L49+L54+L71+L77+L94+L99+L111+L120+L132+L143+L154+L166+L177+L191+L195+L207+L216+L223+L236+L249+L261+L269+L278+L289+L299+L306+L315+L324+L338+L347+L356+L363+L375+L384 -> 0 | M8: =L8/K8*100 -> 0 | N8: =N11+N15+N24+N38+N49+N54+N71+N77+N94+N99+N111+N120+N132+N143+N154+N166+N177+N191+N195+N207+N216+N223+N236+N249+N261+N269+N278+N289+N299+N306+N315+N324+N338+N347+N356+N363+N375+N384 -> 0 | O8: =O11+O15+O24+O38+O49+O54+O71+O77+O94+O99+O111+O120+O132+O143+O154+O166+O177+O191+O195+O207+O216+O223+O236+O249+O261+O269+O278+O289+O299+O306+O315+O324+O338+O347+O356+O363+O375+O384 -> 0 | Q8: =Q11+Q15+Q24+Q38+Q49+Q54+Q71+Q77+Q94+Q99+Q111+Q120+Q132+Q143+Q154+Q166+Q177+Q191+Q195+Q207+Q216+Q223+Q236+Q249+Q261+Q269+Q278+Q289+Q299+Q306+Q315+Q324+Q338+Q347+Q356+Q363+Q375+Q384 -> 10058.4 | R8: =R11+R15+R24+R38+R49+R54+R71+R77+R94+R99+R111+R120+R132+R143+R154+R166+R177+R191+R195+R207+R216+R223+R236+R249+R261+R269+R278+R289+R299+R306+R315+R324+R338+R347+R356+R363+R375+R384 -> 5029.2 | S8: =R8/Q8*100 -> 50 | T8: =T11+T15+T24+T38+T49+T54+T71+T77+T94+T99+T111+T120+T132+T143+T154+T166+T177+T191+T195+T207+T216+T223+T236+T249+T261+T269+T278+T289+T299+T306+T315+T324+T338+T347+T356+T363+T375+T384 -> 40836.1 | U8: =U11+U15+U24+U38+U49+U54+U71+U77+U94+U99+U111+U120+U132+U143+U154+U166+U177+U191+U195+U207+U216+U223+U236+U249+U261+U269+U278+U289+U299+U306+U315+U324+U338+U347+U356+U363+U375+U384 -> 6779.6 | V8: =U8/T8*100 -> 16.601977 | W8: =W11+W15+W24+W38+W49+W54+W71+W77+W94+W99+W111+W120+W132+W143+W154+W166+W177+W191+W195+W207+W216+W223+W236+W249+W261+W269+W278+W289+W299+W306+W315+W324+W338+W347+W356+W363+W375+W384 -> 2346.9389 | X8: =X11+X15+X24+X38+X49+X54+X71+X77+X94+X99+X111+X120+X132+X143+X154+X166+X177+X191+X195+X207+X216+X223+X236+X249+X261+X269+X278+X289+X299+X306+X315+X324+X338+X347+X356+X363+X375+X384 -> 1734.6941 | Y8: =X8/W8*100 -> 73.913049 | Z8: =Z11+Z15+Z24+Z38+Z49+Z54+Z71+Z77+Z94+Z99+Z111+Z120+Z132+Z143+Z154+Z166+Z177+Z191+Z195+Z207+Z216+Z223+Z236+Z249+Z261+Z269+Z278+Z289+Z299+Z306+Z315+Z324+Z338+Z347+Z356+Z363+Z375+Z384 -> 867.347 | AA8: =AA11+AA15+AA24+AA38+AA49+AA54+AA71+AA77+AA94+AA99+AA111+AA120+AA132+AA143+AA154+AA166+AA177+AA191+AA195+AA207+AA216+AA223+AA236+AA249+AA261+AA269+AA278+AA289+AA299+AA306+AA315+AA324+AA338+AA347+AA356+AA363+AA375+AA384 -> 561.22453 | AB8: =AA8/Z8*100 -> 64.705882 | AC8: =AC11+AC15+AC24+AC38+AC49+AC54+AC71+AC77+AC94+AC99+AC111+AC120+AC132+AC143+AC154+AC166+AC177+AC191+AC195+AC207+AC216+AC223+AC236+AC249+AC261+AC269+AC278+AC289+AC299+AC306+AC315+AC324+AC338+AC347+AC356+AC363+AC375+AC384 -> 5300 | AD8: =AD11+AD15+AD24+AD38+AD49+AD54+AD71+AD77+AD94+AD99+AD111+AD120+AD132+AD143+AD154+AD166+AD177+AD191+AD195+AD207+AD216+AD223+AD236+AD249+AD261+AD269+AD278+AD289+AD299+AD306+AD315+AD324+AD338+AD347+AD356+AD363+AD375+AD384 -> 0 | AE8: =AD8/AC8*100 -> 0 | AF8: =AF11+AF15+AF24+AF38+AF49+AF54+AF71+AF77+AF94+AF99+AF111+AF120+AF132+AF143+AF154+AF166+AF177+AF191+AF195+AF207+AF216+AF223+AF236+AF249+AF261+AF269+AF278+AF289+AF299+AF306+AF315+AF324+AF338+AF347+AF356+AF363+AF375+AF384 -> 0 | AG8: =AG11+AG15+AG24+AG38+AG49+AG54+AG71+AG77+AG94+AG99+AG111+AG120+AG132+AG143+AG154+AG166+AG177+AG191+AG195+AG207+AG216+AG223+AG236+AG249+AG261+AG269+AG278+AG289+AG299+AG306+AG315+AG324+AG338+AG347+AG356+AG363+AG375+AG384 -> 0 | AI8: =AI11+AI15+AI24+AI38+AI49+AI54+AI71+AI77+AI94+AI99+AI111+AI120+AI132+AI143+AI154+AI166+AI177+AI191+AI195+AI207+AI216+AI223+AI236+AI249+AI261+AI269+AI278+AI289+AI299+AI306+AI315+AI324+AI338+AI347+AI356+AI363+AI375+AI384 -> 165975.1 | AJ8: =AJ11+AJ15+AJ24+AJ38+AJ49+AJ54+AJ71+AJ77+AJ94+AJ99+AJ111+AJ120+AJ132+AJ143+AJ154+AJ166+AJ177+AJ191+AJ195+AJ207+AJ216+AJ223+AJ236+AJ249+AJ261+AJ269+AJ278+AJ289+AJ299+AJ306+AJ315+AJ324+AJ338+AJ347+AJ356+AJ363+AJ375+AJ384 -> 764.60492 | AK8: =AJ8/AI8*100 -> 0.46067447 | AL8: =AL11+AL15+AL24+AL38+AL49+AL54+AL71+AL77+AL94+AL99+AL111+AL120+AL132+AL143+AL154+AL166+AL177+AL191+AL195+AL207+AL216+AL223+AL236+AL249+AL261+AL269+AL278+AL289+AL299+AL306+AL315+AL324+AL338+AL347+AL356+AL363+AL375+AL384 -> 818539.7 | AM8: =AM11+AM15+AM24+AM38+AM49+AM54+AM71+AM77+AM94+AM99+AM111+AM120+AM132+AM143+AM154+AM166+AM177+AM191+AM195+AM207+AM216+AM223+AM236+AM249+AM261+AM269+AM278+AM289+AM299+AM306+AM315+AM324+AM338+AM347+AM356+AM363+AM375+AM384 -> 123903.27 | AN8: =AM8/AL8*100 -> 15.137112 | AO8: =AO11+AO15+AO24+AO38+AO49+AO54+AO71+AO77+AO94+AO99+AO111+AO120+AO132+AO143+AO154+AO166+AO177+AO191+AO195+AO207+AO216+AO223+AO236+AO249+AO261+AO269+AO278+AO289+AO299+AO306+AO315+AO324+AO338+AO347+AO356+AO363+AO375+AO384 -> 485652.2 | AP8: =AP11+AP15+AP24+AP38+AP49+AP54+AP71+AP77+AP94+AP99+AP111+AP120+AP132+AP143+AP154+AP166+AP177+AP191+AP195+AP207+AP216+AP223+AP236+AP249+AP261+AP269+AP278+AP289+AP299+AP306+AP315+AP324+AP338+AP347+AP356+AP363+AP375+AP384 -> 0 | AQ8: =AP8/AO8*100 -> 0 | AR8: =AR11+AR15+AR24+AR38+AR49+AR54+AR71+AR77+AR94+AR99+AR111+AR120+AR132+AR143+AR154+AR166+AR177+AR191+AR195+AR207+AR216+AR223+AR236+AR249+AR261+AR269+AR278+AR289+AR299+AR306+AR315+AR324+AR338+AR347+AR356+AR363+AR375+AR384 -> 30468 | AS8: =AS11+AS15+AS24+AS38+AS49+AS54+AS71+AS77+AS94+AS99+AS111+AS120+AS132+AS143+AS154+AS166+AS177+AS191+AS195+AS207+AS216+AS223+AS236+AS249+AS261+AS269+AS278+AS289+AS299+AS306+AS315+AS324+AS338+AS347+AS356+AS363+AS375+AS384 -> 2184.3 | AT8: =AS8/AR8*100 -> 7.1691611 | AU8: =AU11+AU15+AU24+AU38+AU49+AU54+AU71+AU77+AU94+AU99+AU111+AU120+AU132+AU143+AU154+AU166+AU177+AU191+AU195+AU207+AU216+AU223+AU236+AU249+AU261+AU269+AU278+AU289+AU299+AU306+AU315+AU324+AU338+AU347+AU356+AU363+AU375+AU384 -> 87281.9 | AV8: =AV11+AV15+AV24+AV38+AV49+AV54+AV71+AV77+AV94+AV99+AV111+AV120+AV132+AV143+AV154+AV166+AV177+AV191+AV195+AV207+AV216+AV223+AV236+AV249+AV261+AV269+AV278+AV289+AV299+AV306+AV315+AV324+AV338+AV347+AV356+AV363+AV375+AV384 -> 7804.3271 | AW8: =AV8/AU8*100 -> 8.9415183 | AX8: =AX11+AX15+AX24+AX38+AX49+AX54+AX71+AX77+AX94+AX99+AX111+AX120+AX132+AX143+AX154+AX166+AX177+AX191+AX195+AX207+AX216+AX223+AX236+AX249+AX261+AX269+AX278+AX289+AX299+AX306+AX315+AX324+AX338+AX347+AX356+AX363+AX375+AX384 -> 1778.7 | AY8: =AY11+AY15+AY24+AY38+AY49+AY54+AY71+AY77+AY94+AY99+AY111+AY120+AY132+AY143+AY154+AY166+AY177+AY191+AY195+AY207+AY216+AY223+AY236+AY249+AY261+AY269+AY278+AY289+AY299+AY306+AY315+AY324+AY338+AY347+AY356+AY363+AY375+AY384 -> 156.6698 | AZ8: =AY8/AX8*100 -> 8.808107 | BA8: =BA11+BA15+BA24+BA38+BA49+BA54+BA71+BA77+BA94+BA99+BA111+BA120+BA132+BA143+BA154+BA166+BA177+BA191+BA195+BA207+BA216+BA223+BA236+BA249+BA261+BA269+BA278+BA289+BA299+BA306+BA315+BA324+BA338+BA347+BA356+BA363+BA375+BA384 -> 179821.2 | BB8: =BB11+BB15+BB24+BB38+BB49+BB54+BB71+BB77+BB94+BB99+BB111+BB120+BB132+BB143+BB154+BB166+BB177+BB191+BB195+BB207+BB216+BB223+BB236+BB249+BB261+BB269+BB278+BB289+BB299+BB306+BB315+BB324+BB338+BB347+BB356+BB363+BB375+BB384 -> 23140.768 | BC8: =BB8/BA8*100 -> 12.868765 | BD8: =BD11+BD15+BD24+BD38+BD49+BD54+BD71+BD77+BD94+BD99+BD111+BD120+BD132+BD143+BD154+BD166+BD177+BD191+BD195+BD207+BD216+BD223+BD236+BD249+BD261+BD269+BD278+BD289+BD299+BD306+BD315+BD324+BD338+BD347+BD356+BD363+BD375+BD384 -> 385498.59 | BE8: =BE11+BE15+BE24+BE38+BE49+BE54+BE71+BE77+BE94+BE99+BE111+BE120+BE132+BE143+BE154+BE166+BE177+BE191+BE195+BE207+BE216+BE223+BE236+BE249+BE261+BE269+BE278+BE289+BE299+BE306+BE315+BE324+BE338+BE347+BE356+BE363+BE375+BE384 -> 0 | BF8: =BE8/BD8*100 -> 0 | BG8: =BG11+BG15+BG24+BG38+BG49+BG54+BG71+BG77+BG94+BG99+BG111+BG120+BG132+BG143+BG154+BG166+BG177+BG191+BG195+BG207+BG216+BG223+BG236+BG249+BG261+BG269+BG278+BG289+BG299+BG306+BG315+BG324+BG338+BG347+BG356+BG363+BG375+BG384 -> 34078.7 | BH8: =BH11+BH15+BH24+BH38+BH49+BH54+BH71+BH77+BH94+BH99+BH111+BH120+BH132+BH143+BH154+BH166+BH177+BH191+BH195+BH207+BH216+BH223+BH236+BH249+BH261+BH269+BH278+BH289+BH299+BH306+BH315+BH324+BH338+BH347+BH356+BH363+BH375+BH384 -> 0 | BI8: =BH8/BG8*100 -> 0 | BJ8: =BJ11+BJ15+BJ24+BJ38+BJ49+BJ54+BJ71+BJ77+BJ94+BJ99+BJ111+BJ120+BJ132+BJ143+BJ154+BJ166+BJ177+BJ191+BJ195+BJ207+BJ216+BJ223+BJ236+BJ249+BJ261+BJ269+BJ278+BJ289+BJ299+BJ306+BJ315+BJ324+BJ338+BJ347+BJ356+BJ363+BJ375+BJ384 -> 16769.4 | BK8: =BK11+BK15+BK24+BK38+BK49+BK54+BK71+BK77+BK94+BK99+BK111+BK120+BK132+BK143+BK154+BK166+BK177+BK191+BK195+BK207+BK216+BK223+BK236+BK249+BK261+BK269+BK278+BK289+BK299+BK306+BK315+BK324+BK338+BK347+BK356+BK363+BK375+BK384 -> 0 | BL8: =BK8/BJ8*100 -> 0 | BM8: =BM11+BM15+BM24+BM38+BM49+BM54+BM71+BM77+BM94+BM99+BM111+BM120+BM132+BM143+BM154+BM166+BM177+BM191+BM195+BM207+BM216+BM223+BM236+BM249+BM261+BM269+BM278+BM289+BM299+BM306+BM315+BM324+BM338+BM347+BM356+BM363+BM375+BM384 -> 0 | BN8: =BN11+BN15+BN24+BN38+BN49+BN54+BN71+BN77+BN94+BN99+BN111+BN120+BN132+BN143+BN154+BN166+BN177+BN191+BN195+BN207+BN216+BN223+BN236+BN249+BN261+BN269+BN278+BN289+BN299+BN306+BN315+BN324+BN338+BN347+BN356+BN363+BN375+BN384 -> 0 | BO8: =BO11+BO15+BO24+BO38+BO49+BO54+BO71+BO77+BO94+BO99+BO111+BO120+BO132+BO143+BO154+BO166+BO177+BO191+BO195+BO207+BO216+BO223+BO236+BO249+BO261+BO269+BO278+BO289+BO299+BO306+BO315+BO324+BO338+BO347+BO356+BO363+BO375+BO384 -> 0 | BP8: =BP11+BP15+BP24+BP38+BP49+BP54+BP71+BP77+BP94+BP99+BP111+BP120+BP132+BP143+BP154+BP166+BP177+BP191+BP195+BP207+BP216+BP223+BP236+BP249+BP261+BP269+BP278+BP289+BP299+BP306+BP315+BP324+BP338+BP347+BP356+BP363+BP375+BP384 -> 82719.8 | BQ8: =BQ11+BQ15+BQ24+BQ38+BQ49+BQ54+BQ71+BQ77+BQ94+BQ99+BQ111+BQ120+BQ132+BQ143+BQ154+BQ166+BQ177+BQ191+BQ195+BQ207+BQ216+BQ223+BQ236+BQ249+BQ261+BQ269+BQ278+BQ289+BQ299+BQ306+BQ315+BQ324+BQ338+BQ347+BQ356+BQ363+BQ375+BQ384 -> 0 | BR8: =BQ8/BP8*100 -> 0 | BS8: =BS11+BS15+BS24+BS38+BS49+BS54+BS71+BS77+BS94+BS99+BS111+BS120+BS132+BS143+BS154+BS166+BS177+BS191+BS195+BS207+BS216+BS223+BS236+BS249+BS261+BS269+BS278+BS289+BS299+BS306+BS315+BS324+BS338+BS347+BS356+BS363+BS375+BS384 -> 65541.5 | BT8: =BT11+BT15+BT24+BT38+BT49+BT54+BT71+BT77+BT94+BT99+BT111+BT120+BT132+BT143+BT154+BT166+BT177+BT191+BT195+BT207+BT216+BT223+BT236+BT249+BT261+BT269+BT278+BT289+BT299+BT306+BT315+BT324+BT338+BT347+BT356+BT363+BT375+BT384 -> 0 | BU8: =BT8/BS8*100 -> 0 | BV8: =BV11+BV15+BV24+BV38+BV49+BV54+BV71+BV77+BV94+BV99+BV111+BV120+BV132+BV143+BV154+BV166+BV177+BV191+BV195+BV207+BV216+BV223+BV236+BV249+BV261+BV269+BV278+BV289+BV299+BV306+BV315+BV324+BV338+BV347+BV356+BV363+BV375+BV384 -> 24694.1 | BW8: =BW11+BW15+BW24+BW38+BW49+BW54+BW71+BW77+BW94+BW99+BW111+BW120+BW132+BW143+BW154+BW166+BW177+BW191+BW195+BW207+BW216+BW223+BW236+BW249+BW261+BW269+BW278+BW289+BW299+BW306+BW315+BW324+BW338+BW347+BW356+BW363+BW375+BW384 -> 0 | BX8: =BW8/BV8*100 -> 0 | BY8: =BY11+BY15+BY24+BY38+BY49+BY54+BY71+BY77+BY94+BY99+BY111+BY120+BY132+BY143+BY154+BY166+BY177+BY191+BY195+BY207+BY216+BY223+BY236+BY249+BY261+BY269+BY278+BY289+BY299+BY306+BY315+BY324+BY338+BY347+BY356+BY363+BY375+BY384 -> 85511.9 | BZ8: =BZ11+BZ15+BZ24+BZ38+BZ49+BZ54+BZ71+BZ77+BZ94+BZ99+BZ111+BZ120+BZ132+BZ143+BZ154+BZ166+BZ177+BZ191+BZ195+BZ207+BZ216+BZ223+BZ236+BZ249+BZ261+BZ269+BZ278+BZ289+BZ299+BZ306+BZ315+BZ324+BZ338+BZ347+BZ356+BZ363+BZ375+BZ384 -> 0 | CA8: =BZ8/BY8*100 -> 0 | CB8: =CB11+CB15+CB24+CB38+CB49+CB54+CB71+CB77+CB94+CB99+CB111+CB120+CB132+CB143+CB154+CB166+CB177+CB191+CB195+CB207+CB216+CB223+CB236+CB249+CB261+CB269+CB278+CB289+CB299+CB306+CB315+CB324+CB338+CB347+CB356+CB363+CB375+CB384 -> 8369.3 | CC8: =CC11+CC15+CC24+CC38+CC49+CC54+CC71+CC77+CC94+CC99+CC111+CC120+CC132+CC143+CC154+CC166+CC177+CC191+CC195+CC207+CC216+CC223+CC236+CC249+CC261+CC269+CC278+CC289+CC299+CC306+CC315+CC324+CC338+CC347+CC356+CC363+CC375+CC384 -> 0 | CD8: =CD11+CD15+CD24+CD38+CD49+CD54+CD71+CD77+CD94+CD99+CD111+CD120+CD132+CD143+CD154+CD166+CD177+CD191+CD195+CD207+CD216+CD223+CD236+CD249+CD261+CD269+CD278+CD289+CD299+CD306+CD315+CD324+CD338+CD347+CD356+CD363+CD375+CD384 -> 0 | CE8: =CE11+CE15+CE24+CE38+CE49+CE54+CE71+CE77+CE94+CE99+CE111+CE120+CE132+CE143+CE154+CE166+CE177+CE191+CE195+CE207+CE216+CE223+CE236+CE249+CE261+CE269+CE278+CE289+CE299+CE306+CE315+CE324+CE338+CE347+CE356+CE363+CE375+CE384 -> 204901.1 | CF8: =CF11+CF15+CF24+CF38+CF49+CF54+CF71+CF77+CF94+CF99+CF111+CF120+CF132+CF143+CF154+CF166+CF177+CF191+CF195+CF207+CF216+CF223+CF236+CF249+CF261+CF269+CF278+CF289+CF299+CF306+CF315+CF324+CF338+CF347+CF356+CF363+CF375+CF384 -> 0 | CG8: =CF8/CE8*100 -> 0 | CH8: =CH11+CH15+CH24+CH38+CH49+CH54+CH71+CH77+CH94+CH99+CH111+CH120+CH132+CH143+CH154+CH166+CH177+CH191+CH195+CH207+CH216+CH223+CH236+CH249+CH261+CH269+CH278+CH289+CH299+CH306+CH315+CH324+CH338+CH347+CH356+CH363+CH375+CH384 -> 6197.6 | CI8: =CI11+CI15+CI24+CI38+CI49+CI54+CI71+CI77+CI94+CI99+CI111+CI120+CI132+CI143+CI154+CI166+CI177+CI191+CI195+CI207+CI216+CI223+CI236+CI249+CI261+CI269+CI278+CI289+CI299+CI306+CI315+CI324+CI338+CI347+CI356+CI363+CI375+CI384 -> 1859.3 | CJ8: =CI8/CH8*100 -> 30.000323 | CK8: =CK11+CK15+CK24+CK38+CK49+CK54+CK71+CK77+CK94+CK99+CK111+CK120+CK132+CK143+CK154+CK166+CK177+CK191+CK195+CK207+CK216+CK223+CK236+CK249+CK261+CK269+CK278+CK289+CK299+CK306+CK315+CK324+CK338+CK347+CK356+CK363+CK375+CK384 -> 16618.3 | CL8: =CL11+CL15+CL24+CL38+CL49+CL54+CL71+CL77+CL94+CL99+CL111+CL120+CL132+CL143+CL154+CL166+CL177+CL191+CL195+CL207+CL216+CL223+CL236+CL249+CL261+CL269+CL278+CL289+CL299+CL306+CL315+CL324+CL338+CL347+CL356+CL363+CL375+CL384 -> 1738.7976 | CM8: =CL8/CK8*100 -> 10.46315 | CN8: =CN11+CN15+CN24+CN38+CN49+CN54+CN71+CN77+CN94+CN99+CN111+CN120+CN132+CN143+CN154+CN166+CN177+CN191+CN195+CN207+CN216+CN223+CN236+CN249+CN261+CN269+CN278+CN289+CN299+CN306+CN315+CN324+CN338+CN347+CN356+CN363+CN375+CN384 -> 586404.6 | CO8: =CO11+CO15+CO24+CO38+CO49+CO54+CO71+CO77+CO94+CO99+CO111+CO120+CO132+CO143+CO154+CO166+CO177+CO191+CO195+CO207+CO216+CO223+CO236+CO249+CO261+CO269+CO278+CO289+CO299+CO306+CO315+CO324+CO338+CO347+CO356+CO363+CO375+CO384 -> 119327.34 | CP8: =CO8/CN8*100 -> 20.348977 | CQ8: =CQ11+CQ15+CQ24+CQ38+CQ49+CQ54+CQ71+CQ77+CQ94+CQ99+CQ111+CQ120+CQ132+CQ143+CQ154+CQ166+CQ177+CQ191+CQ195+CQ207+CQ216+CQ223+CQ236+CQ249+CQ261+CQ269+CQ278+CQ289+CQ299+CQ306+CQ315+CQ324+CQ338+CQ347+CQ356+CQ363+CQ375+CQ384 -> 200000 | CR8: =CR11+CR15+CR24+CR38+CR49+CR54+CR71+CR77+CR94+CR99+CR111+CR120+CR132+CR143+CR154+CR166+CR177+CR191+CR195+CR207+CR216+CR223+CR236+CR249+CR261+CR269+CR278+CR289+CR299+CR306+CR315+CR324+CR338+CR347+CR356+CR363+CR375+CR384 -> 0 | CS8: =CR8/CQ8*100 -> 0 | CT8: =CT11+CT15+CT24+CT38+CT49+CT54+CT71+CT77+CT94+CT99+CT111+CT120+CT132+CT143+CT154+CT166+CT177+CT191+CT195+CT207+CT216+CT223+CT236+CT249+CT261+CT269+CT278+CT289+CT299+CT306+CT315+CT324+CT338+CT347+CT356+CT363+CT375+CT384 -> 0 | CU8: =CU11+CU15+CU24+CU38+CU49+CU54+CU71+CU77+CU94+CU99+CU111+CU120+CU132+CU143+CU154+CU166+CU177+CU191+CU195+CU207+CU216+CU223+CU236+CU249+CU261+CU269+CU278+CU289+CU299+CU306+CU315+CU324+CU338+CU347+CU356+CU363+CU375+CU384 -> 0 | CV8: =CV11+CV15+CV24+CV38+CV49+CV54+CV71+CV77+CV94+CV99+CV111+CV120+CV132+CV143+CV154+CV166+CV177+CV191+CV195+CV207+CV216+CV223+CV236+CV249+CV261+CV269+CV278+CV289+CV299+CV306+CV315+CV324+CV338+CV347+CV356+CV363+CV375+CV384 -> 0 | CW8: =CW11+CW15+CW24+CW38+CW49+CW54+CW71+CW77+CW94+CW99+CW111+CW120+CW132+CW143+CW154+CW166+CW177+CW191+CW195+CW207+CW216+CW223+CW236+CW249+CW261+CW269+CW278+CW289+CW299+CW306+CW315+CW324+CW338+CW347+CW356+CW363+CW375+CW384 -> 245270.6 | CX8: =CX11+CX15+CX24+CX38+CX49+CX54+CX71+CX77+CX94+CX99+CX111+CX120+CX132+CX143+CX154+CX166+CX177+CX191+CX195+CX207+CX216+CX223+CX236+CX249+CX261+CX269+CX278+CX289+CX299+CX306+CX315+CX324+CX338+CX347+CX356+CX363+CX375+CX384 -> 0 | CY8: =CX8/CW8*100 -> 0 | CZ8: =CZ11+CZ15+CZ24+CZ38+CZ49+CZ54+CZ71+CZ77+CZ94+CZ99+CZ111+CZ120+CZ132+CZ143+CZ154+CZ166+CZ177+CZ191+CZ195+CZ207+CZ216+CZ223+CZ236+CZ249+CZ261+CZ269+CZ278+CZ289+CZ299+CZ306+CZ315+CZ324+CZ338+CZ347+CZ356+CZ363+CZ375+CZ384 -> 48007.1 | DA8: =DA11+DA15+DA24+DA38+DA49+DA54+DA71+DA77+DA94+DA99+DA111+DA120+DA132+DA143+DA154+DA166+DA177+DA191+DA195+DA207+DA216+DA223+DA236+DA249+DA261+DA269+DA278+DA289+DA299+DA306+DA315+DA324+DA338+DA347+DA356+DA363+DA375+DA384 -> 0 | DB8: =DA8/CZ8*100 -> 0 | DC8: =DC11+DC15+DC24+DC38+DC49+DC54+DC71+DC77+DC94+DC99+DC111+DC120+DC132+DC143+DC154+DC166+DC177+DC191+DC195+DC207+DC216+DC223+DC236+DC249+DC261+DC269+DC278+DC289+DC299+DC306+DC315+DC324+DC338+DC347+DC356+DC363+DC375+DC384 -> 42920.1 | DD8: =DD11+DD15+DD24+DD38+DD49+DD54+DD71+DD77+DD94+DD99+DD111+DD120+DD132+DD143+DD154+DD166+DD177+DD191+DD195+DD207+DD216+DD223+DD236+DD249+DD261+DD269+DD278+DD289+DD299+DD306+DD315+DD324+DD338+DD347+DD356+DD363+DD375+DD384 -> 0 | DE8: =DD8/DC8*100 -> 0 | DF8: =DF11+DF15+DF24+DF38+DF49+DF54+DF71+DF77+DF94+DF99+DF111+DF120+DF132+DF143+DF154+DF166+DF177+DF191+DF195+DF207+DF216+DF223+DF236+DF249+DF261+DF269+DF278+DF289+DF299+DF306+DF315+DF324+DF338+DF347+DF356+DF363+DF375+DF384 -> 106674 | DG8: =DG11+DG15+DG24+DG38+DG49+DG54+DG71+DG77+DG94+DG99+DG111+DG120+DG132+DG143+DG154+DG166+DG177+DG191+DG195+DG207+DG216+DG223+DG236+DG249+DG261+DG269+DG278+DG289+DG299+DG306+DG315+DG324+DG338+DG347+DG356+DG363+DG375+DG384 -> 0 | DH8: =DG8/DF8*100 -> 0
A9: Муниципальные районы области (собственный): | B9: =E9+H9+K9+N9+Q9+T9+W9+Z9+AC9+AF9+AI9+AL9+AO9+AR9+AU9+AX9+BA9+BD9+BG9+BJ9+BM9+BP9+BS9+BV9+BY9+CB9+CE9+CH9+CK9+CN9+CQ9+CT9+CW9+CZ9+DC9+DF9 -> 3077394.6 | C9: =F9+I9+L9+O9+R9+U9+X9+AA9+AD9+AG9+AJ9+AM9+AP9+AS9+AV9+AY9+BB9+BE9+BH9+BK9+BN9+BQ9+BT9+BW9+BZ9+CC9+CF9+CI9+CL9+CO9+CR9+CU9+CX9+DA9+DD9+DG9 -> 286333.1 | D9: =C9/B9*100 -> 9.3044001 | E9: =E12+E16+E25+E39+E50+E55+E72+E78+E95+E100+E112+E121+E133+E144+E155+E167+E178+E192+E196+E208+E217+E224+E237+E250+E262+E270+E279+E290+E300+E307+E316+E325+E339+E348+E357+E364+E376+E385 -> 16624.9 | F9: =F12+F16+F25+F39+F50+F55+F72+F78+F95+F100+F112+F121+F133+F144+F155+F167+F178+F192+F196+F208+F217+F224+F237+F250+F262+F270+F279+F290+F300+F307+F316+F325+F339+F348+F357+F364+F376+F385 -> 0 | G9: =F9/E9*100 -> 0 | H9: =H12+H16+H25+H39+H50+H55+H72+H78+H95+H100+H112+H121+H133+H144+H155+H167+H178+H192+H196+H208+H217+H224+H237+H250+H262+H270+H279+H290+H300+H307+H316+H325+H339+H348+H357+H364+H376+H385 -> 99643 | I9: =I12+I16+I25+I39+I50+I55+I72+I78+I95+I100+I112+I121+I133+I144+I155+I167+I178+I192+I196+I208+I217+I224+I237+I250+I262+I270+I279+I290+I300+I307+I316+I325+I339+I348+I357+I364+I376+I385 -> 0 | J9: =I9/H9*100 -> 0 | K9: =K12+K16+K25+K39+K50+K55+K72+K78+K95+K100+K112+K121+K133+K144+K155+K167+K178+K192+K196+K208+K217+K224+K237+K250+K262+K270+K279+K290+K300+K307+K316+K325+K339+K348+K357+K364+K376+K385 -> 54023.1 | L9: =L12+L16+L25+L39+L50+L55+L72+L78+L95+L100+L112+L121+L133+L144+L155+L167+L178+L192+L196+L208+L217+L224+L237+L250+L262+L270+L279+L290+L300+L307+L316+L325+L339+L348+L357+L364+L376+L385 -> 0 | M9: =L9/K9*100 -> 0 | N9: =N12+N16+N25+N39+N50+N55+N72+N78+N95+N100+N112+N121+N133+N144+N155+N167+N178+N192+N196+N208+N217+N224+N237+N250+N262+N270+N279+N290+N300+N307+N316+N325+N339+N348+N357+N364+N376+N385 -> 0 | O9: =O12+O16+O25+O39+O50+O55+O72+O78+O95+O100+O112+O121+O133+O144+O155+O167+O178+O192+O196+O208+O217+O224+O237+O250+O262+O270+O279+O290+O300+O307+O316+O325+O339+O348+O357+O364+O376+O385 -> 0 | Q9: =Q12+Q16+Q25+Q39+Q50+Q55+Q72+Q78+Q95+Q100+Q112+Q121+Q133+Q144+Q155+Q167+Q178+Q192+Q196+Q208+Q217+Q224+Q237+Q250+Q262+Q270+Q279+Q290+Q300+Q307+Q316+Q325+Q339+Q348+Q357+Q364+Q376+Q385 -> 5029.2 | R9: =R12+R16+R25+R39+R50+R55+R72+R78+R95+R100+R112+R121+R133+R144+R155+R167+R178+R192+R196+R208+R217+R224+R237+R250+R262+R270+R279+R290+R300+R307+R316+R325+R339+R348+R357+R364+R376+R385 -> 5029.2 | S9: =R9/Q9*100 -> 100 | T9: =T12+T16+T25+T39+T50+T55+T72+T78+T95+T100+T112+T121+T133+T144+T155+T167+T178+T192+T196+T208+T217+T224+T237+T250+T262+T270+T279+T290+T300+T307+T316+T325+T339+T348+T357+T364+T376+T385 -> 37892 | U9: =U12+U16+U25+U39+U50+U55+U72+U78+U95+U100+U112+U121+U133+U144+U155+U167+U178+U192+U196+U208+U217+U224+U237+U250+U262+U270+U279+U290+U300+U307+U316+U325+U339+U348+U357+U364+U376+U385 -> 6779.6 | V9: =U9/T9*100 -> 17.891903 | W9: =W12+W16+W25+W39+W50+W55+W72+W78+W95+W100+W112+W121+W133+W144+W155+W167+W178+W192+W196+W208+W217+W224+W237+W250+W262+W270+W279+W290+W300+W307+W316+W325+W339+W348+W357+W364+W376+W385 -> 2346.9389 | X9: =X12+X16+X25+X39+X50+X55+X72+X78+X95+X100+X112+X121+X133+X144+X155+X167+X178+X192+X196+X208+X217+X224+X237+X250+X262+X270+X279+X290+X300+X307+X316+X325+X339+X348+X357+X364+X376+X385 -> 1734.6941 | Y9: =X9/W9*100 -> 73.913049 | Z9: =Z12+Z16+Z25+Z39+Z50+Z55+Z72+Z78+Z95+Z100+Z112+Z121+Z133+Z144+Z155+Z167+Z178+Z192+Z196+Z208+Z217+Z224+Z237+Z250+Z262+Z270+Z279+Z290+Z300+Z307+Z316+Z325+Z339+Z348+Z357+Z364+Z376+Z385 -> 816.32658 | AA9: =AA12+AA16+AA25+AA39+AA50+AA55+AA72+AA78+AA95+AA100+AA112+AA121+AA133+AA144+AA155+AA167+AA178+AA192+AA196+AA208+AA217+AA224+AA237+AA250+AA262+AA270+AA279+AA290+AA300+AA307+AA316+AA325+AA339+AA348+AA357+AA364+AA376+AA385 -> 510.20411 | AB9: =AA9/Z9*100 -> 62.5 | AC9: =AC12+AC16+AC25+AC39+AC50+AC55+AC72+AC78+AC95+AC100+AC112+AC121+AC133+AC144+AC155+AC167+AC178+AC192+AC196+AC208+AC217+AC224+AC237+AC250+AC262+AC270+AC279+AC290+AC300+AC307+AC316+AC325+AC339+AC348+AC357+AC364+AC376+AC385 -> 5300 | AD9: =AD12+AD16+AD25+AD39+AD50+AD55+AD72+AD78+AD95+AD100+AD112+AD121+AD133+AD144+AD155+AD167+AD178+AD192+AD196+AD208+AD217+AD224+AD237+AD250+AD262+AD270+AD279+AD290+AD300+AD307+AD316+AD325+AD339+AD348+AD357+AD364+AD376+AD385 -> 0 | AE9: =AD9/AC9*100 -> 0 | AF9: =AF12+AF16+AF25+AF39+AF50+AF55+AF72+AF78+AF95+AF100+AF112+AF121+AF133+AF144+AF155+AF167+AF178+AF192+AF196+AF208+AF217+AF224+AF237+AF250+AF262+AF270+AF279+AF290+AF300+AF307+AF316+AF325+AF339+AF348+AF357+AF364+AF376+AF385 -> 0 | AG9: =AG12+AG16+AG25+AG39+AG50+AG55+AG72+AG78+AG95+AG100+AG112+AG121+AG133+AG144+AG155+AG167+AG178+AG192+AG196+AG208+AG217+AG224+AG237+AG250+AG262+AG270+AG279+AG290+AG300+AG307+AG316+AG325+AG339+AG348+AG357+AG364+AG376+AG385 -> 0 | AI9: =AI12+AI16+AI25+AI39+AI50+AI55+AI72+AI78+AI95+AI100+AI112+AI121+AI133+AI144+AI155+AI167+AI178+AI192+AI196+AI208+AI217+AI224+AI237+AI250+AI262+AI270+AI279+AI290+AI300+AI307+AI316+AI325+AI339+AI348+AI357+AI364+AI376+AI385 -> 0 | AJ9: =AJ12+AJ16+AJ25+AJ39+AJ50+AJ55+AJ72+AJ78+AJ95+AJ100+AJ112+AJ121+AJ133+AJ144+AJ155+AJ167+AJ178+AJ192+AJ196+AJ208+AJ217+AJ224+AJ237+AJ250+AJ262+AJ270+AJ279+AJ290+AJ300+AJ307+AJ316+AJ325+AJ339+AJ348+AJ357+AJ364+AJ376+AJ385 -> 0 | AL9: =AL12+AL16+AL25+AL39+AL50+AL55+AL72+AL78+AL95+AL100+AL112+AL121+AL133+AL144+AL155+AL167+AL178+AL192+AL196+AL208+AL217+AL224+AL237+AL250+AL262+AL270+AL279+AL290+AL300+AL307+AL316+AL325+AL339+AL348+AL357+AL364+AL376+AL385 -> 818539.7 | AM9: =AM12+AM16+AM25+AM39+AM50+AM55+AM72+AM78+AM95+AM100+AM112+AM121+AM133+AM144+AM155+AM167+AM178+AM192+AM196+AM208+AM217+AM224+AM237+AM250+AM262+AM270+AM279+AM290+AM300+AM307+AM316+AM325+AM339+AM348+AM357+AM364+AM376+AM385 -> 123903.27 | AN9: =AM9/AL9*100 -> 15.137112 | AO9: =AO12+AO16+AO25+AO39+AO50+AO55+AO72+AO78+AO95+AO100+AO112+AO121+AO133+AO144+AO155+AO167+AO178+AO192+AO196+AO208+AO217+AO224+AO237+AO250+AO262+AO270+AO279+AO290+AO300+AO307+AO316+AO325+AO339+AO348+AO357+AO364+AO376+AO385 -> 485652.2 | AP9: =AP12+AP16+AP25+AP39+AP50+AP55+AP72+AP78+AP95+AP100+AP112+AP121+AP133+AP144+AP155+AP167+AP178+AP192+AP196+AP208+AP217+AP224+AP237+AP250+AP262+AP270+AP279+AP290+AP300+AP307+AP316+AP325+AP339+AP348+AP357+AP364+AP376+AP385 -> 0 | AQ9: =AP9/AO9*100 -> 0 | AR9: =AR12+AR16+AR25+AR39+AR50+AR55+AR72+AR78+AR95+AR100+AR112+AR121+AR133+AR144+AR155+AR167+AR178+AR192+AR196+AR208+AR217+AR224+AR237+AR250+AR262+AR270+AR279+AR290+AR300+AR307+AR316+AR325+AR339+AR348+AR357+AR364+AR376+AR385 -> 30468 | AS9: =AS12+AS16+AS25+AS39+AS50+AS55+AS72+AS78+AS95+AS100+AS112+AS121+AS133+AS144+AS155+AS167+AS178+AS192+AS196+AS208+AS217+AS224+AS237+AS250+AS262+AS270+AS279+AS290+AS300+AS307+AS316+AS325+AS339+AS348+AS357+AS364+AS376+AS385 -> 2184.3 | AT9: =AS9/AR9*100 -> 7.1691611 | AU9: =AU12+AU16+AU25+AU39+AU50+AU55+AU72+AU78+AU95+AU100+AU112+AU121+AU133+AU144+AU155+AU167+AU178+AU192+AU196+AU208+AU217+AU224+AU237+AU250+AU262+AU270+AU279+AU290+AU300+AU307+AU316+AU325+AU339+AU348+AU357+AU364+AU376+AU385 -> 3969.8 | AV9: =AV12+AV16+AV25+AV39+AV50+AV55+AV72+AV78+AV95+AV100+AV112+AV121+AV133+AV144+AV155+AV167+AV178+AV192+AV196+AV208+AV217+AV224+AV237+AV250+AV262+AV270+AV279+AV290+AV300+AV307+AV316+AV325+AV339+AV348+AV357+AV364+AV376+AV385 -> 125.6298 | AW9: =AV9/AU9*100 -> 3.164638 | AX9: =AX12+AX16+AX25+AX39+AX50+AX55+AX72+AX78+AX95+AX100+AX112+AX121+AX133+AX144+AX155+AX167+AX178+AX192+AX196+AX208+AX217+AX224+AX237+AX250+AX262+AX270+AX279+AX290+AX300+AX307+AX316+AX325+AX339+AX348+AX357+AX364+AX376+AX385 -> 78.5 | AY9: =AY12+AY16+AY25+AY39+AY50+AY55+AY72+AY78+AY95+AY100+AY112+AY121+AY133+AY144+AY155+AY167+AY178+AY192+AY196+AY208+AY217+AY224+AY237+AY250+AY262+AY270+AY279+AY290+AY300+AY307+AY316+AY325+AY339+AY348+AY357+AY364+AY376+AY385 -> 0 | AZ9: =AY9/AX9*100 -> 0 | BA9: =BA12+BA16+BA25+BA39+BA50+BA55+BA72+BA78+BA95+BA100+BA112+BA121+BA133+BA144+BA155+BA167+BA178+BA192+BA196+BA208+BA217+BA224+BA237+BA250+BA262+BA270+BA279+BA290+BA300+BA307+BA316+BA325+BA339+BA348+BA357+BA364+BA376+BA385 -> 179821.2 | BB9: =BB12+BB16+BB25+BB39+BB50+BB55+BB72+BB78+BB95+BB100+BB112+BB121+BB133+BB144+BB155+BB167+BB178+BB192+BB196+BB208+BB217+BB224+BB237+BB250+BB262+BB270+BB279+BB290+BB300+BB307+BB316+BB325+BB339+BB348+BB357+BB364+BB376+BB385 -> 23140.768 | BC9: =BB9/BA9*100 -> 12.868765 | BD9: =BD12+BD16+BD25+BD39+BD50+BD55+BD72+BD78+BD95+BD100+BD112+BD121+BD133+BD144+BD155+BD167+BD178+BD192+BD196+BD208+BD217+BD224+BD237+BD250+BD262+BD270+BD279+BD290+BD300+BD307+BD316+BD325+BD339+BD348+BD357+BD364+BD376+BD385 -> 0 | BE9: =BE12+BE16+BE25+BE39+BE50+BE55+BE72+BE78+BE95+BE100+BE112+BE121+BE133+BE144+BE155+BE167+BE178+BE192+BE196+BE208+BE217+BE224+BE237+BE250+BE262+BE270+BE279+BE290+BE300+BE307+BE316+BE325+BE339+BE348+BE357+BE364+BE376+BE385 -> 0 | BG9: =BG12+BG16+BG25+BG39+BG50+BG55+BG72+BG78+BG95+BG100+BG112+BG121+BG133+BG144+BG155+BG167+BG178+BG192+BG196+BG208+BG217+BG224+BG237+BG250+BG262+BG270+BG279+BG290+BG300+BG307+BG316+BG325+BG339+BG348+BG357+BG364+BG376+BG385 -> 0 | BH9: =BH12+BH16+BH25+BH39+BH50+BH55+BH72+BH78+BH95+BH100+BH112+BH121+BH133+BH144+BH155+BH167+BH178+BH192+BH196+BH208+BH217+BH224+BH237+BH250+BH262+BH270+BH279+BH290+BH300+BH307+BH316+BH325+BH339+BH348+BH357+BH364+BH376+BH385 -> 0 | BJ9: =BJ12+BJ16+BJ25+BJ39+BJ50+BJ55+BJ72+BJ78+BJ95+BJ100+BJ112+BJ121+BJ133+BJ144+BJ155+BJ167+BJ178+BJ192+BJ196+BJ208+BJ217+BJ224+BJ237+BJ250+BJ262+BJ270+BJ279+BJ290+BJ300+BJ307+BJ316+BJ325+BJ339+BJ348+BJ357+BJ364+BJ376+BJ385 -> 0 | BK9: =BK12+BK16+BK25+BK39+BK50+BK55+BK72+BK78+BK95+BK100+BK112+BK121+BK133+BK144+BK155+BK167+BK178+BK192+BK196+BK208+BK217+BK224+BK237+BK250+BK262+BK270+BK279+BK290+BK300+BK307+BK316+BK325+BK339+BK348+BK357+BK364+BK376+BK385 -> 0 | BM9: =BM12+BM16+BM25+BM39+BM50+BM55+BM72+BM78+BM95+BM100+BM112+BM121+BM133+BM144+BM155+BM167+BM178+BM192+BM196+BM208+BM217+BM224+BM237+BM250+BM262+BM270+BM279+BM290+BM300+BM307+BM316+BM325+BM339+BM348+BM357+BM364+BM376+BM385 -> 0 | BN9: =BN12+BN16+BN25+BN39+BN50+BN55+BN72+BN78+BN95+BN100+BN112+BN121+BN133+BN144+BN155+BN167+BN178+BN192+BN196+BN208+BN217+BN224+BN237+BN250+BN262+BN270+BN279+BN290+BN300+BN307+BN316+BN325+BN339+BN348+BN357+BN364+BN376+BN385 -> 0 | BO9: =BO12+BO16+BO25+BO39+BO50+BO55+BO72+BO78+BO95+BO100+BO112+BO121+BO133+BO144+BO155+BO167+BO178+BO192+BO196+BO208+BO217+BO224+BO237+BO250+BO262+BO270+BO279+BO290+BO300+BO307+BO316+BO325+BO339+BO348+BO357+BO364+BO376+BO385 -> 0 | BP9: =BP12+BP16+BP25+BP39+BP50+BP55+BP72+BP78+BP95+BP100+BP112+BP121+BP133+BP144+BP155+BP167+BP178+BP192+BP196+BP208+BP217+BP224+BP237+BP250+BP262+BP270+BP279+BP290+BP300+BP307+BP316+BP325+BP339+BP348+BP357+BP364+BP376+BP385 -> 34322.2 | BQ9: =BQ12+BQ16+BQ25+BQ39+BQ50+BQ55+BQ72+BQ78+BQ95+BQ100+BQ112+BQ121+BQ133+BQ144+BQ155+BQ167+BQ178+BQ192+BQ196+BQ208+BQ217+BQ224+BQ237+BQ250+BQ262+BQ270+BQ279+BQ290+BQ300+BQ307+BQ316+BQ325+BQ339+BQ348+BQ357+BQ364+BQ376+BQ385 -> 0 | BR9: =BQ9/BP9*100 -> 0 | BS9: =BS12+BS16+BS25+BS39+BS50+BS55+BS72+BS78+BS95+BS100+BS112+BS121+BS133+BS144+BS155+BS167+BS178+BS192+BS196+BS208+BS217+BS224+BS237+BS250+BS262+BS270+BS279+BS290+BS300+BS307+BS316+BS325+BS339+BS348+BS357+BS364+BS376+BS385 -> 0 | BT9: =BT12+BT16+BT25+BT39+BT50+BT55+BT72+BT78+BT95+BT100+BT112+BT121+BT133+BT144+BT155+BT167+BT178+BT192+BT196+BT208+BT217+BT224+BT237+BT250+BT262+BT270+BT279+BT290+BT300+BT307+BT316+BT325+BT339+BT348+BT357+BT364+BT376+BT385 -> 0 | BV9: =BV12+BV16+BV25+BV39+BV50+BV55+BV72+BV78+BV95+BV100+BV112+BV121+BV133+BV144+BV155+BV167+BV178+BV192+BV196+BV208+BV217+BV224+BV237+BV250+BV262+BV270+BV279+BV290+BV300+BV307+BV316+BV325+BV339+BV348+BV357+BV364+BV376+BV385 -> 0 | BW9: =BW12+BW16+BW25+BW39+BW50+BW55+BW72+BW78+BW95+BW100+BW112+BW121+BW133+BW144+BW155+BW167+BW178+BW192+BW196+BW208+BW217+BW224+BW237+BW250+BW262+BW270+BW279+BW290+BW300+BW307+BW316+BW325+BW339+BW348+BW357+BW364+BW376+BW385 -> 0 | BY9: =BY12+BY16+BY25+BY39+BY50+BY55+BY72+BY78+BY95+BY100+BY112+BY121+BY133+BY144+BY155+BY167+BY178+BY192+BY196+BY208+BY217+BY224+BY237+BY250+BY262+BY270+BY279+BY290+BY300+BY307+BY316+BY325+BY339+BY348+BY357+BY364+BY376+BY385 -> 85511.9 | BZ9: =BZ12+BZ16+BZ25+BZ39+BZ50+BZ55+BZ72+BZ78+BZ95+BZ100+BZ112+BZ121+BZ133+BZ144+BZ155+BZ167+BZ178+BZ192+BZ196+BZ208+BZ217+BZ224+BZ237+BZ250+BZ262+BZ270+BZ279+BZ290+BZ300+BZ307+BZ316+BZ325+BZ339+BZ348+BZ357+BZ364+BZ376+BZ385 -> 0 | CA9: =BZ9/BY9*100 -> 0 | CB9: =CB12+CB16+CB25+CB39+CB50+CB55+CB72+CB78+CB95+CB100+CB112+CB121+CB133+CB144+CB155+CB167+CB178+CB192+CB196+CB208+CB217+CB224+CB237+CB250+CB262+CB270+CB279+CB290+CB300+CB307+CB316+CB325+CB339+CB348+CB357+CB364+CB376+CB385 -> 8369.3 | CC9: =CC12+CC16+CC25+CC39+CC50+CC55+CC72+CC78+CC95+CC100+CC112+CC121+CC133+CC144+CC155+CC167+CC178+CC192+CC196+CC208+CC217+CC224+CC237+CC250+CC262+CC270+CC279+CC290+CC300+CC307+CC316+CC325+CC339+CC348+CC357+CC364+CC376+CC385 -> 0 | CD9: =CD12+CD16+CD25+CD39+CD50+CD55+CD72+CD78+CD95+CD100+CD112+CD121+CD133+CD144+CD155+CD167+CD178+CD192+CD196+CD208+CD217+CD224+CD237+CD250+CD262+CD270+CD279+CD290+CD300+CD307+CD316+CD325+CD339+CD348+CD357+CD364+CD376+CD385 -> 0 | CE9: =CE12+CE16+CE25+CE39+CE50+CE55+CE72+CE78+CE95+CE100+CE112+CE121+CE133+CE144+CE155+CE167+CE178+CE192+CE196+CE208+CE217+CE224+CE237+CE250+CE262+CE270+CE279+CE290+CE300+CE307+CE316+CE325+CE339+CE348+CE357+CE364+CE376+CE385 -> 204901.1 | CF9: =CF12+CF16+CF25+CF39+CF50+CF55+CF72+CF78+CF95+CF100+CF112+CF121+CF133+CF144+CF155+CF167+CF178+CF192+CF196+CF208+CF217+CF224+CF237+CF250+CF262+CF270+CF279+CF290+CF300+CF307+CF316+CF325+CF339+CF348+CF357+CF364+CF376+CF385 -> 0 | CG9: =CF9/CE9*100 -> 0 | CH9: =CH12+CH16+CH25+CH39+CH50+CH55+CH72+CH78+CH95+CH100+CH112+CH121+CH133+CH144+CH155+CH167+CH178+CH192+CH196+CH208+CH217+CH224+CH237+CH250+CH262+CH270+CH279+CH290+CH300+CH307+CH316+CH325+CH339+CH348+CH357+CH364+CH376+CH385 -> 6197.6 | CI9: =CI12+CI16+CI25+CI39+CI50+CI55+CI72+CI78+CI95+CI100+CI112+CI121+CI133+CI144+CI155+CI167+CI178+CI192+CI196+CI208+CI217+CI224+CI237+CI250+CI262+CI270+CI279+CI290+CI300+CI307+CI316+CI325+CI339+CI348+CI357+CI364+CI376+CI385 -> 1859.3 | CJ9: =CI9/CH9*100 -> 30.000323 | CK9: =CK12+CK16+CK25+CK39+CK50+CK55+CK72+CK78+CK95+CK100+CK112+CK121+CK133+CK144+CK155+CK167+CK178+CK192+CK196+CK208+CK217+CK224+CK237+CK250+CK262+CK270+CK279+CK290+CK300+CK307+CK316+CK325+CK339+CK348+CK357+CK364+CK376+CK385 -> 16618.3 | CL9: =CL12+CL16+CL25+CL39+CL50+CL55+CL72+CL78+CL95+CL100+CL112+CL121+CL133+CL144+CL155+CL167+CL178+CL192+CL196+CL208+CL217+CL224+CL237+CL250+CL262+CL270+CL279+CL290+CL300+CL307+CL316+CL325+CL339+CL348+CL357+CL364+CL376+CL385 -> 1738.7976 | CM9: =CL9/CK9*100 -> 10.46315 | CN9: =CN12+CN16+CN25+CN39+CN50+CN55+CN72+CN78+CN95+CN100+CN112+CN121+CN133+CN144+CN155+CN167+CN178+CN192+CN196+CN208+CN217+CN224+CN237+CN250+CN262+CN270+CN279+CN290+CN300+CN307+CN316+CN325+CN339+CN348+CN357+CN364+CN376+CN385 -> 586404.6 | CO9: =CO12+CO16+CO25+CO39+CO50+CO55+CO72+CO78+CO95+CO100+CO112+CO121+CO133+CO144+CO155+CO167+CO178+CO192+CO196+CO208+CO217+CO224+CO237+CO250+CO262+CO270+CO279+CO290+CO300+CO307+CO316+CO325+CO339+CO348+CO357+CO364+CO376+CO385 -> 119327.34 | CP9: =CO9/CN9*100 -> 20.348977 | CQ9: =CQ12+CQ16+CQ25+CQ39+CQ50+CQ55+CQ72+CQ78+CQ95+CQ100+CQ112+CQ121+CQ133+CQ144+CQ155+CQ167+CQ178+CQ192+CQ196+CQ208+CQ217+CQ224+CQ237+CQ250+CQ262+CQ270+CQ279+CQ290+CQ300+CQ307+CQ316+CQ325+CQ339+CQ348+CQ357+CQ364+CQ376+CQ385 -> 0 | CR9: =CR12+CR16+CR25+CR39+CR50+CR55+CR72+CR78+CR95+CR100+CR112+CR121+CR133+CR144+CR155+CR167+CR178+CR192+CR196+CR208+CR217+CR224+CR237+CR250+CR262+CR270+CR279+CR290+CR300+CR307+CR316+CR325+CR339+CR348+CR357+CR364+CR376+CR385 -> 0 | CT9: =CT12+CT16+CT25+CT39+CT50+CT55+CT72+CT78+CT95+CT100+CT112+CT121+CT133+CT144+CT155+CT167+CT178+CT192+CT196+CT208+CT217+CT224+CT237+CT250+CT262+CT270+CT279+CT290+CT300+CT307+CT316+CT325+CT339+CT348+CT357+CT364+CT376+CT385 -> 0 | CU9: =CU12+CU16+CU25+CU39+CU50+CU55+CU72+CU78+CU95+CU100+CU112+CU121+CU133+CU144+CU155+CU167+CU178+CU192+CU196+CU208+CU217+CU224+CU237+CU250+CU262+CU270+CU279+CU290+CU300+CU307+CU316+CU325+CU339+CU348+CU357+CU364+CU376+CU385 -> 0 | CV9: =CV12+CV16+CV25+CV39+CV50+CV55+CV72+CV78+CV95+CV100+CV112+CV121+CV133+CV144+CV155+CV167+CV178+CV192+CV196+CV208+CV217+CV224+CV237+CV250+CV262+CV270+CV279+CV290+CV300+CV307+CV316+CV325+CV339+CV348+CV357+CV364+CV376+CV385 -> 0 | CW9: =CW12+CW16+CW25+CW39+CW50+CW55+CW72+CW78+CW95+CW100+CW112+CW121+CW133+CW144+CW155+CW167+CW178+CW192+CW196+CW208+CW217+CW224+CW237+CW250+CW262+CW270+CW279+CW290+CW300+CW307+CW316+CW325+CW339+CW348+CW357+CW364+CW376+CW385 -> 245270.6 | CX9: =CX12+CX16+CX25+CX39+CX50+CX55+CX72+CX78+CX95+CX100+CX112+CX121+CX133+CX144+CX155+CX167+CX178+CX192+CX196+CX208+CX217+CX224+CX237+CX250+CX262+CX270+CX279+CX290+CX300+CX307+CX316+CX325+CX339+CX348+CX357+CX364+CX376+CX385 -> 0 | CZ9: =CZ12+CZ16+CZ25+CZ39+CZ50+CZ55+CZ72+CZ78+CZ95+CZ100+CZ112+CZ121+CZ133+CZ144+CZ155+CZ167+CZ178+CZ192+CZ196+CZ208+CZ217+CZ224+CZ237+CZ250+CZ262+CZ270+CZ279+CZ290+CZ300+CZ307+CZ316+CZ325+CZ339+CZ348+CZ357+CZ364+CZ376+CZ385 -> 0 | DA9: =DA12+DA16+DA25+DA39+DA50+DA55+DA72+DA78+DA95+DA100+DA112+DA121+DA133+DA144+DA155+DA167+DA178+DA192+DA196+DA208+DA217+DA224+DA237+DA250+DA262+DA270+DA279+DA290+DA300+DA307+DA316+DA325+DA339+DA348+DA357+DA364+DA376+DA385 -> 0 | DC9: =DC12+DC16+DC25+DC39+DC50+DC55+DC72+DC78+DC95+DC100+DC112+DC121+DC133+DC144+DC155+DC167+DC178+DC192+DC196+DC208+DC217+DC224+DC237+DC250+DC262+DC270+DC279+DC290+DC300+DC307+DC316+DC325+DC339+DC348+DC357+DC364+DC376+DC385 -> 42920.1 | DD9: =DD12+DD16+DD25+DD39+DD50+DD55+DD72+DD78+DD95+DD100+DD112+DD121+DD133+DD144+DD155+DD167+DD178+DD192+DD196+DD208+DD217+DD224+DD237+DD250+DD262+DD270+DD279+DD290+DD300+DD307+DD316+DD325+DD339+DD348+DD357+DD364+DD376+DD385 -> 0 | DF9: =DF12+DF16+DF25+DF39+DF50+DF55+DF72+DF78+DF95+DF100+DF112+DF121+DF133+DF144+DF155+DF167+DF178+DF192+DF196+DF208+DF217+DF224+DF237+DF250+DF262+DF270+DF279+DF290+DF300+DF307+DF316+DF325+DF339+DF348+DF357+DF364+DF376+DF385 -> 106674 | DG9: =DG12+DG16+DG25+DG39+DG50+DG55+DG72+DG78+DG95+DG100+DG112+DG121+DG133+DG144+DG155+DG167+DG178+DG192+DG196+DG208+DG217+DG224+DG237+DG250+DG262+DG270+DG279+DG290+DG300+DG307+DG316+DG325+DG339+DG348+DG357+DG364+DG376+DG385 -> 0
A10: Поселения: | B10: =E10+H10+K10+N10+Q10+T10+W10+Z10+AC10+AF10+AI10+AL10+AO10+AR10+AU10+AX10+BA10+BD10+BG10+BJ10+BM10+BP10+BS10+BV10+BY10+CB10+CE10+CH10+CK10+CN10+CQ10+CT10+CW10+CZ10+DC10+DF10 -> 1081998.7 | C10: =F10+I10+L10+O10+R10+U10+X10+AA10+AD10+AG10+AJ10+AM10+AP10+AS10+AV10+AY10+BB10+BE10+BH10+BK10+BN10+BQ10+BT10+BW10+BZ10+CC10+CF10+CI10+CL10+CO10+CR10+CU10+CX10+DA10+DD10+DG10 -> 8650.9924 | D10: =C10/B10*100 -> 0.79953814 | E10: =SUM(E13:E14)+SUM(E17:E23)+SUM(E26:E37)+SUM(E40:E48)+SUM(E51:E53)+SUM(E56:E70)+SUM(E73:E76)+SUM(E79:E93)+SUM(E96:E98)+SUM(E101:E110)+SUM(E113:E119)+SUM(E122:E131)+SUM(E134:E142)+SUM(E145:E153)+SUM(E156:E165)+SUM(E168:E176)+SUM(E179:E190)+SUM(E193:E194)+SUM(E197:E206)+SUM(E209:E215)+SUM(E218:E222)+SUM(E225:E235)+SUM(E225:E235)+SUM(E238:E248)+SUM(E251:E260)+SUM(E263:E268)+SUM(E271:E277)+SUM(E280:E288)+SUM(E291:E298)+SUM(E301:E305)+SUM(E308:E314)+SUM(E317:E323)+SUM(E326:E337)+SUM(E340:E346)+SUM(E349:E355)+SUM(E358:E362)+SUM(E365:E374)+SUM(E377:E383)+SUM(E386:E390) -> 0 | F10: =SUM(F13:F14)+SUM(F17:F23)+SUM(F26:F37)+SUM(F40:F48)+SUM(F51:F53)+SUM(F56:F70)+SUM(F73:F76)+SUM(F79:F93)+SUM(F96:F98)+SUM(F101:F110)+SUM(F113:F119)+SUM(F122:F131)+SUM(F134:F142)+SUM(F145:F153)+SUM(F156:F165)+SUM(F168:F176)+SUM(F179:F190)+SUM(F193:F194)+SUM(F197:F206)+SUM(F209:F215)+SUM(F218:F222)+SUM(F225:F235)+SUM(F225:F235)+SUM(F238:F248)+SUM(F251:F260)+SUM(F263:F268)+SUM(F271:F277)+SUM(F280:F288)+SUM(F291:F298)+SUM(F301:F305)+SUM(F308:F314)+SUM(F317:F323)+SUM(F326:F337)+SUM(F340:F346)+SUM(F349:F355)+SUM(F358:F362)+SUM(F365:F374)+SUM(F377:F383)+SUM(F386:F390) -> 0 | H10: =SUM(H13:H14)+SUM(H17:H23)+SUM(H26:H37)+SUM(H40:H48)+SUM(H51:H53)+SUM(H56:H70)+SUM(H73:H76)+SUM(H79:H93)+SUM(H96:H98)+SUM(H101:H110)+SUM(H113:H119)+SUM(H122:H131)+SUM(H134:H142)+SUM(H145:H153)+SUM(H156:H165)+SUM(H168:H176)+SUM(H179:H190)+SUM(H193:H194)+SUM(H197:H206)+SUM(H209:H215)+SUM(H218:H222)+SUM(H225:H235)+SUM(H225:H235)+SUM(H238:H248)+SUM(H251:H260)+SUM(H263:H268)+SUM(H271:H277)+SUM(H280:H288)+SUM(H291:H298)+SUM(H301:H305)+SUM(H308:H314)+SUM(H317:H323)+SUM(H326:H337)+SUM(H340:H346)+SUM(H349:H355)+SUM(H358:H362)+SUM(H365:H374)+SUM(H377:H383)+SUM(H386:H390) -> 0 | I10: =SUM(I13:I14)+SUM(I17:I23)+SUM(I26:I37)+SUM(I40:I48)+SUM(I51:I53)+SUM(I56:I70)+SUM(I73:I76)+SUM(I79:I93)+SUM(I96:I98)+SUM(I101:I110)+SUM(I113:I119)+SUM(I122:I131)+SUM(I134:I142)+SUM(I145:I153)+SUM(I156:I165)+SUM(I168:I176)+SUM(I179:I190)+SUM(I193:I194)+SUM(I197:I206)+SUM(I209:I215)+SUM(I218:I222)+SUM(I225:I235)+SUM(I225:I235)+SUM(I238:I248)+SUM(I251:I260)+SUM(I263:I268)+SUM(I271:I277)+SUM(I280:I288)+SUM(I291:I298)+SUM(I301:I305)+SUM(I308:I314)+SUM(I317:I323)+SUM(I326:I337)+SUM(I340:I346)+SUM(I349:I355)+SUM(I358:I362)+SUM(I365:I374)+SUM(I377:I383)+SUM(I386:I390) -> 0 | J10: =SUM(J13:J14)+SUM(J17:J23)+SUM(J26:J37)+SUM(J40:J48)+SUM(J51:J53)+SUM(J56:J70)+SUM(J73:J76)+SUM(J79:J93)+SUM(J96:J98)+SUM(J101:J110)+SUM(J113:J119)+SUM(J122:J131)+SUM(J134:J142)+SUM(J145:J153)+SUM(J156:J165)+SUM(J168:J176)+SUM(J179:J190)+SUM(J193:J194)+SUM(J197:J206)+SUM(J209:J215)+SUM(J218:J222)+SUM(J225:J235)+SUM(J225:J235)+SUM(J238:J248)+SUM(J251:J260)+SUM(J263:J268)+SUM(J271:J277)+SUM(J280:J288)+SUM(J291:J298)+SUM(J301:J305)+SUM(J308:J314)+SUM(J317:J323)+SUM(J326:J337)+SUM(J340:J346)+SUM(J349:J355)+SUM(J358:J362)+SUM(J365:J374)+SUM(J377:J383)+SUM(J386:J390) -> 0 | K10: =SUM(K13:K14)+SUM(K17:K23)+SUM(K26:K37)+SUM(K40:K48)+SUM(K51:K53)+SUM(K56:K70)+SUM(K73:K76)+SUM(K79:K93)+SUM(K96:K98)+SUM(K101:K110)+SUM(K113:K119)+SUM(K122:K131)+SUM(K134:K142)+SUM(K145:K153)+SUM(K156:K165)+SUM(K168:K176)+SUM(K179:K190)+SUM(K193:K194)+SUM(K197:K206)+SUM(K209:K215)+SUM(K218:K222)+SUM(K225:K235)+SUM(K225:K235)+SUM(K238:K248)+SUM(K251:K260)+SUM(K263:K268)+SUM(K271:K277)+SUM(K280:K288)+SUM(K291:K298)+SUM(K301:K305)+SUM(K308:K314)+SUM(K317:K323)+SUM(K326:K337)+SUM(K340:K346)+SUM(K349:K355)+SUM(K358:K362)+SUM(K365:K374)+SUM(K377:K383)+SUM(K386:K390) -> 0 | L10: =SUM(L13:L14)+SUM(L17:L23)+SUM(L26:L37)+SUM(L40:L48)+SUM(L51:L53)+SUM(L56:L70)+SUM(L73:L76)+SUM(L79:L93)+SUM(L96:L98)+SUM(L101:L110)+SUM(L113:L119)+SUM(L122:L131)+SUM(L134:L142)+SUM(L145:L153)+SUM(L156:L165)+SUM(L168:L176)+SUM(L179:L190)+SUM(L193:L194)+SUM(L197:L206)+SUM(L209:L215)+SUM(L218:L222)+SUM(L225:L235)+SUM(L225:L235)+SUM(L238:L248)+SUM(L251:L260)+SUM(L263:L268)+SUM(L271:L277)+SUM(L280:L288)+SUM(L291:L298)+SUM(L301:L305)+SUM(L308:L314)+SUM(L317:L323)+SUM(L326:L337)+SUM(L340:L346)+SUM(L349:L355)+SUM(L358:L362)+SUM(L365:L374)+SUM(L377:L383)+SUM(L386:L390) -> 0 | M10: =SUM(M13:M14)+SUM(M17:M23)+SUM(M26:M37)+SUM(M40:M48)+SUM(M51:M53)+SUM(M56:M70)+SUM(M73:M76)+SUM(M79:M93)+SUM(M96:M98)+SUM(M101:M110)+SUM(M113:M119)+SUM(M122:M131)+SUM(M134:M142)+SUM(M145:M153)+SUM(M156:M165)+SUM(M168:M176)+SUM(M179:M190)+SUM(M193:M194)+SUM(M197:M206)+SUM(M209:M215)+SUM(M218:M222)+SUM(M225:M235)+SUM(M225:M235)+SUM(M238:M248)+SUM(M251:M260)+SUM(M263:M268)+SUM(M271:M277)+SUM(M280:M288)+SUM(M291:M298)+SUM(M301:M305)+SUM(M308:M314)+SUM(M317:M323)+SUM(M326:M337)+SUM(M340:M346)+SUM(M349:M355)+SUM(M358:M362)+SUM(M365:M374)+SUM(M377:M383)+SUM(M386:M390) -> 0 | N10: =SUM(N13:N14)+SUM(N17:N23)+SUM(N26:N37)+SUM(N40:N48)+SUM(N51:N53)+SUM(N56:N70)+SUM(N73:N76)+SUM(N79:N93)+SUM(N96:N98)+SUM(N101:N110)+SUM(N113:N119)+SUM(N122:N131)+SUM(N134:N142)+SUM(N145:N153)+SUM(N156:N165)+SUM(N168:N176)+SUM(N179:N190)+SUM(N193:N194)+SUM(N197:N206)+SUM(N209:N215)+SUM(N218:N222)+SUM(N225:N235)+SUM(N225:N235)+SUM(N238:N248)+SUM(N251:N260)+SUM(N263:N268)+SUM(N271:N277)+SUM(N280:N288)+SUM(N291:N298)+SUM(N301:N305)+SUM(N308:N314)+SUM(N317:N323)+SUM(N326:N337)+SUM(N340:N346)+SUM(N349:N355)+SUM(N358:N362)+SUM(N365:N374)+SUM(N377:N383)+SUM(N386:N390) -> 0 | O10: =SUM(O13:O14)+SUM(O17:O23)+SUM(O26:O37)+SUM(O40:O48)+SUM(O51:O53)+SUM(O56:O70)+SUM(O73:O76)+SUM(O79:O93)+SUM(O96:O98)+SUM(O101:O110)+SUM(O113:O119)+SUM(O122:O131)+SUM(O134:O142)+SUM(O145:O153)+SUM(O156:O165)+SUM(O168:O176)+SUM(O179:O190)+SUM(O193:O194)+SUM(O197:O206)+SUM(O209:O215)+SUM(O218:O222)+SUM(O225:O235)+SUM(O225:O235)+SUM(O238:O248)+SUM(O251:O260)+SUM(O263:O268)+SUM(O271:O277)+SUM(O280:O288)+SUM(O291:O298)+SUM(O301:O305)+SUM(O308:O314)+SUM(O317:O323)+SUM(O326:O337)+SUM(O340:O346)+SUM(O349:O355)+SUM(O358:O362)+SUM(O365:O374)+SUM(O377:O383)+SUM(O386:O390) -> 0 | ... R10: =SUM(R13:R14)+SUM(R17:R23)+SUM(R26:R37)+SUM(R40:R48)+SUM(R51:R53)+SUM(R56:R70)+SUM(R73:R76)+SUM(R79:R93)+SUM(R96:R98)+SUM(R101:R110)+SUM(R113:R119)+SUM(R122:R131)+SUM(R134:R142)+SUM(R145:R153)+SUM(R156:R165)+SUM(R168:R176)+SUM(R179:R190)+SUM(R193:R194)+SUM(R197:R206)+SUM(R209:R215)+SUM(R218:R222)+SUM(R225:R235)+SUM(R225:R235)+SUM(R238:R248)+SUM(R251:R260)+SUM(R263:R268)+SUM(R271:R277)+SUM(R280:R288)+SUM(R291:R298)+SUM(R301:R305)+SUM(R308:R314)+SUM(R317:R323)+SUM(R326:R337)+SUM(R340:R346)+SUM(R349:R355)+SUM(R358:R362)+SUM(R365:R374)+SUM(R377:R383)+SUM(R386:R390) -> 0 | S10: =R10/Q10*100 -> 0 | T10: =SUM(T13:T14)+SUM(T17:T23)+SUM(T26:T37)+SUM(T40:T48)+SUM(T51:T53)+SUM(T56:T70)+SUM(T73:T76)+SUM(T79:T93)+SUM(T96:T98)+SUM(T101:T110)+SUM(T113:T119)+SUM(T122:T131)+SUM(T134:T142)+SUM(T145:T153)+SUM(T156:T165)+SUM(T168:T176)+SUM(T179:T190)+SUM(T193:T194)+SUM(T197:T206)+SUM(T209:T215)+SUM(T218:T222)+SUM(T225:T235)+SUM(T225:T235)+SUM(T238:T248)+SUM(T251:T260)+SUM(T263:T268)+SUM(T271:T277)+SUM(T280:T288)+SUM(T291:T298)+SUM(T301:T305)+SUM(T308:T314)+SUM(T317:T323)+SUM(T326:T337)+SUM(T340:T346)+SUM(T349:T355)+SUM(T358:T362)+SUM(T365:T374)+SUM(T377:T383)+SUM(T386:T390) -> 2944.1 | U10: =SUM(U13:U14)+SUM(U17:U23)+SUM(U26:U37)+SUM(U40:U48)+SUM(U51:U53)+SUM(U56:U70)+SUM(U73:U76)+SUM(U79:U93)+SUM(U96:U98)+SUM(U101:U110)+SUM(U113:U119)+SUM(U122:U131)+SUM(U134:U142)+SUM(U145:U153)+SUM(U156:U165)+SUM(U168:U176)+SUM(U179:U190)+SUM(U193:U194)+SUM(U197:U206)+SUM(U209:U215)+SUM(U218:U222)+SUM(U225:U235)+SUM(U225:U235)+SUM(U238:U248)+SUM(U251:U260)+SUM(U263:U268)+SUM(U271:U277)+SUM(U280:U288)+SUM(U291:U298)+SUM(U301:U305)+SUM(U308:U314)+SUM(U317:U323)+SUM(U326:U337)+SUM(U340:U346)+SUM(U349:U355)+SUM(U358:U362)+SUM(U365:U374)+SUM(U377:U383)+SUM(U386:U390) -> 0 | V10: =U10/T10*100 -> 0 | W10: =SUM(W13:W14)+SUM(W17:W23)+SUM(W26:W37)+SUM(W40:W48)+SUM(W51:W53)+SUM(W56:W70)+SUM(W73:W76)+SUM(W79:W93)+SUM(W96:W98)+SUM(W101:W110)+SUM(W113:W119)+SUM(W122:W131)+SUM(W134:W142)+SUM(W145:W153)+SUM(W156:W165)+SUM(W168:W176)+SUM(W179:W190)+SUM(W193:W194)+SUM(W197:W206)+SUM(W209:W215)+SUM(W218:W222)+SUM(W225:W235)+SUM(W225:W235)+SUM(W238:W248)+SUM(W251:W260)+SUM(W263:W268)+SUM(W271:W277)+SUM(W280:W288)+SUM(W291:W298)+SUM(W301:W305)+SUM(W308:W314)+SUM(W317:W323)+SUM(W326:W337)+SUM(W340:W346)+SUM(W349:W355)+SUM(W358:W362)+SUM(W365:W374)+SUM(W377:W383)+SUM(W386:W390) -> 0 | X10: =SUM(X13:X14)+SUM(X17:X23)+SUM(X26:X37)+SUM(X40:X48)+SUM(X51:X53)+SUM(X56:X70)+SUM(X73:X76)+SUM(X79:X93)+SUM(X96:X98)+SUM(X101:X110)+SUM(X113:X119)+SUM(X122:X131)+SUM(X134:X142)+SUM(X145:X153)+SUM(X156:X165)+SUM(X168:X176)+SUM(X179:X190)+SUM(X193:X194)+SUM(X197:X206)+SUM(X209:X215)+SUM(X218:X222)+SUM(X225:X235)+SUM(X225:X235)+SUM(X238:X248)+SUM(X251:X260)+SUM(X263:X268)+SUM(X271:X277)+SUM(X280:X288)+SUM(X291:X298)+SUM(X301:X305)+SUM(X308:X314)+SUM(X317:X323)+SUM(X326:X337)+SUM(X340:X346)+SUM(X349:X355)+SUM(X358:X362)+SUM(X365:X374)+SUM(X377:X383)+SUM(X386:X390) -> 0 | Z10: =SUM(Z13:Z14)+SUM(Z17:Z23)+SUM(Z26:Z37)+SUM(Z40:Z48)+SUM(Z51:Z53)+SUM(Z56:Z70)+SUM(Z73:Z76)+SUM(Z79:Z93)+SUM(Z96:Z98)+SUM(Z101:Z110)+SUM(Z113:Z119)+SUM(Z122:Z131)+SUM(Z134:Z142)+SUM(Z145:Z153)+SUM(Z156:Z165)+SUM(Z168:Z176)+SUM(Z179:Z190)+SUM(Z193:Z194)+SUM(Z197:Z206)+SUM(Z209:Z215)+SUM(Z218:Z222)+SUM(Z225:Z235)+SUM(Z225:Z235)+SUM(Z238:Z248)+SUM(Z251:Z260)+SUM(Z263:Z268)+SUM(Z271:Z277)+SUM(Z280:Z288)+SUM(Z291:Z298)+SUM(Z301:Z305)+SUM(Z308:Z314)+SUM(Z317:Z323)+SUM(Z326:Z337)+SUM(Z340:Z346)+SUM(Z349:Z355)+SUM(Z358:Z362)+SUM(Z365:Z374)+SUM(Z377:Z383)+SUM(Z386:Z390) -> 51.02042 | AA10: =SUM(AA13:AA14)+SUM(AA17:AA23)+SUM(AA26:AA37)+SUM(AA40:AA48)+SUM(AA51:AA53)+SUM(AA56:AA70)+SUM(AA73:AA76)+SUM(AA79:AA93)+SUM(AA96:AA98)+SUM(AA101:AA110)+SUM(AA113:AA119)+SUM(AA122:AA131)+SUM(AA134:AA142)+SUM(AA145:AA153)+SUM(AA156:AA165)+SUM(AA168:AA176)+SUM(AA179:AA190)+SUM(AA193:AA194)+SUM(AA197:AA206)+SUM(AA209:AA215)+SUM(AA218:AA222)+SUM(AA225:AA235)+SUM(AA225:AA235)+SUM(AA238:AA248)+SUM(AA251:AA260)+SUM(AA263:AA268)+SUM(AA271:AA277)+SUM(AA280:AA288)+SUM(AA291:AA298)+SUM(AA301:AA305)+SUM(AA308:AA314)+SUM(AA317:AA323)+SUM(AA326:AA337)+SUM(AA340:AA346)+SUM(AA349:AA355)+SUM(AA358:AA362)+SUM(AA365:AA374)+SUM(AA377:AA383)+SUM(AA386:AA390) -> 51.02042 | AB10: =AA10/Z10*100 -> 100 | AC10: =SUM(AC13:AC14)+SUM(AC17:AC23)+SUM(AC26:AC37)+SUM(AC40:AC48)+SUM(AC51:AC53)+SUM(AC56:AC70)+SUM(AC73:AC76)+SUM(AC79:AC93)+SUM(AC96:AC98)+SUM(AC101:AC110)+SUM(AC113:AC119)+SUM(AC122:AC131)+SUM(AC134:AC142)+SUM(AC145:AC153)+SUM(AC156:AC165)+SUM(AC168:AC176)+SUM(AC179:AC190)+SUM(AC193:AC194)+SUM(AC197:AC206)+SUM(AC209:AC215)+SUM(AC218:AC222)+SUM(AC225:AC235)+SUM(AC238:AC248)+SUM(AC251:AC260)+SUM(AC263:AC268)+SUM(AC271:AC277)+SUM(AC280:AC288)+SUM(AC291:AC298)+SUM(AC301:AC305)+SUM(AC308:AC314)+SUM(AC317:AC323)+SUM(AC326:AC337)+SUM(AC340:AC346)+SUM(AC349:AC355)+SUM(AC358:AC362)+SUM(AC365:AC374)+SUM(AC377:AC383)+SUM(AC386:AC390) -> 0 | AD10: =SUM(AD13:AD14)+SUM(AD17:AD23)+SUM(AD26:AD37)+SUM(AD40:AD48)+SUM(AD51:AD53)+SUM(AD56:AD70)+SUM(AD73:AD76)+SUM(AD79:AD93)+SUM(AD96:AD98)+SUM(AD101:AD110)+SUM(AD113:AD119)+SUM(AD122:AD131)+SUM(AD134:AD142)+SUM(AD145:AD153)+SUM(AD156:AD165)+SUM(AD168:AD176)+SUM(AD179:AD190)+SUM(AD193:AD194)+SUM(AD197:AD206)+SUM(AD209:AD215)+SUM(AD218:AD222)+SUM(AD225:AD235)+SUM(AD238:AD248)+SUM(AD251:AD260)+SUM(AD263:AD268)+SUM(AD271:AD277)+SUM(AD280:AD288)+SUM(AD291:AD298)+SUM(AD301:AD305)+SUM(AD308:AD314)+SUM(AD317:AD323)+SUM(AD326:AD337)+SUM(AD340:AD346)+SUM(AD349:AD355)+SUM(AD358:AD362)+SUM(AD365:AD374)+SUM(AD377:AD383)+SUM(AD386:AD390) -> 0 | AE10: =SUM(AE13:AE14)+SUM(AE17:AE23)+SUM(AE26:AE37)+SUM(AE40:AE48)+SUM(AE51:AE53)+SUM(AE56:AE70)+SUM(AE73:AE76)+SUM(AE79:AE93)+SUM(AE96:AE98)+SUM(AE101:AE110)+SUM(AE113:AE119)+SUM(AE122:AE131)+SUM(AE134:AE142)+SUM(AE145:AE153)+SUM(AE156:AE165)+SUM(AE168:AE176)+SUM(AE179:AE190)+SUM(AE193:AE194)+SUM(AE197:AE206)+SUM(AE209:AE215)+SUM(AE218:AE222)+SUM(AE225:AE235)+SUM(AE238:AE248)+SUM(AE251:AE260)+SUM(AE263:AE268)+SUM(AE271:AE277)+SUM(AE280:AE288)+SUM(AE291:AE298)+SUM(AE301:AE305)+SUM(AE308:AE314)+SUM(AE317:AE323)+SUM(AE326:AE337)+SUM(AE340:AE346)+SUM(AE349:AE355)+SUM(AE358:AE362)+SUM(AE365:AE374)+SUM(AE377:AE383)+SUM(AE386:AE390) -> 0 | AF10: =SUM(AF13:AF14)+SUM(AF17:AF23)+SUM(AF26:AF37)+SUM(AF40:AF48)+SUM(AF51:AF53)+SUM(AF56:AF70)+SUM(AF73:AF76)+SUM(AF79:AF93)+SUM(AF96:AF98)+SUM(AF101:AF110)+SUM(AF113:AF119)+SUM(AF122:AF131)+SUM(AF134:AF142)+SUM(AF145:AF153)+SUM(AF156:AF165)+SUM(AF168:AF176)+SUM(AF179:AF190)+SUM(AF193:AF194)+SUM(AF197:AF206)+SUM(AF209:AF215)+SUM(AF218:AF222)+SUM(AF225:AF235)+SUM(AF238:AF248)+SUM(AF251:AF260)+SUM(AF263:AF268)+SUM(AF271:AF277)+SUM(AF280:AF288)+SUM(AF291:AF298)+SUM(AF301:AF305)+SUM(AF308:AF314)+SUM(AF317:AF323)+SUM(AF326:AF337)+SUM(AF340:AF346)+SUM(AF349:AF355)+SUM(AF358:AF362)+SUM(AF365:AF374)+SUM(AF377:AF383)+SUM(AF386:AF390) -> 0 | AG10: =SUM(AG13:AG14)+SUM(AG17:AG23)+SUM(AG26:AG37)+SUM(AG40:AG48)+SUM(AG51:AG53)+SUM(AG56:AG70)+SUM(AG73:AG76)+SUM(AG79:AG93)+SUM(AG96:AG98)+SUM(AG101:AG110)+SUM(AG113:AG119)+SUM(AG122:AG131)+SUM(AG134:AG142)+SUM(AG145:AG153)+SUM(AG156:AG165)+SUM(AG168:AG176)+SUM(AG179:AG190)+SUM(AG193:AG194)+SUM(AG197:AG206)+SUM(AG209:AG215)+SUM(AG218:AG222)+SUM(AG225:AG235)+SUM(AG238:AG248)+SUM(AG251:AG260)+SUM(AG263:AG268)+SUM(AG271:AG277)+SUM(AG280:AG288)+SUM(AG291:AG298)+SUM(AG301:AG305)+SUM(AG308:AG314)+SUM(AG317:AG323)+SUM(AG326:AG337)+SUM(AG340:AG346)+SUM(AG349:AG355)+SUM(AG358:AG362)+SUM(AG365:AG374)+SUM(AG377:AG383)+SUM(AG386:AG390) -> 0 | AI10: =SUM(AI13:AI14)+SUM(AI17:AI23)+SUM(AI26:AI37)+SUM(AI40:AI48)+SUM(AI51:AI53)+SUM(AI56:AI70)+SUM(AI73:AI76)+SUM(AI79:AI93)+SUM(AI96:AI98)+SUM(AI101:AI110)+SUM(AI113:AI119)+SUM(AI122:AI131)+SUM(AI134:AI142)+SUM(AI145:AI153)+SUM(AI156:AI165)+SUM(AI168:AI176)+SUM(AI179:AI190)+SUM(AI193:AI194)+SUM(AI197:AI206)+SUM(AI209:AI215)+SUM(AI218:AI222)+SUM(AI225:AI235)+SUM(AI238:AI248)+SUM(AI251:AI260)+SUM(AI263:AI268)+SUM(AI271:AI277)+SUM(AI280:AI288)+SUM(AI291:AI298)+SUM(AI301:AI305)+SUM(AI308:AI314)+SUM(AI317:AI323)+SUM(AI326:AI337)+SUM(AI340:AI346)+SUM(AI349:AI355)+SUM(AI358:AI362)+SUM(AI365:AI374)+SUM(AI377:AI383)+SUM(AI386:AI390) -> 165975.1 | AJ10: =SUM(AJ13:AJ14)+SUM(AJ17:AJ23)+SUM(AJ26:AJ37)+SUM(AJ40:AJ48)+SUM(AJ51:AJ53)+SUM(AJ56:AJ70)+SUM(AJ73:AJ76)+SUM(AJ79:AJ93)+SUM(AJ96:AJ98)+SUM(AJ101:AJ110)+SUM(AJ113:AJ119)+SUM(AJ122:AJ131)+SUM(AJ134:AJ142)+SUM(AJ145:AJ153)+SUM(AJ156:AJ165)+SUM(AJ168:AJ176)+SUM(AJ179:AJ190)+SUM(AJ193:AJ194)+SUM(AJ197:AJ206)+SUM(AJ209:AJ215)+SUM(AJ218:AJ222)+SUM(AJ225:AJ235)+SUM(AJ238:AJ248)+SUM(AJ251:AJ260)+SUM(AJ263:AJ268)+SUM(AJ271:AJ277)+SUM(AJ280:AJ288)+SUM(AJ291:AJ298)+SUM(AJ301:AJ305)+SUM(AJ308:AJ314)+SUM(AJ317:AJ323)+SUM(AJ326:AJ337)+SUM(AJ340:AJ346)+SUM(AJ349:AJ355)+SUM(AJ358:AJ362)+SUM(AJ365:AJ374)+SUM(AJ377:AJ383)+SUM(AJ386:AJ390) -> 764.60492 | AK10: =AJ10/AI10*100 -> 0.46067447 | AL10: =SUM(AL13:AL14)+SUM(AL17:AL23)+SUM(AL26:AL37)+SUM(AL40:AL48)+SUM(AL51:AL53)+SUM(AL56:AL70)+SUM(AL73:AL76)+SUM(AL79:AL93)+SUM(AL96:AL98)+SUM(AL101:AL110)+SUM(AL113:AL119)+SUM(AL122:AL131)+SUM(AL134:AL142)+SUM(AL145:AL153)+SUM(AL156:AL165)+SUM(AL168:AL176)+SUM(AL179:AL190)+SUM(AL193:AL194)+SUM(AL197:AL206)+SUM(AL209:AL215)+SUM(AL218:AL222)+SUM(AL225:AL235)+SUM(AL238:AL248)+SUM(AL251:AL260)+SUM(AL263:AL268)+SUM(AL271:AL277)+SUM(AL280:AL288)+SUM(AL291:AL298)+SUM(AL301:AL305)+SUM(AL308:AL314)+SUM(AL317:AL323)+SUM(AL326:AL337)+SUM(AL340:AL346)+SUM(AL349:AL355)+SUM(AL358:AL362)+SUM(AL365:AL374)+SUM(AL377:AL383)+SUM(AL386:AL390) -> 0 | AM10: =SUM(AM13:AM14)+SUM(AM17:AM23)+SUM(AM26:AM37)+SUM(AM40:AM48)+SUM(AM51:AM53)+SUM(AM56:AM70)+SUM(AM73:AM76)+SUM(AM79:AM93)+SUM(AM96:AM98)+SUM(AM101:AM110)+SUM(AM113:AM119)+SUM(AM122:AM131)+SUM(AM134:AM142)+SUM(AM145:AM153)+SUM(AM156:AM165)+SUM(AM168:AM176)+SUM(AM179:AM190)+SUM(AM193:AM194)+SUM(AM197:AM206)+SUM(AM209:AM215)+SUM(AM218:AM222)+SUM(AM225:AM235)+SUM(AM238:AM248)+SUM(AM251:AM260)+SUM(AM263:AM268)+SUM(AM271:AM277)+SUM(AM280:AM288)+SUM(AM291:AM298)+SUM(AM301:AM305)+SUM(AM308:AM314)+SUM(AM317:AM323)+SUM(AM326:AM337)+SUM(AM340:AM346)+SUM(AM349:AM355)+SUM(AM358:AM362)+SUM(AM365:AM374)+SUM(AM377:AM383)+SUM(AM386:AM390) -> 0 | AO10: =SUM(AO13:AO14)+SUM(AO17:AO23)+SUM(AO26:AO37)+SUM(AO40:AO48)+SUM(AO51:AO53)+SUM(AO56:AO70)+SUM(AO73:AO76)+SUM(AO79:AO93)+SUM(AO96:AO98)+SUM(AO101:AO110)+SUM(AO113:AO119)+SUM(AO122:AO131)+SUM(AO134:AO142)+SUM(AO145:AO153)+SUM(AO156:AO165)+SUM(AO168:AO176)+SUM(AO179:AO190)+SUM(AO193:AO194)+SUM(AO197:AO206)+SUM(AO209:AO215)+SUM(AO218:AO222)+SUM(AO225:AO235)+SUM(AO238:AO248)+SUM(AO251:AO260)+SUM(AO263:AO268)+SUM(AO271:AO277)+SUM(AO280:AO288)+SUM(AO291:AO298)+SUM(AO301:AO305)+SUM(AO308:AO314)+SUM(AO317:AO323)+SUM(AO326:AO337)+SUM(AO340:AO346)+SUM(AO349:AO355)+SUM(AO358:AO362)+SUM(AO365:AO374)+SUM(AO377:AO383)+SUM(AO386:AO390) -> 0 | AP10: =SUM(AP13:AP14)+SUM(AP17:AP23)+SUM(AP26:AP37)+SUM(AP40:AP48)+SUM(AP51:AP53)+SUM(AP56:AP70)+SUM(AP73:AP76)+SUM(AP79:AP93)+SUM(AP96:AP98)+SUM(AP101:AP110)+SUM(AP113:AP119)+SUM(AP122:AP131)+SUM(AP134:AP142)+SUM(AP145:AP153)+SUM(AP156:AP165)+SUM(AP168:AP176)+SUM(AP179:AP190)+SUM(AP193:AP194)+SUM(AP197:AP206)+SUM(AP209:AP215)+SUM(AP218:AP222)+SUM(AP225:AP235)+SUM(AP238:AP248)+SUM(AP251:AP260)+SUM(AP263:AP268)+SUM(AP271:AP277)+SUM(AP280:AP288)+SUM(AP291:AP298)+SUM(AP301:AP305)+SUM(AP308:AP314)+SUM(AP317:AP323)+SUM(AP326:AP337)+SUM(AP340:AP346)+SUM(AP349:AP355)+SUM(AP358:AP362)+SUM(AP365:AP374)+SUM(AP377:AP383)+SUM(AP386:AP390) -> 0 | AQ10: =SUM(AQ13:AQ14)+SUM(AQ17:AQ23)+SUM(AQ26:AQ37)+SUM(AQ40:AQ48)+SUM(AQ51:AQ53)+SUM(AQ56:AQ70)+SUM(AQ73:AQ76)+SUM(AQ79:AQ93)+SUM(AQ96:AQ98)+SUM(AQ101:AQ110)+SUM(AQ113:AQ119)+SUM(AQ122:AQ131)+SUM(AQ134:AQ142)+SUM(AQ145:AQ153)+SUM(AQ156:AQ165)+SUM(AQ168:AQ176)+SUM(AQ179:AQ190)+SUM(AQ193:AQ194)+SUM(AQ197:AQ206)+SUM(AQ209:AQ215)+SUM(AQ218:AQ222)+SUM(AQ225:AQ235)+SUM(AQ238:AQ248)+SUM(AQ251:AQ260)+SUM(AQ263:AQ268)+SUM(AQ271:AQ277)+SUM(AQ280:AQ288)+SUM(AQ291:AQ298)+SUM(AQ301:AQ305)+SUM(AQ308:AQ314)+SUM(AQ317:AQ323)+SUM(AQ326:AQ337)+SUM(AQ340:AQ346)+SUM(AQ349:AQ355)+SUM(AQ358:AQ362)+SUM(AQ365:AQ374)+SUM(AQ377:AQ383)+SUM(AQ386:AQ390) -> 0 | AR10: =SUM(AR13:AR14)+SUM(AR17:AR23)+SUM(AR26:AR37)+SUM(AR40:AR48)+SUM(AR51:AR53)+SUM(AR56:AR70)+SUM(AR73:AR76)+SUM(AR79:AR93)+SUM(AR96:AR98)+SUM(AR101:AR110)+SUM(AR113:AR119)+SUM(AR122:AR131)+SUM(AR134:AR142)+SUM(AR145:AR153)+SUM(AR156:AR165)+SUM(AR168:AR176)+SUM(AR179:AR190)+SUM(AR193:AR194)+SUM(AR197:AR206)+SUM(AR209:AR215)+SUM(AR218:AR222)+SUM(AR225:AR235)+SUM(AR238:AR248)+SUM(AR251:AR260)+SUM(AR263:AR268)+SUM(AR271:AR277)+SUM(AR280:AR288)+SUM(AR291:AR298)+SUM(AR301:AR305)+SUM(AR308:AR314)+SUM(AR317:AR323)+SUM(AR326:AR337)+SUM(AR340:AR346)+SUM(AR349:AR355)+SUM(AR358:AR362)+SUM(AR365:AR374)+SUM(AR377:AR383)+SUM(AR386:AR390) -> 0 | AS10: =SUM(AS13:AS14)+SUM(AS17:AS23)+SUM(AS26:AS37)+SUM(AS40:AS48)+SUM(AS51:AS53)+SUM(AS56:AS70)+SUM(AS73:AS76)+SUM(AS79:AS93)+SUM(AS96:AS98)+SUM(AS101:AS110)+SUM(AS113:AS119)+SUM(AS122:AS131)+SUM(AS134:AS142)+SUM(AS145:AS153)+SUM(AS156:AS165)+SUM(AS168:AS176)+SUM(AS179:AS190)+SUM(AS193:AS194)+SUM(AS197:AS206)+SUM(AS209:AS215)+SUM(AS218:AS222)+SUM(AS225:AS235)+SUM(AS238:AS248)+SUM(AS251:AS260)+SUM(AS263:AS268)+SUM(AS271:AS277)+SUM(AS280:AS288)+SUM(AS291:AS298)+SUM(AS301:AS305)+SUM(AS308:AS314)+SUM(AS317:AS323)+SUM(AS326:AS337)+SUM(AS340:AS346)+SUM(AS349:AS355)+SUM(AS358:AS362)+SUM(AS365:AS374)+SUM(AS377:AS383)+SUM(AS386:AS390) -> 0 | AT10: =AS10/AR10*100 -> #DIV/0! | AU10: =SUM(AU13:AU14)+SUM(AU17:AU23)+SUM(AU26:AU37)+SUM(AU40:AU48)+SUM(AU51:AU53)+SUM(AU56:AU70)+SUM(AU73:AU76)+SUM(AU79:AU93)+SUM(AU96:AU98)+SUM(AU101:AU110)+SUM(AU113:AU119)+SUM(AU122:AU131)+SUM(AU134:AU142)+SUM(AU145:AU153)+SUM(AU156:AU165)+SUM(AU168:AU176)+SUM(AU179:AU190)+SUM(AU193:AU194)+SUM(AU197:AU206)+SUM(AU209:AU215)+SUM(AU218:AU222)+SUM(AU225:AU235)+SUM(AU238:AU248)+SUM(AU251:AU260)+SUM(AU263:AU268)+SUM(AU271:AU277)+SUM(AU280:AU288)+SUM(AU291:AU298)+SUM(AU301:AU305)+SUM(AU308:AU314)+SUM(AU317:AU323)+SUM(AU326:AU337)+SUM(AU340:AU346)+SUM(AU349:AU355)+SUM(AU358:AU362)+SUM(AU365:AU374)+SUM(AU377:AU383)+SUM(AU386:AU390) -> 83312.1 | AV10: =SUM(AV13:AV14)+SUM(AV17:AV23)+SUM(AV26:AV37)+SUM(AV40:AV48)+SUM(AV51:AV53)+SUM(AV56:AV70)+SUM(AV73:AV76)+SUM(AV79:AV93)+SUM(AV96:AV98)+SUM(AV101:AV110)+SUM(AV113:AV119)+SUM(AV122:AV131)+SUM(AV134:AV142)+SUM(AV145:AV153)+SUM(AV156:AV165)+SUM(AV168:AV176)+SUM(AV179:AV190)+SUM(AV193:AV194)+SUM(AV197:AV206)+SUM(AV209:AV215)+SUM(AV218:AV222)+SUM(AV225:AV235)+SUM(AV238:AV248)+SUM(AV251:AV260)+SUM(AV263:AV268)+SUM(AV271:AV277)+SUM(AV280:AV288)+SUM(AV291:AV298)+SUM(AV301:AV305)+SUM(AV308:AV314)+SUM(AV317:AV323)+SUM(AV326:AV337)+SUM(AV340:AV346)+SUM(AV349:AV355)+SUM(AV358:AV362)+SUM(AV365:AV374)+SUM(AV377:AV383)+SUM(AV386:AV390) -> 7678.6973 | AW10: =AV10/AU10*100 -> 9.2167852 | AX10: =SUM(AX13:AX14)+SUM(AX17:AX23)+SUM(AX26:AX37)+SUM(AX40:AX48)+SUM(AX51:AX53)+SUM(AX56:AX70)+SUM(AX73:AX76)+SUM(AX79:AX93)+SUM(AX96:AX98)+SUM(AX101:AX110)+SUM(AX113:AX119)+SUM(AX122:AX131)+SUM(AX134:AX142)+SUM(AX145:AX153)+SUM(AX156:AX165)+SUM(AX168:AX176)+SUM(AX179:AX190)+SUM(AX193:AX194)+SUM(AX197:AX206)+SUM(AX209:AX215)+SUM(AX218:AX222)+SUM(AX225:AX235)+SUM(AX238:AX248)+SUM(AX251:AX260)+SUM(AX263:AX268)+SUM(AX271:AX277)+SUM(AX280:AX288)+SUM(AX291:AX298)+SUM(AX301:AX305)+SUM(AX308:AX314)+SUM(AX317:AX323)+SUM(AX326:AX337)+SUM(AX340:AX346)+SUM(AX349:AX355)+SUM(AX358:AX362)+SUM(AX365:AX374)+SUM(AX377:AX383)+SUM(AX386:AX390) -> 1700.2 | AY10: =SUM(AY13:AY14)+SUM(AY17:AY23)+SUM(AY26:AY37)+SUM(AY40:AY48)+SUM(AY51:AY53)+SUM(AY56:AY70)+SUM(AY73:AY76)+SUM(AY79:AY93)+SUM(AY96:AY98)+SUM(AY101:AY110)+SUM(AY113:AY119)+SUM(AY122:AY131)+SUM(AY134:AY142)+SUM(AY145:AY153)+SUM(AY156:AY165)+SUM(AY168:AY176)+SUM(AY179:AY190)+SUM(AY193:AY194)+SUM(AY197:AY206)+SUM(AY209:AY215)+SUM(AY218:AY222)+SUM(AY225:AY235)+SUM(AY238:AY248)+SUM(AY251:AY260)+SUM(AY263:AY268)+SUM(AY271:AY277)+SUM(AY280:AY288)+SUM(AY291:AY298)+SUM(AY301:AY305)+SUM(AY308:AY314)+SUM(AY317:AY323)+SUM(AY326:AY337)+SUM(AY340:AY346)+SUM(AY349:AY355)+SUM(AY358:AY362)+SUM(AY365:AY374)+SUM(AY377:AY383)+SUM(AY386:AY390) -> 156.6698 | AZ10: =AY10/AX10*100 -> 9.2147865 | BA10: =SUM(BA13:BA14)+SUM(BA17:BA23)+SUM(BA26:BA37)+SUM(BA40:BA48)+SUM(BA51:BA53)+SUM(BA56:BA70)+SUM(BA73:BA76)+SUM(BA79:BA93)+SUM(BA96:BA98)+SUM(BA101:BA110)+SUM(BA113:BA119)+SUM(BA122:BA131)+SUM(BA134:BA142)+SUM(BA145:BA153)+SUM(BA156:BA165)+SUM(BA168:BA176)+SUM(BA179:BA190)+SUM(BA193:BA194)+SUM(BA197:BA206)+SUM(BA209:BA215)+SUM(BA218:BA222)+SUM(BA225:BA235)+SUM(BA238:BA248)+SUM(BA251:BA260)+SUM(BA263:BA268)+SUM(BA271:BA277)+SUM(BA280:BA288)+SUM(BA291:BA298)+SUM(BA301:BA305)+SUM(BA308:BA314)+SUM(BA317:BA323)+SUM(BA326:BA337)+SUM(BA340:BA346)+SUM(BA349:BA355)+SUM(BA358:BA362)+SUM(BA365:BA374)+SUM(BA377:BA383)+SUM(BA386:BA390) -> 0 | BB10: =SUM(BB13:BB14)+SUM(BB17:BB23)+SUM(BB26:BB37)+SUM(BB40:BB48)+SUM(BB51:BB53)+SUM(BB56:BB70)+SUM(BB73:BB76)+SUM(BB79:BB93)+SUM(BB96:BB98)+SUM(BB101:BB110)+SUM(BB113:BB119)+SUM(BB122:BB131)+SUM(BB134:BB142)+SUM(BB145:BB153)+SUM(BB156:BB165)+SUM(BB168:BB176)+SUM(BB179:BB190)+SUM(BB193:BB194)+SUM(BB197:BB206)+SUM(BB209:BB215)+SUM(BB218:BB222)+SUM(BB225:BB235)+SUM(BB238:BB248)+SUM(BB251:BB260)+SUM(BB263:BB268)+SUM(BB271:BB277)+SUM(BB280:BB288)+SUM(BB291:BB298)+SUM(BB301:BB305)+SUM(BB308:BB314)+SUM(BB317:BB323)+SUM(BB326:BB337)+SUM(BB340:BB346)+SUM(BB349:BB355)+SUM(BB358:BB362)+SUM(BB365:BB374)+SUM(BB377:BB383)+SUM(BB386:BB390) -> 0 | BD10: =SUM(BD13:BD14)+SUM(BD17:BD23)+SUM(BD26:BD37)+SUM(BD40:BD48)+SUM(BD51:BD53)+SUM(BD56:BD70)+SUM(BD73:BD76)+SUM(BD79:BD93)+SUM(BD96:BD98)+SUM(BD101:BD110)+SUM(BD113:BD119)+SUM(BD122:BD131)+SUM(BD134:BD142)+SUM(BD145:BD153)+SUM(BD156:BD165)+SUM(BD168:BD176)+SUM(BD179:BD190)+SUM(BD193:BD194)+SUM(BD197:BD206)+SUM(BD209:BD215)+SUM(BD218:BD222)+SUM(BD225:BD235)+SUM(BD238:BD248)+SUM(BD251:BD260)+SUM(BD263:BD268)+SUM(BD271:BD277)+SUM(BD280:BD288)+SUM(BD291:BD298)+SUM(BD301:BD305)+SUM(BD308:BD314)+SUM(BD317:BD323)+SUM(BD326:BD337)+SUM(BD340:BD346)+SUM(BD349:BD355)+SUM(BD358:BD362)+SUM(BD365:BD374)+SUM(BD377:BD383)+SUM(BD386:BD390) -> 385498.59 | BE10: =SUM(BE13:BE14)+SUM(BE17:BE23)+SUM(BE26:BE37)+SUM(BE40:BE48)+SUM(BE51:BE53)+SUM(BE56:BE70)+SUM(BE73:BE76)+SUM(BE79:BE93)+SUM(BE96:BE98)+SUM(BE101:BE110)+SUM(BE113:BE119)+SUM(BE122:BE131)+SUM(BE134:BE142)+SUM(BE145:BE153)+SUM(BE156:BE165)+SUM(BE168:BE176)+SUM(BE179:BE190)+SUM(BE193:BE194)+SUM(BE197:BE206)+SUM(BE209:BE215)+SUM(BE218:BE222)+SUM(BE225:BE235)+SUM(BE238:BE248)+SUM(BE251:BE260)+SUM(BE263:BE268)+SUM(BE271:BE277)+SUM(BE280:BE288)+SUM(BE291:BE298)+SUM(BE301:BE305)+SUM(BE308:BE314)+SUM(BE317:BE323)+SUM(BE326:BE337)+SUM(BE340:BE346)+SUM(BE349:BE355)+SUM(BE358:BE362)+SUM(BE365:BE374)+SUM(BE377:BE383)+SUM(BE386:BE390) -> 0 | BF10: =BE10/BD10*100 -> 0 | BG10: =SUM(BG13:BG14)+SUM(BG17:BG23)+SUM(BG26:BG37)+SUM(BG40:BG48)+SUM(BG51:BG53)+SUM(BG56:BG70)+SUM(BG73:BG76)+SUM(BG79:BG93)+SUM(BG96:BG98)+SUM(BG101:BG110)+SUM(BG113:BG119)+SUM(BG122:BG131)+SUM(BG134:BG142)+SUM(BG145:BG153)+SUM(BG156:BG165)+SUM(BG168:BG176)+SUM(BG179:BG190)+SUM(BG193:BG194)+SUM(BG197:BG206)+SUM(BG209:BG215)+SUM(BG218:BG222)+SUM(BG225:BG235)+SUM(BG238:BG248)+SUM(BG251:BG260)+SUM(BG263:BG268)+SUM(BG271:BG277)+SUM(BG280:BG288)+SUM(BG291:BG298)+SUM(BG301:BG305)+SUM(BG308:BG314)+SUM(BG317:BG323)+SUM(BG326:BG337)+SUM(BG340:BG346)+SUM(BG349:BG355)+SUM(BG358:BG362)+SUM(BG365:BG374)+SUM(BG377:BG383)+SUM(BG386:BG390) -> 34078.7 | BH10: =SUM(BH13:BH14)+SUM(BH17:BH23)+SUM(BH26:BH37)+SUM(BH40:BH48)+SUM(BH51:BH53)+SUM(BH56:BH70)+SUM(BH73:BH76)+SUM(BH79:BH93)+SUM(BH96:BH98)+SUM(BH101:BH110)+SUM(BH113:BH119)+SUM(BH122:BH131)+SUM(BH134:BH142)+SUM(BH145:BH153)+SUM(BH156:BH165)+SUM(BH168:BH176)+SUM(BH179:BH190)+SUM(BH193:BH194)+SUM(BH197:BH206)+SUM(BH209:BH215)+SUM(BH218:BH222)+SUM(BH225:BH235)+SUM(BH238:BH248)+SUM(BH251:BH260)+SUM(BH263:BH268)+SUM(BH271:BH277)+SUM(BH280:BH288)+SUM(BH291:BH298)+SUM(BH301:BH305)+SUM(BH308:BH314)+SUM(BH317:BH323)+SUM(BH326:BH337)+SUM(BH340:BH346)+SUM(BH349:BH355)+SUM(BH358:BH362)+SUM(BH365:BH374)+SUM(BH377:BH383)+SUM(BH386:BH390) -> 0 | BI10: =BH10/BG10*100 -> 0 | BJ10: =SUM(BJ13:BJ14)+SUM(BJ17:BJ23)+SUM(BJ26:BJ37)+SUM(BJ40:BJ48)+SUM(BJ51:BJ53)+SUM(BJ56:BJ70)+SUM(BJ73:BJ76)+SUM(BJ79:BJ93)+SUM(BJ96:BJ98)+SUM(BJ101:BJ110)+SUM(BJ113:BJ119)+SUM(BJ122:BJ131)+SUM(BJ134:BJ142)+SUM(BJ145:BJ153)+SUM(BJ156:BJ165)+SUM(BJ168:BJ176)+SUM(BJ179:BJ190)+SUM(BJ193:BJ194)+SUM(BJ197:BJ206)+SUM(BJ209:BJ215)+SUM(BJ218:BJ222)+SUM(BJ225:BJ235)+SUM(BJ238:BJ248)+SUM(BJ251:BJ260)+SUM(BJ263:BJ268)+SUM(BJ271:BJ277)+SUM(BJ280:BJ288)+SUM(BJ291:BJ298)+SUM(BJ301:BJ305)+SUM(BJ308:BJ314)+SUM(BJ317:BJ323)+SUM(BJ326:BJ337)+SUM(BJ340:BJ346)+SUM(BJ349:BJ355)+SUM(BJ358:BJ362)+SUM(BJ365:BJ374)+SUM(BJ377:BJ383)+SUM(BJ386:BJ390) -> 16769.4 | BK10: =SUM(BK13:BK14)+SUM(BK17:BK23)+SUM(BK26:BK37)+SUM(BK40:BK48)+SUM(BK51:BK53)+SUM(BK56:BK70)+SUM(BK73:BK76)+SUM(BK79:BK93)+SUM(BK96:BK98)+SUM(BK101:BK110)+SUM(BK113:BK119)+SUM(BK122:BK131)+SUM(BK134:BK142)+SUM(BK145:BK153)+SUM(BK156:BK165)+SUM(BK168:BK176)+SUM(BK179:BK190)+SUM(BK193:BK194)+SUM(BK197:BK206)+SUM(BK209:BK215)+SUM(BK218:BK222)+SUM(BK225:BK235)+SUM(BK238:BK248)+SUM(BK251:BK260)+SUM(BK263:BK268)+SUM(BK271:BK277)+SUM(BK280:BK288)+SUM(BK291:BK298)+SUM(BK301:BK305)+SUM(BK308:BK314)+SUM(BK317:BK323)+SUM(BK326:BK337)+SUM(BK340:BK346)+SUM(BK349:BK355)+SUM(BK358:BK362)+SUM(BK365:BK374)+SUM(BK377:BK383)+SUM(BK386:BK390) -> 0 | BL10: =BK10/BJ10*100 -> 0 | BM10: =SUM(BM13:BM14)+SUM(BM17:BM23)+SUM(BM26:BM37)+SUM(BM40:BM48)+SUM(BM51:BM53)+SUM(BM56:BM70)+SUM(BM73:BM76)+SUM(BM79:BM93)+SUM(BM96:BM98)+SUM(BM101:BM110)+SUM(BM113:BM119)+SUM(BM122:BM131)+SUM(BM134:BM142)+SUM(BM145:BM153)+SUM(BM156:BM165)+SUM(BM168:BM176)+SUM(BM179:BM190)+SUM(BM193:BM194)+SUM(BM197:BM206)+SUM(BM209:BM215)+SUM(BM218:BM222)+SUM(BM225:BM235)+SUM(BM238:BM248)+SUM(BM251:BM260)+SUM(BM263:BM268)+SUM(BM271:BM277)+SUM(BM280:BM288)+SUM(BM291:BM298)+SUM(BM301:BM305)+SUM(BM308:BM314)+SUM(BM317:BM323)+SUM(BM326:BM337)+SUM(BM340:BM346)+SUM(BM349:BM355)+SUM(BM358:BM362)+SUM(BM365:BM374)+SUM(BM377:BM383)+SUM(BM386:BM390) -> 0 | BN10: =SUM(BN13:BN14)+SUM(BN17:BN23)+SUM(BN26:BN37)+SUM(BN40:BN48)+SUM(BN51:BN53)+SUM(BN56:BN70)+SUM(BN73:BN76)+SUM(BN79:BN93)+SUM(BN96:BN98)+SUM(BN101:BN110)+SUM(BN113:BN119)+SUM(BN122:BN131)+SUM(BN134:BN142)+SUM(BN145:BN153)+SUM(BN156:BN165)+SUM(BN168:BN176)+SUM(BN179:BN190)+SUM(BN193:BN194)+SUM(BN197:BN206)+SUM(BN209:BN215)+SUM(BN218:BN222)+SUM(BN225:BN235)+SUM(BN238:BN248)+SUM(BN251:BN260)+SUM(BN263:BN268)+SUM(BN271:BN277)+SUM(BN280:BN288)+SUM(BN291:BN298)+SUM(BN301:BN305)+SUM(BN308:BN314)+SUM(BN317:BN323)+SUM(BN326:BN337)+SUM(BN340:BN346)+SUM(BN349:BN355)+SUM(BN358:BN362)+SUM(BN365:BN374)+SUM(BN377:BN383)+SUM(BN386:BN390) -> 0 | BO10: =SUM(BO13:BO14)+SUM(BO17:BO23)+SUM(BO26:BO37)+SUM(BO40:BO48)+SUM(BO51:BO53)+SUM(BO56:BO70)+SUM(BO73:BO76)+SUM(BO79:BO93)+SUM(BO96:BO98)+SUM(BO101:BO110)+SUM(BO113:BO119)+SUM(BO122:BO131)+SUM(BO134:BO142)+SUM(BO145:BO153)+SUM(BO156:BO165)+SUM(BO168:BO176)+SUM(BO179:BO190)+SUM(BO193:BO194)+SUM(BO197:BO206)+SUM(BO209:BO215)+SUM(BO218:BO222)+SUM(BO225:BO235)+SUM(BO238:BO248)+SUM(BO251:BO260)+SUM(BO263:BO268)+SUM(BO271:BO277)+SUM(BO280:BO288)+SUM(BO291:BO298)+SUM(BO301:BO305)+SUM(BO308:BO314)+SUM(BO317:BO323)+SUM(BO326:BO337)+SUM(BO340:BO346)+SUM(BO349:BO355)+SUM(BO358:BO362)+SUM(BO365:BO374)+SUM(BO377:BO383)+SUM(BO386:BO390) -> 0 | BP10: =SUM(BP13:BP14)+SUM(BP17:BP23)+SUM(BP26:BP37)+SUM(BP40:BP48)+SUM(BP51:BP53)+SUM(BP56:BP70)+SUM(BP73:BP76)+SUM(BP79:BP93)+SUM(BP96:BP98)+SUM(BP101:BP110)+SUM(BP113:BP119)+SUM(BP122:BP131)+SUM(BP134:BP142)+SUM(BP145:BP153)+SUM(BP156:BP165)+SUM(BP168:BP176)+SUM(BP179:BP190)+SUM(BP193:BP194)+SUM(BP197:BP206)+SUM(BP209:BP215)+SUM(BP218:BP222)+SUM(BP225:BP235)+SUM(BP238:BP248)+SUM(BP251:BP260)+SUM(BP263:BP268)+SUM(BP271:BP277)+SUM(BP280:BP288)+SUM(BP291:BP298)+SUM(BP301:BP305)+SUM(BP308:BP314)+SUM(BP317:BP323)+SUM(BP326:BP337)+SUM(BP340:BP346)+SUM(BP349:BP355)+SUM(BP358:BP362)+SUM(BP365:BP374)+SUM(BP377:BP383)+SUM(BP386:BP390) -> 48397.6 | BQ10: =SUM(BQ13:BQ14)+SUM(BQ17:BQ23)+SUM(BQ26:BQ37)+SUM(BQ40:BQ48)+SUM(BQ51:BQ53)+SUM(BQ56:BQ70)+SUM(BQ73:BQ76)+SUM(BQ79:BQ93)+SUM(BQ96:BQ98)+SUM(BQ101:BQ110)+SUM(BQ113:BQ119)+SUM(BQ122:BQ131)+SUM(BQ134:BQ142)+SUM(BQ145:BQ153)+SUM(BQ156:BQ165)+SUM(BQ168:BQ176)+SUM(BQ179:BQ190)+SUM(BQ193:BQ194)+SUM(BQ197:BQ206)+SUM(BQ209:BQ215)+SUM(BQ218:BQ222)+SUM(BQ225:BQ235)+SUM(BQ238:BQ248)+SUM(BQ251:BQ260)+SUM(BQ263:BQ268)+SUM(BQ271:BQ277)+SUM(BQ280:BQ288)+SUM(BQ291:BQ298)+SUM(BQ301:BQ305)+SUM(BQ308:BQ314)+SUM(BQ317:BQ323)+SUM(BQ326:BQ337)+SUM(BQ340:BQ346)+SUM(BQ349:BQ355)+SUM(BQ358:BQ362)+SUM(BQ365:BQ374)+SUM(BQ377:BQ383)+SUM(BQ386:BQ390) -> 0 | BR10: =BQ10/BP10*100 -> 0 | BS10: =SUM(BS13:BS14)+SUM(BS17:BS23)+SUM(BS26:BS37)+SUM(BS40:BS48)+SUM(BS51:BS53)+SUM(BS56:BS70)+SUM(BS73:BS76)+SUM(BS79:BS93)+SUM(BS96:BS98)+SUM(BS101:BS110)+SUM(BS113:BS119)+SUM(BS122:BS131)+SUM(BS134:BS142)+SUM(BS145:BS153)+SUM(BS156:BS165)+SUM(BS168:BS176)+SUM(BS179:BS190)+SUM(BS193:BS194)+SUM(BS197:BS206)+SUM(BS209:BS215)+SUM(BS218:BS222)+SUM(BS225:BS235)+SUM(BS238:BS248)+SUM(BS251:BS260)+SUM(BS263:BS268)+SUM(BS271:BS277)+SUM(BS280:BS288)+SUM(BS291:BS298)+SUM(BS301:BS305)+SUM(BS308:BS314)+SUM(BS317:BS323)+SUM(BS326:BS337)+SUM(BS340:BS346)+SUM(BS349:BS355)+SUM(BS358:BS362)+SUM(BS365:BS374)+SUM(BS377:BS383)+SUM(BS386:BS390) -> 65541.5 | BT10: =SUM(BT13:BT14)+SUM(BT17:BT23)+SUM(BT26:BT37)+SUM(BT40:BT48)+SUM(BT51:BT53)+SUM(BT56:BT70)+SUM(BT73:BT76)+SUM(BT79:BT93)+SUM(BT96:BT98)+SUM(BT101:BT110)+SUM(BT113:BT119)+SUM(BT122:BT131)+SUM(BT134:BT142)+SUM(BT145:BT153)+SUM(BT156:BT165)+SUM(BT168:BT176)+SUM(BT179:BT190)+SUM(BT193:BT194)+SUM(BT197:BT206)+SUM(BT209:BT215)+SUM(BT218:BT222)+SUM(BT225:BT235)+SUM(BT238:BT248)+SUM(BT251:BT260)+SUM(BT263:BT268)+SUM(BT271:BT277)+SUM(BT280:BT288)+SUM(BT291:BT298)+SUM(BT301:BT305)+SUM(BT308:BT314)+SUM(BT317:BT323)+SUM(BT326:BT337)+SUM(BT340:BT346)+SUM(BT349:BT355)+SUM(BT358:BT362)+SUM(BT365:BT374)+SUM(BT377:BT383)+SUM(BT386:BT390) -> 0 | BU10: =BT10/BS10*100 -> 0 | BV10: =SUM(BV13:BV14)+SUM(BV17:BV23)+SUM(BV26:BV37)+SUM(BV40:BV48)+SUM(BV51:BV53)+SUM(BV56:BV70)+SUM(BV73:BV76)+SUM(BV79:BV93)+SUM(BV96:BV98)+SUM(BV101:BV110)+SUM(BV113:BV119)+SUM(BV122:BV131)+SUM(BV134:BV142)+SUM(BV145:BV153)+SUM(BV156:BV165)+SUM(BV168:BV176)+SUM(BV179:BV190)+SUM(BV193:BV194)+SUM(BV197:BV206)+SUM(BV209:BV215)+SUM(BV218:BV222)+SUM(BV225:BV235)+SUM(BV238:BV248)+SUM(BV251:BV260)+SUM(BV263:BV268)+SUM(BV271:BV277)+SUM(BV280:BV288)+SUM(BV291:BV298)+SUM(BV301:BV305)+SUM(BV308:BV314)+SUM(BV317:BV323)+SUM(BV326:BV337)+SUM(BV340:BV346)+SUM(BV349:BV355)+SUM(BV358:BV362)+SUM(BV365:BV374)+SUM(BV377:BV383)+SUM(BV386:BV390) -> 24694.1 | BW10: =SUM(BW13:BW14)+SUM(BW17:BW23)+SUM(BW26:BW37)+SUM(BW40:BW48)+SUM(BW51:BW53)+SUM(BW56:BW70)+SUM(BW73:BW76)+SUM(BW79:BW93)+SUM(BW96:BW98)+SUM(BW101:BW110)+SUM(BW113:BW119)+SUM(BW122:BW131)+SUM(BW134:BW142)+SUM(BW145:BW153)+SUM(BW156:BW165)+SUM(BW168:BW176)+SUM(BW179:BW190)+SUM(BW193:BW194)+SUM(BW197:BW206)+SUM(BW209:BW215)+SUM(BW218:BW222)+SUM(BW225:BW235)+SUM(BW238:BW248)+SUM(BW251:BW260)+SUM(BW263:BW268)+SUM(BW271:BW277)+SUM(BW280:BW288)+SUM(BW291:BW298)+SUM(BW301:BW305)+SUM(BW308:BW314)+SUM(BW317:BW323)+SUM(BW326:BW337)+SUM(BW340:BW346)+SUM(BW349:BW355)+SUM(BW358:BW362)+SUM(BW365:BW374)+SUM(BW377:BW383)+SUM(BW386:BW390) -> 0 | BY10: =SUM(BY13:BY14)+SUM(BY17:BY23)+SUM(BY26:BY37)+SUM(BY40:BY48)+SUM(BY51:BY53)+SUM(BY56:BY70)+SUM(BY73:BY76)+SUM(BY79:BY93)+SUM(BY96:BY98)+SUM(BY101:BY110)+SUM(BY113:BY119)+SUM(BY122:BY131)+SUM(BY134:BY142)+SUM(BY145:BY153)+SUM(BY156:BY165)+SUM(BY168:BY176)+SUM(BY179:BY190)+SUM(BY193:BY194)+SUM(BY197:BY206)+SUM(BY209:BY215)+SUM(BY218:BY222)+SUM(BY225:BY235)+SUM(BY238:BY248)+SUM(BY251:BY260)+SUM(BY263:BY268)+SUM(BY271:BY277)+SUM(BY280:BY288)+SUM(BY291:BY298)+SUM(BY301:BY305)+SUM(BY308:BY314)+SUM(BY317:BY323)+SUM(BY326:BY337)+SUM(BY340:BY346)+SUM(BY349:BY355)+SUM(BY358:BY362)+SUM(BY365:BY374)+SUM(BY377:BY383)+SUM(BY386:BY390) -> 0 | BZ10: =SUM(BZ13:BZ14)+SUM(BZ17:BZ23)+SUM(BZ26:BZ37)+SUM(BZ40:BZ48)+SUM(BZ51:BZ53)+SUM(BZ56:BZ70)+SUM(BZ73:BZ76)+SUM(BZ79:BZ93)+SUM(BZ96:BZ98)+SUM(BZ101:BZ110)+SUM(BZ113:BZ119)+SUM(BZ122:BZ131)+SUM(BZ134:BZ142)+SUM(BZ145:BZ153)+SUM(BZ156:BZ165)+SUM(BZ168:BZ176)+SUM(BZ179:BZ190)+SUM(BZ193:BZ194)+SUM(BZ197:BZ206)+SUM(BZ209:BZ215)+SUM(BZ218:BZ222)+SUM(BZ225:BZ235)+SUM(BZ238:BZ248)+SUM(BZ251:BZ260)+SUM(BZ263:BZ268)+SUM(BZ271:BZ277)+SUM(BZ280:BZ288)+SUM(BZ291:BZ298)+SUM(BZ301:BZ305)+SUM(BZ308:BZ314)+SUM(BZ317:BZ323)+SUM(BZ326:BZ337)+SUM(BZ340:BZ346)+SUM(BZ349:BZ355)+SUM(BZ358:BZ362)+SUM(BZ365:BZ374)+SUM(BZ377:BZ383)+SUM(BZ386:BZ390) -> 0 | CA10: =SUM(CA13:CA14)+SUM(CA17:CA23)+SUM(CA26:CA37)+SUM(CA40:CA48)+SUM(CA51:CA53)+SUM(CA56:CA70)+SUM(CA73:CA76)+SUM(CA79:CA93)+SUM(CA96:CA98)+SUM(CA101:CA110)+SUM(CA113:CA119)+SUM(CA122:CA131)+SUM(CA134:CA142)+SUM(CA145:CA153)+SUM(CA156:CA165)+SUM(CA168:CA176)+SUM(CA179:CA190)+SUM(CA193:CA194)+SUM(CA197:CA206)+SUM(CA209:CA215)+SUM(CA218:CA222)+SUM(CA225:CA235)+SUM(CA238:CA248)+SUM(CA251:CA260)+SUM(CA263:CA268)+SUM(CA271:CA277)+SUM(CA280:CA288)+SUM(CA291:CA298)+SUM(CA301:CA305)+SUM(CA308:CA314)+SUM(CA317:CA323)+SUM(CA326:CA337)+SUM(CA340:CA346)+SUM(CA349:CA355)+SUM(CA358:CA362)+SUM(CA365:CA374)+SUM(CA377:CA383)+SUM(CA386:CA390) -> 0 | CB10: =SUM(CB13:CB14)+SUM(CB17:CB23)+SUM(CB26:CB37)+SUM(CB40:CB48)+SUM(CB51:CB53)+SUM(CB56:CB70)+SUM(CB73:CB76)+SUM(CB79:CB93)+SUM(CB96:CB98)+SUM(CB101:CB110)+SUM(CB113:CB119)+SUM(CB122:CB131)+SUM(CB134:CB142)+SUM(CB145:CB153)+SUM(CB156:CB165)+SUM(CB168:CB176)+SUM(CB179:CB190)+SUM(CB193:CB194)+SUM(CB197:CB206)+SUM(CB209:CB215)+SUM(CB218:CB222)+SUM(CB225:CB235)+SUM(CB238:CB248)+SUM(CB251:CB260)+SUM(CB263:CB268)+SUM(CB271:CB277)+SUM(CB280:CB288)+SUM(CB291:CB298)+SUM(CB301:CB305)+SUM(CB308:CB314)+SUM(CB317:CB323)+SUM(CB326:CB337)+SUM(CB340:CB346)+SUM(CB349:CB355)+SUM(CB358:CB362)+SUM(CB365:CB374)+SUM(CB377:CB383)+SUM(CB386:CB390) -> 0 | CC10: =SUM(CC13:CC14)+SUM(CC17:CC23)+SUM(CC26:CC37)+SUM(CC40:CC48)+SUM(CC51:CC53)+SUM(CC56:CC70)+SUM(CC73:CC76)+SUM(CC79:CC93)+SUM(CC96:CC98)+SUM(CC101:CC110)+SUM(CC113:CC119)+SUM(CC122:CC131)+SUM(CC134:CC142)+SUM(CC145:CC153)+SUM(CC156:CC165)+SUM(CC168:CC176)+SUM(CC179:CC190)+SUM(CC193:CC194)+SUM(CC197:CC206)+SUM(CC209:CC215)+SUM(CC218:CC222)+SUM(CC225:CC235)+SUM(CC238:CC248)+SUM(CC251:CC260)+SUM(CC263:CC268)+SUM(CC271:CC277)+SUM(CC280:CC288)+SUM(CC291:CC298)+SUM(CC301:CC305)+SUM(CC308:CC314)+SUM(CC317:CC323)+SUM(CC326:CC337)+SUM(CC340:CC346)+SUM(CC349:CC355)+SUM(CC358:CC362)+SUM(CC365:CC374)+SUM(CC377:CC383)+SUM(CC386:CC390) -> 0 | CD10: =SUM(CD13:CD14)+SUM(CD17:CD23)+SUM(CD26:CD37)+SUM(CD40:CD48)+SUM(CD51:CD53)+SUM(CD56:CD70)+SUM(CD73:CD76)+SUM(CD79:CD93)+SUM(CD96:CD98)+SUM(CD101:CD110)+SUM(CD113:CD119)+SUM(CD122:CD131)+SUM(CD134:CD142)+SUM(CD145:CD153)+SUM(CD156:CD165)+SUM(CD168:CD176)+SUM(CD179:CD190)+SUM(CD193:CD194)+SUM(CD197:CD206)+SUM(CD209:CD215)+SUM(CD218:CD222)+SUM(CD225:CD235)+SUM(CD238:CD248)+SUM(CD251:CD260)+SUM(CD263:CD268)+SUM(CD271:CD277)+SUM(CD280:CD288)+SUM(CD291:CD298)+SUM(CD301:CD305)+SUM(CD308:CD314)+SUM(CD317:CD323)+SUM(CD326:CD337)+SUM(CD340:CD346)+SUM(CD349:CD355)+SUM(CD358:CD362)+SUM(CD365:CD374)+SUM(CD377:CD383)+SUM(CD386:CD390) -> 0 | CE10: =SUM(CE13:CE14)+SUM(CE17:CE23)+SUM(CE26:CE37)+SUM(CE40:CE48)+SUM(CE51:CE53)+SUM(CE56:CE70)+SUM(CE73:CE76)+SUM(CE79:CE93)+SUM(CE96:CE98)+SUM(CE101:CE110)+SUM(CE113:CE119)+SUM(CE122:CE131)+SUM(CE134:CE142)+SUM(CE145:CE153)+SUM(CE156:CE165)+SUM(CE168:CE176)+SUM(CE179:CE190)+SUM(CE193:CE194)+SUM(CE197:CE206)+SUM(CE209:CE215)+SUM(CE218:CE222)+SUM(CE225:CE235)+SUM(CE238:CE248)+SUM(CE251:CE260)+SUM(CE263:CE268)+SUM(CE271:CE277)+SUM(CE280:CE288)+SUM(CE291:CE298)+SUM(CE301:CE305)+SUM(CE308:CE314)+SUM(CE317:CE323)+SUM(CE326:CE337)+SUM(CE340:CE346)+SUM(CE349:CE355)+SUM(CE358:CE362)+SUM(CE365:CE374)+SUM(CE377:CE383)+SUM(CE386:CE390) -> 0 | CF10: =SUM(CF13:CF14)+SUM(CF17:CF23)+SUM(CF26:CF37)+SUM(CF40:CF48)+SUM(CF51:CF53)+SUM(CF56:CF70)+SUM(CF73:CF76)+SUM(CF79:CF93)+SUM(CF96:CF98)+SUM(CF101:CF110)+SUM(CF113:CF119)+SUM(CF122:CF131)+SUM(CF134:CF142)+SUM(CF145:CF153)+SUM(CF156:CF165)+SUM(CF168:CF176)+SUM(CF179:CF190)+SUM(CF193:CF194)+SUM(CF197:CF206)+SUM(CF209:CF215)+SUM(CF218:CF222)+SUM(CF225:CF235)+SUM(CF238:CF248)+SUM(CF251:CF260)+SUM(CF263:CF268)+SUM(CF271:CF277)+SUM(CF280:CF288)+SUM(CF291:CF298)+SUM(CF301:CF305)+SUM(CF308:CF314)+SUM(CF317:CF323)+SUM(CF326:CF337)+SUM(CF340:CF346)+SUM(CF349:CF355)+SUM(CF358:CF362)+SUM(CF365:CF374)+SUM(CF377:CF383)+SUM(CF386:CF390) -> 0 | ... CO10: =SUM(CO13:CO14)+SUM(CO17:CO23)+SUM(CO26:CO37)+SUM(CO40:CO48)+SUM(CO51:CO53)+SUM(CO56:CO70)+SUM(CO73:CO76)+SUM(CO79:CO93)+SUM(CO96:CO98)+SUM(CO101:CO110)+SUM(CO113:CO119)+SUM(CO122:CO131)+SUM(CO134:CO142)+SUM(CO145:CO153)+SUM(CO156:CO165)+SUM(CO168:CO176)+SUM(CO179:CO190)+SUM(CO193:CO194)+SUM(CO197:CO206)+SUM(CO209:CO215)+SUM(CO218:CO222)+SUM(CO225:CO235)+SUM(CO238:CO248)+SUM(CO251:CO260)+SUM(CO263:CO268)+SUM(CO271:CO277)+SUM(CO280:CO288)+SUM(CO291:CO298)+SUM(CO301:CO305)+SUM(CO308:CO314)+SUM(CO317:CO323)+SUM(CO326:CO337)+SUM(CO340:CO346)+SUM(CO349:CO355)+SUM(CO358:CO362)+SUM(CO365:CO374)+SUM(CO377:CO383)+SUM(CO386:CO390) -> 0 | CQ10: =SUM(CQ13:CQ14)+SUM(CQ17:CQ23)+SUM(CQ26:CQ37)+SUM(CQ40:CQ48)+SUM(CQ51:CQ53)+SUM(CQ56:CQ70)+SUM(CQ73:CQ76)+SUM(CQ79:CQ93)+SUM(CQ96:CQ98)+SUM(CQ101:CQ110)+SUM(CQ113:CQ119)+SUM(CQ122:CQ131)+SUM(CQ134:CQ142)+SUM(CQ145:CQ153)+SUM(CQ156:CQ165)+SUM(CQ168:CQ176)+SUM(CQ179:CQ190)+SUM(CQ193:CQ194)+SUM(CQ197:CQ206)+SUM(CQ209:CQ215)+SUM(CQ218:CQ222)+SUM(CQ225:CQ235)+SUM(CQ238:CQ248)+SUM(CQ251:CQ260)+SUM(CQ263:CQ268)+SUM(CQ271:CQ277)+SUM(CQ280:CQ288)+SUM(CQ291:CQ298)+SUM(CQ301:CQ305)+SUM(CQ308:CQ314)+SUM(CQ317:CQ323)+SUM(CQ326:CQ337)+SUM(CQ340:CQ346)+SUM(CQ349:CQ355)+SUM(CQ358:CQ362)+SUM(CQ365:CQ374)+SUM(CQ377:CQ383)+SUM(CQ386:CQ390) -> 200000 | CR10: =SUM(CR13:CR14)+SUM(CR17:CR23)+SUM(CR26:CR37)+SUM(CR40:CR48)+SUM(CR51:CR53)+SUM(CR56:CR70)+SUM(CR73:CR76)+SUM(CR79:CR93)+SUM(CR96:CR98)+SUM(CR101:CR110)+SUM(CR113:CR119)+SUM(CR122:CR131)+SUM(CR134:CR142)+SUM(CR145:CR153)+SUM(CR156:CR165)+SUM(CR168:CR176)+SUM(CR179:CR190)+SUM(CR193:CR194)+SUM(CR197:CR206)+SUM(CR209:CR215)+SUM(CR218:CR222)+SUM(CR225:CR235)+SUM(CR238:CR248)+SUM(CR251:CR260)+SUM(CR263:CR268)+SUM(CR271:CR277)+SUM(CR280:CR288)+SUM(CR291:CR298)+SUM(CR301:CR305)+SUM(CR308:CR314)+SUM(CR317:CR323)+SUM(CR326:CR337)+SUM(CR340:CR346)+SUM(CR349:CR355)+SUM(CR358:CR362)+SUM(CR365:CR374)+SUM(CR377:CR383)+SUM(CR386:CR390) -> 0 | CS10: =CR10/CQ10*100 -> 0 | CT10: =SUM(CT13:CT14)+SUM(CT17:CT23)+SUM(CT26:CT37)+SUM(CT40:CT48)+SUM(CT51:CT53)+SUM(CT56:CT70)+SUM(CT73:CT76)+SUM(CT79:CT93)+SUM(CT96:CT98)+SUM(CT101:CT110)+SUM(CT113:CT119)+SUM(CT122:CT131)+SUM(CT134:CT142)+SUM(CT145:CT153)+SUM(CT156:CT165)+SUM(CT168:CT176)+SUM(CT179:CT190)+SUM(CT193:CT194)+SUM(CT197:CT206)+SUM(CT209:CT215)+SUM(CT218:CT222)+SUM(CT225:CT235)+SUM(CT238:CT248)+SUM(CT251:CT260)+SUM(CT263:CT268)+SUM(CT271:CT277)+SUM(CT280:CT288)+SUM(CT291:CT298)+SUM(CT301:CT305)+SUM(CT308:CT314)+SUM(CT317:CT323)+SUM(CT326:CT337)+SUM(CT340:CT346)+SUM(CT349:CT355)+SUM(CT358:CT362)+SUM(CT365:CT374)+SUM(CT377:CT383)+SUM(CT386:CT390) -> 0 | CU10: =SUM(CU13:CU14)+SUM(CU17:CU23)+SUM(CU26:CU37)+SUM(CU40:CU48)+SUM(CU51:CU53)+SUM(CU56:CU70)+SUM(CU73:CU76)+SUM(CU79:CU93)+SUM(CU96:CU98)+SUM(CU101:CU110)+SUM(CU113:CU119)+SUM(CU122:CU131)+SUM(CU134:CU142)+SUM(CU145:CU153)+SUM(CU156:CU165)+SUM(CU168:CU176)+SUM(CU179:CU190)+SUM(CU193:CU194)+SUM(CU197:CU206)+SUM(CU209:CU215)+SUM(CU218:CU222)+SUM(CU225:CU235)+SUM(CU238:CU248)+SUM(CU251:CU260)+SUM(CU263:CU268)+SUM(CU271:CU277)+SUM(CU280:CU288)+SUM(CU291:CU298)+SUM(CU301:CU305)+SUM(CU308:CU314)+SUM(CU317:CU323)+SUM(CU326:CU337)+SUM(CU340:CU346)+SUM(CU349:CU355)+SUM(CU358:CU362)+SUM(CU365:CU374)+SUM(CU377:CU383)+SUM(CU386:CU390) -> 0 | CV10: =SUM(CV13:CV14)+SUM(CV17:CV23)+SUM(CV26:CV37)+SUM(CV40:CV48)+SUM(CV51:CV53)+SUM(CV56:CV70)+SUM(CV73:CV76)+SUM(CV79:CV93)+SUM(CV96:CV98)+SUM(CV101:CV110)+SUM(CV113:CV119)+SUM(CV122:CV131)+SUM(CV134:CV142)+SUM(CV145:CV153)+SUM(CV156:CV165)+SUM(CV168:CV176)+SUM(CV179:CV190)+SUM(CV193:CV194)+SUM(CV197:CV206)+SUM(CV209:CV215)+SUM(CV218:CV222)+SUM(CV225:CV235)+SUM(CV238:CV248)+SUM(CV251:CV260)+SUM(CV263:CV268)+SUM(CV271:CV277)+SUM(CV280:CV288)+SUM(CV291:CV298)+SUM(CV301:CV305)+SUM(CV308:CV314)+SUM(CV317:CV323)+SUM(CV326:CV337)+SUM(CV340:CV346)+SUM(CV349:CV355)+SUM(CV358:CV362)+SUM(CV365:CV374)+SUM(CV377:CV383)+SUM(CV386:CV390) -> 0 | CW10: =SUM(CW13:CW14)+SUM(CW17:CW23)+SUM(CW26:CW37)+SUM(CW40:CW48)+SUM(CW51:CW53)+SUM(CW56:CW70)+SUM(CW73:CW76)+SUM(CW79:CW93)+SUM(CW96:CW98)+SUM(CW101:CW110)+SUM(CW113:CW119)+SUM(CW122:CW131)+SUM(CW134:CW142)+SUM(CW145:CW153)+SUM(CW156:CW165)+SUM(CW168:CW176)+SUM(CW179:CW190)+SUM(CW193:CW194)+SUM(CW197:CW206)+SUM(CW209:CW215)+SUM(CW218:CW222)+SUM(CW225:CW235)+SUM(CW238:CW248)+SUM(CW251:CW260)+SUM(CW263:CW268)+SUM(CW271:CW277)+SUM(CW280:CW288)+SUM(CW291:CW298)+SUM(CW301:CW305)+SUM(CW308:CW314)+SUM(CW317:CW323)+SUM(CW326:CW337)+SUM(CW340:CW346)+SUM(CW349:CW355)+SUM(CW358:CW362)+SUM(CW365:CW374)+SUM(CW377:CW383)+SUM(CW386:CW390) -> 0 | CX10: =SUM(CX13:CX14)+SUM(CX17:CX23)+SUM(CX26:CX37)+SUM(CX40:CX48)+SUM(CX51:CX53)+SUM(CX56:CX70)+SUM(CX73:CX76)+SUM(CX79:CX93)+SUM(CX96:CX98)+SUM(CX101:CX110)+SUM(CX113:CX119)+SUM(CX122:CX131)+SUM(CX134:CX142)+SUM(CX145:CX153)+SUM(CX156:CX165)+SUM(CX168:CX176)+SUM(CX179:CX190)+SUM(CX193:CX194)+SUM(CX197:CX206)+SUM(CX209:CX215)+SUM(CX218:CX222)+SUM(CX225:CX235)+SUM(CX238:CX248)+SUM(CX251:CX260)+SUM(CX263:CX268)+SUM(CX271:CX277)+SUM(CX280:CX288)+SUM(CX291:CX298)+SUM(CX301:CX305)+SUM(CX308:CX314)+SUM(CX317:CX323)+SUM(CX326:CX337)+SUM(CX340:CX346)+SUM(CX349:CX355)+SUM(CX358:CX362)+SUM(CX365:CX374)+SUM(CX377:CX383)+SUM(CX386:CX390) -> 0 | CY10: =CX10/CW10*100 -> #DIV/0! | CZ10: =SUM(CZ13:CZ14)+SUM(CZ17:CZ23)+SUM(CZ26:CZ37)+SUM(CZ40:CZ48)+SUM(CZ51:CZ53)+SUM(CZ56:CZ70)+SUM(CZ73:CZ76)+SUM(CZ79:CZ93)+SUM(CZ96:CZ98)+SUM(CZ101:CZ110)+SUM(CZ113:CZ119)+SUM(CZ122:CZ131)+SUM(CZ134:CZ142)+SUM(CZ145:CZ153)+SUM(CZ156:CZ165)+SUM(CZ168:CZ176)+SUM(CZ179:CZ190)+SUM(CZ193:CZ194)+SUM(CZ197:CZ206)+SUM(CZ209:CZ215)+SUM(CZ218:CZ222)+SUM(CZ225:CZ235)+SUM(CZ238:CZ248)+SUM(CZ251:CZ260)+SUM(CZ263:CZ268)+SUM(CZ271:CZ277)+SUM(CZ280:CZ288)+SUM(CZ291:CZ298)+SUM(CZ301:CZ305)+SUM(CZ308:CZ314)+SUM(CZ317:CZ323)+SUM(CZ326:CZ337)+SUM(CZ340:CZ346)+SUM(CZ349:CZ355)+SUM(CZ358:CZ362)+SUM(CZ365:CZ374)+SUM(CZ377:CZ383)+SUM(CZ386:CZ390) -> 48007.1 | DA10: =SUM(DA13:DA14)+SUM(DA17:DA23)+SUM(DA26:DA37)+SUM(DA40:DA48)+SUM(DA51:DA53)+SUM(DA56:DA70)+SUM(DA73:DA76)+SUM(DA79:DA93)+SUM(DA96:DA98)+SUM(DA101:DA110)+SUM(DA113:DA119)+SUM(DA122:DA131)+SUM(DA134:DA142)+SUM(DA145:DA153)+SUM(DA156:DA165)+SUM(DA168:DA176)+SUM(DA179:DA190)+SUM(DA193:DA194)+SUM(DA197:DA206)+SUM(DA209:DA215)+SUM(DA218:DA222)+SUM(DA225:DA235)+SUM(DA238:DA248)+SUM(DA251:DA260)+SUM(DA263:DA268)+SUM(DA271:DA277)+SUM(DA280:DA288)+SUM(DA291:DA298)+SUM(DA301:DA305)+SUM(DA308:DA314)+SUM(DA317:DA323)+SUM(DA326:DA337)+SUM(DA340:DA346)+SUM(DA349:DA355)+SUM(DA358:DA362)+SUM(DA365:DA374)+SUM(DA377:DA383)+SUM(DA386:DA390) -> 0 | DB10: =DA10/CZ10*100 -> 0 | DC10: =SUM(DC13:DC14)+SUM(DC17:DC23)+SUM(DC26:DC37)+SUM(DC40:DC48)+SUM(DC51:DC53)+SUM(DC56:DC70)+SUM(DC73:DC76)+SUM(DC79:DC93)+SUM(DC96:DC98)+SUM(DC101:DC110)+SUM(DC113:DC119)+SUM(DC122:DC131)+SUM(DC134:DC142)+SUM(DC145:DC153)+SUM(DC156:DC165)+SUM(DC168:DC176)+SUM(DC179:DC190)+SUM(DC193:DC194)+SUM(DC197:DC206)+SUM(DC209:DC215)+SUM(DC218:DC222)+SUM(DC225:DC235)+SUM(DC238:DC248)+SUM(DC251:DC260)+SUM(DC263:DC268)+SUM(DC271:DC277)+SUM(DC280:DC288)+SUM(DC291:DC298)+SUM(DC301:DC305)+SUM(DC308:DC314)+SUM(DC317:DC323)+SUM(DC326:DC337)+SUM(DC340:DC346)+SUM(DC349:DC355)+SUM(DC358:DC362)+SUM(DC365:DC374)+SUM(DC377:DC383)+SUM(DC386:DC390) -> 0 | DD10: =SUM(DD13:DD14)+SUM(DD17:DD23)+SUM(DD26:DD37)+SUM(DD40:DD48)+SUM(DD51:DD53)+SUM(DD56:DD70)+SUM(DD73:DD76)+SUM(DD79:DD93)+SUM(DD96:DD98)+SUM(DD101:DD110)+SUM(DD113:DD119)+SUM(DD122:DD131)+SUM(DD134:DD142)+SUM(DD145:DD153)+SUM(DD156:DD165)+SUM(DD168:DD176)+SUM(DD179:DD190)+SUM(DD193:DD194)+SUM(DD197:DD206)+SUM(DD209:DD215)+SUM(DD218:DD222)+SUM(DD225:DD235)+SUM(DD238:DD248)+SUM(DD251:DD260)+SUM(DD263:DD268)+SUM(DD271:DD277)+SUM(DD280:DD288)+SUM(DD291:DD298)+SUM(DD301:DD305)+SUM(DD308:DD314)+SUM(DD317:DD323)+SUM(DD326:DD337)+SUM(DD340:DD346)+SUM(DD349:DD355)+SUM(DD358:DD362)+SUM(DD365:DD374)+SUM(DD377:DD383)+SUM(DD386:DD390) -> 0 | DE10: =DD10/DC10*100 -> #DIV/0! | DF10: =SUM(DF13:DF14)+SUM(DF17:DF23)+SUM(DF26:DF37)+SUM(DF40:DF48)+SUM(DF51:DF53)+SUM(DF56:DF70)+SUM(DF73:DF76)+SUM(DF79:DF93)+SUM(DF96:DF98)+SUM(DF101:DF110)+SUM(DF113:DF119)+SUM(DF122:DF131)+SUM(DF134:DF142)+SUM(DF145:DF153)+SUM(DF156:DF165)+SUM(DF168:DF176)+SUM(DF179:DF190)+SUM(DF193:DF194)+SUM(DF197:DF206)+SUM(DF209:DF215)+SUM(DF218:DF222)+SUM(DF225:DF235)+SUM(DF238:DF248)+SUM(DF251:DF260)+SUM(DF263:DF268)+SUM(DF271:DF277)+SUM(DF280:DF288)+SUM(DF291:DF298)+SUM(DF301:DF305)+SUM(DF308:DF314)+SUM(DF317:DF323)+SUM(DF326:DF337)+SUM(DF340:DF346)+SUM(DF349:DF355)+SUM(DF358:DF362)+SUM(DF365:DF374)+SUM(DF377:DF383)+SUM(DF386:DF390) -> 0 | DG10: =SUM(DG13:DG14)+SUM(DG17:DG23)+SUM(DG26:DG37)+SUM(DG40:DG48)+SUM(DG51:DG53)+SUM(DG56:DG70)+SUM(DG73:DG76)+SUM(DG79:DG93)+SUM(DG96:DG98)+SUM(DG101:DG110)+SUM(DG113:DG119)+SUM(DG122:DG131)+SUM(DG134:DG142)+SUM(DG145:DG153)+SUM(DG156:DG165)+SUM(DG168:DG176)+SUM(DG179:DG190)+SUM(DG193:DG194)+SUM(DG197:DG206)+SUM(DG209:DG215)+SUM(DG218:DG222)+SUM(DG225:DG235)+SUM(DG238:DG248)+SUM(DG251:DG260)+SUM(DG263:DG268)+SUM(DG271:DG277)+SUM(DG280:DG288)+SUM(DG291:DG298)+SUM(DG301:DG305)+SUM(DG308:DG314)+SUM(DG317:DG323)+SUM(DG326:DG337)+SUM(DG340:DG346)+SUM(DG349:DG355)+SUM(DG358:DG362)+SUM(DG365:DG374)+SUM(DG377:DG383)+SUM(DG386:DG390) -> 0 | DH10: =DG10/DF10*100 -> #DIV/0!
A11: Александрово-Гайский район (консолидированный) | B11: =E11+H11+K11+N11+Q11+T11+W11+Z11+AC11+AF11+AI11+AL11+AO11+AR11+AU11+AX11+BA11+BD11+BG11+BJ11+BM11+BP11+BS11+BV11+BY11+CB11+CE11+CH11+CK11+CN11+CQ11+CT11+CW11+CZ11+DC11+DF11 -> 126578.54 | C11: =F11+I11+L11+O11+R11+U11+X11+AA11+AD11+AG11+AJ11+AM11+AP11+AS11+AV11+AY11+BB11+BE11+BH11+BK11+BN11+BQ11+BT11+BW11+BZ11+CC11+CF11+CI11+CL11+CO11+CR11+CU11+CX11+DA11+DD11+DG11 -> 4869.7297 | D11: =C11/B11*100 -> 3.8472 | E11: =E12+E13+E14 -> 1187.5 | F11: =F12+F13+F14 -> 0 | G11: =F11/E11*100 -> 0 | H11: =H12+H13+H14 -> 0 | I11: =I12+I13+I14 -> 0 | J11: =J12+J13+J14 -> 0 | K11: =K12+K13+K14 -> 0 | L11: =L12+L13+L14 -> 0 | M11: =M12+M13+M14 -> 0 | N11: =N12+N13+N14 -> 0 | O11: =O12+O13+O14 -> 0 | ... X11: =X12+X13+X14 -> 0 | Y11: =X11/W11*100 -> 0 | Z11: =Z12+Z13+Z14 -> 0 | AA11: =AA12+AA13+AA14 -> 0 | AC11: =AC12+AC13+AC14 -> 0 | AD11: =AD12+AD13+AD14 -> 0 | AE11: =AE12+AE13+AE14 -> 0 | AF11: =AF12+AF13+AF14 -> 0 | AG11: =AG12+AG13+AG14 -> 0 | AI11: =AI12+AI13+AI14 -> 1041.9 | AJ11: =AJ12+AJ13+AJ14 -> 0 | AK11: =AJ11/AI11*100 -> 0 | AL11: =AL12+AL13+AL14 -> 15842.6 | AM11: =AM12+AM13+AM14 -> 2415.7223 | AN11: =AM11/AL11*100 -> 15.248269 | AO11: =AO12+AO13+AO14 -> 85703.3 | AP11: =AP12+AP13+AP14 -> 0 | AQ11: =AQ12+AQ13+AQ14 -> 0 | AR11: =AR12+AR13+AR14 -> 0 | AS11: =AS12+AS13+AS14 -> 0 | AT11: =AT12+AT13+AT14 -> 0 | AU11: =AU12+AU13+AU14 -> 0 | AV11: =AV12+AV13+AV14 -> 0 | ... BB11: =BB12+BB13+BB14 -> 864.962 | BC11: =BB11/BA11*100 -> 15.158815 | BD11: =BD12+BD13+BD14 -> 0 | BE11: =BE12+BE13+BE14 -> 0 | BF11: =BF12+BF13+BF14 -> 0 | BG11: =BG12+BG13+BG14 -> 0 | BH11: =BH12+BH13+BH14 -> 0 | BI11: =BI12+BI13+BI14 -> 0 | BJ11: =BJ12+BJ13+BJ14 -> 0 | BK11: =BK12+BK13+BK14 -> 0 | ... BW11: =BW12+BW13+BW14 -> 0 | BX11: =BW11/BV11*100 -> 0 | BY11: =BY12+BY13+BY14 -> 0 | BZ11: =BZ12+BZ13+BZ14 -> 0 | CA11: =CA12+CA13+CA14 -> 0 | CB11: =CB12+CB13+CB14 -> 153.6 | CC11: =CC12+CC13+CC14 -> 0 | CD11: =CD12+CD13+CD14 -> 0 | CE11: =CE12+CE13+CE14 -> 3759.7 | CF11: =CF12+CF13+CF14 -> 0 | ... CO11: =CO12+CO13+CO14 -> 1589.0454 | CP11: =CO11/CN11*100 -> 24.826119 | CQ11: =CQ12+CQ13+CQ14 -> 0 | CR11: =CR12+CR13+CR14 -> 0 | CS11: =CS12+CS13+CS14 -> 0 | CT11: =CT12+CT13+CT14 -> 0 | CU11: =CU12+CU13+CU14 -> 0 | CV11: =CV12+CV13+CV14 -> 0 | CW11: =CW12+CW13+CW14 -> 3203.5 | CX11: =CX12+CX13+CX14 -> 0 | ... DH11: =DH12+DH13+DH14 -> 0
A12: Александрово-Гайский район (собственный) | B12: =E12+H12+K12+N12+Q12+T12+W12+Z12+AC12+AF12+AI12+AL12+AO12+AR12+AU12+AX12+BA12+BD12+BG12+BJ12+BM12+BP12+BS12+BV12+BY12+CB12+CE12+CH12+CK12+CN12+CQ12+CT12+CW12+CZ12+DC12+DF12 -> 124328.34 | C12: =F12+I12+L12+O12+R12+U12+X12+AA12+AD12+AG12+AJ12+AM12+AP12+AS12+AV12+AY12+BB12+BE12+BH12+BK12+BN12+BQ12+BT12+BW12+BZ12+CC12+CF12+CI12+CL12+CO12+CR12+CU12+CX12+DA12+DD12+DG12 -> 4869.7297 | D12: =C12/B12*100 -> 3.9168299 | E12: 1187.5 | G12: =F12/E12*100 -> 0 | Q12: 0 | R12: 0 | W12: 102.04082 | AI12: 0 | AL12: 15842.6 | AM12: 2415.7223 | AN12: =AM12/AL12*100 -> 15.248269 | AO12: 85703.3 | BA12: 5706 | BB12: 864.962 | BC12: =BB12/BA12*100 -> 15.158815 | CB12: 153.6 | CE12: 3759.7 | CN12: 6400.7 | CO12: 1589.0454 | CP12: =CO12/CN12*100 -> 24.826119 | CW12: 3203.5 | DC12: 700.7 | DF12: 1568.7
A13: Александрово-Гайское МО | B13: =E13+H13+K13+N13+Q13+T13+W13+Z13+AC13+AF13+AI13+AL13+AO13+AR13+AU13+AX13+BA13+BD13+BG13+BJ13+BM13+BP13+BS13+BV13+BY13+CB13+CE13+CH13+CK13+CN13+CQ13+CT13+CW13+CZ13+DC13+DF13 -> 2250.2 | C13: =F13+I13+L13+O13+R13+U13+X13+AA13+AD13+AG13+AJ13+AM13+AP13+AS13+AV13+AY13+BB13+BE13+BH13+BK13+BN13+BQ13+BT13+BW13+BZ13+CC13+CF13+CI13+CL13+CO13+CR13+CU13+CX13+DA13+DD13+DG13 -> 0 | D13: =C13/B13*100 -> 0 | AI13: 1041.9 | AK13: =AJ13/AI13*100 -> 0 | BV13: 1208.3
A14: Новоалександровское МО | B14: =E14+H14+K14+N14+Q14+T14+W14+Z14+AC14+AF14+AI14+AL14+AO14+AR14+AU14+AX14+BA14+BD14+BG14+BJ14+BM14+BP14+BS14+BV14+BY14+CB14+CE14+CH14+CK14+CN14+CQ14+CT14+CW14+CZ14+DC14+DF14 -> 0 | C14: =F14+I14+L14+O14+R14+U14+X14+AA14+AD14+AG14+AJ14+AM14+AP14+AS14+AV14+AY14+BB14+BE14+BH14+BK14+BN14+BQ14+BT14+BW14+BZ14+CC14+CF14+CI14+CL14+CO14+CR14+CU14+CX14+DA14+DD14+DG14 -> 0
A15: Аркадакский район (консолидированный) | B15: =E15+H15+K15+N15+Q15+T15+W15+Z15+AC15+AF15+AI15+AL15+AO15+AR15+AU15+AX15+BA15+BD15+BG15+BJ15+BM15+BP15+BS15+BV15+BY15+CB15+CE15+CH15+CK15+CN15+CQ15+CT15+CW15+CZ15+DC15+DF15 -> 39972.92 | C15: =F15+I15+L15+O15+R15+U15+X15+AA15+AD15+AG15+AJ15+AM15+AP15+AS15+AV15+AY15+BB15+BE15+BH15+BK15+BN15+BQ15+BT15+BW15+BZ15+CC15+CF15+CI15+CL15+CO15+CR15+CU15+CX15+DA15+DD15+DG15 -> 3980.3353 | D15: =C15/B15*100 -> 9.9575794 | E15: =E16+E17+E18+E19+E20+E21+E22+E23 -> 1187.5 | F15: =F16+F17+F18+F19+F20+F21+F22+F23 -> 0 | G15: =G16+G17+G18+G19+G20+G21+G22+G23 -> 0 | H15: =H16+H17+H18+H19+H20+H21+H22+H23 -> 0 | I15: =I16+I17+I18+I19+I20+I21+I22+I23 -> 0 | J15: =J16+J17+J18+J19+J20+J21+J22+J23 -> 0 | K15: =K16+K17+K18+K19+K20+K21+K22+K23 -> 0 | L15: =L16+L17+L18+L19+L20+L21+L22+L23 -> 0 | ... AA15: =AA16+AA17+AA18+AA19+AA20+AA21+AA22+AA23 -> 0 | AB15: =AA15/Z15*100 -> 0 | AC15: =AC16+AC17+AC18+AC19+AC20+AC21+AC22+AC23 -> 0 | AD15: =AD16+AD17+AD18+AD19+AD20+AD21+AD22+AD23 -> 0 | AE15: =AE16+AE17+AE18+AE19+AE20+AE21+AE22+AE23 -> 0 | AF15: =AF16+AF17+AF18+AF19+AF20+AF21+AF22+AF23 -> 0 | AG15: =AG16+AG17+AG18+AG19+AG20+AG21+AG22+AG23 -> 0 | AI15: =AI16+AI17+AI18+AI19+AI20+AI21+AI22+AI23 -> 2383.2 | AJ15: =AJ16+AJ17+AJ18+AJ19+AJ20+AJ21+AJ22+AJ23 -> 0 | AK15: =AJ15/AI15*100 -> 0 | AL15: =AL16+AL17+AL18+AL19+AL20+AL21+AL22+AL23 -> 12737.2 | AM15: =AM16+AM17+AM18+AM19+AM20+AM21+AM22+AM23 -> 1889.5 | AN15: =AM15/AL15*100 -> 14.834501 | AO15: =AO16+AO17+AO18+AO19+AO20+AO21+AO22+AO23 -> 0 | AP15: =AP16+AP17+AP18+AP19+AP20+AP21+AP22+AP23 -> 0 | AQ15: =AQ16+AQ17+AQ18+AQ19+AQ20+AQ21+AQ22+AQ23 -> 0 | AR15: =AR16+AR17+AR18+AR19+AR20+AR21+AR22+AR23 -> 0 | AS15: =AS16+AS17+AS18+AS19+AS20+AS21+AS22+AS23 -> 0 | AT15: =AT16+AT17+AT18+AT19+AT20+AT21+AT22+AT23 -> 0 | AU15: =AU16+AU17+AU18+AU19+AU20+AU21+AU22+AU23 -> 0 | AV15: =AV16+AV17+AV18+AV19+AV20+AV21+AV22+AV23 -> 0 | ... BB15: =BB16+BB17+BB18+BB19+BB20+BB21+BB22+BB23 -> 395.075 | BC15: =BB15/BA15*100 -> 11.685498 | BD15: =BD16+BD17+BD18+BD19+BD20+BD21+BD22+BD23 -> 0 | BE15: =BE16+BE17+BE18+BE19+BE20+BE21+BE22+BE23 -> 0 | BF15: =BF16+BF17+BF18+BF19+BF20+BF21+BF22+BF23 -> 0 | BG15: =BG16+BG17+BG18+BG19+BG20+BG21+BG22+BG23 -> 0 | BH15: =BH16+BH17+BH18+BH19+BH20+BH21+BH22+BH23 -> 0 | BI15: =BI16+BI17+BI18+BI19+BI20+BI21+BI22+BI23 -> 0 | BJ15: =BJ16+BJ17+BJ18+BJ19+BJ20+BJ21+BJ22+BJ23 -> 0 | BK15: =BK16+BK17+BK18+BK19+BK20+BK21+BK22+BK23 -> 0 | ... BW15: =BW16+BW17+BW18+BW19+BW20+BW21+BW22+BW23 -> 0 | BY15: =BY16+BY17+BY18+BY19+BY20+BY21+BY22+BY23 -> 0 | BZ15: =BZ16+BZ17+BZ18+BZ19+BZ20+BZ21+BZ22+BZ23 -> 0 | CA15: =CA16+CA17+CA18+CA19+CA20+CA21+CA22+CA23 -> 0 | CB15: =CB16+CB17+CB18+CB19+CB20+CB21+CB22+CB23 -> 153.6 | CC15: =CC16+CC17+CC18+CC19+CC20+CC21+CC22+CC23 -> 0 | CD15: =CD16+CD17+CD18+CD19+CD20+CD21+CD22+CD23 -> 0 | CE15: =CE16+CE17+CE18+CE19+CE20+CE21+CE22+CE23 -> 3759.7 | CF15: =CF16+CF17+CF18+CF19+CF20+CF21+CF22+CF23 -> 0 | ... CO15: =CO16+CO17+CO18+CO19+CO20+CO21+CO22+CO23 -> 1695.7603 | CP15: =CO15/CN15*100 -> 20.272817 | CQ15: =CQ16+CQ17+CQ18+CQ19+CQ20+CQ21+CQ22+CQ23 -> 0 | CR15: =CR16+CR17+CR18+CR19+CR20+CR21+CR22+CR23 -> 0 | CS15: =CS16+CS17+CS18+CS19+CS20+CS21+CS22+CS23 -> 0 | CT15: =CT16+CT17+CT18+CT19+CT20+CT21+CT22+CT23 -> 0 | CU15: =CU16+CU17+CU18+CU19+CU20+CU21+CU22+CU23 -> 0 | CV15: =CV16+CV17+CV18+CV19+CV20+CV21+CV22+CV23 -> 0 | CW15: =CW16+CW17+CW18+CW19+CW20+CW21+CW22+CW23 -> 3557.3 | CX15: =CX16+CX17+CX18+CX19+CX20+CX21+CX22+CX23 -> 0 | ... DH15: =DH16+DH17+DH18+DH19+DH20+DH21+DH22+DH23 -> 0
A16: Аркадакский район (собственный) | B16: =E16+H16+K16+N16+Q16+T16+W16+Z16+AC16+AF16+AI16+AL16+AO16+AR16+AU16+AX16+BA16+BD16+BG16+BJ16+BM16+BP16+BS16+BV16+BY16+CB16+CE16+CH16+CK16+CN16+CQ16+CT16+CW16+CZ16+DC16+DF16 -> 37589.72 | C16: =F16+I16+L16+O16+R16+U16+X16+AA16+AD16+AG16+AJ16+AM16+AP16+AS16+AV16+AY16+BB16+BE16+BH16+BK16+BN16+BQ16+BT16+BW16+BZ16+CC16+CF16+CI16+CL16+CO16+CR16+CU16+CX16+DA16+DD16+DG16 -> 3980.3353 | D16: =C16/B16*100 -> 10.588893 | E16: 1187.5 | Q16: 0 | R16: 0 | Z16: 51.02041 | AI16: 0 | AK16: =AJ16/AI16*100 -> #DIV/0! | AL16: 12737.2 | AM16: 1889.5 | AN16: =AM16/AL16*100 -> 14.834501 | BA16: 3380.9 | BB16: 395.075 | BC16: =BB16/BA16*100 -> 11.685498 | CB16: 153.6 | CE16: 3759.7 | CN16: 8364.7 | CO16: 1695.7603 | CP16: =CO16/CN16*100 -> 20.272817 | CW16: 3557.3 | DC16: 1260.3 | DF16: 3137.5
A17: город Аркадак | B17: =E17+H17+K17+N17+Q17+T17+W17+Z17+AC17+AF17+AI17+AL17+AO17+AR17+AU17+AX17+BA17+BD17+BG17+BJ17+BM17+BP17+BS17+BV17+BY17+CB17+CE17+CH17+CK17+CN17+CQ17+CT17+CW17+CZ17+DC17+DF17 -> 2383.2 | C17: =F17+I17+L17+O17+R17+U17+X17+AA17+AD17+AG17+AJ17+AM17+AP17+AS17+AV17+AY17+BB17+BE17+BH17+BK17+BN17+BQ17+BT17+BW17+BZ17+CC17+CF17+CI17+CL17+CO17+CR17+CU17+CX17+DA17+DD17+DG17 -> 0 | D17: =C17/B17*100 -> 0 | AI17: 2383.2 | AK17: =AJ17/AI17*100 -> 0
A18: Большежуравское МО | B18: =E18+H18+K18+N18+Q18+T18+W18+Z18+AC18+AF18+AI18+AL18+AO18+AR18+AU18+AX18+BA18+BD18+BG18+BJ18+BM18+BP18+BS18+BV18+BY18+CB18+CE18+CH18+CK18+CN18+CQ18+CT18+CW18+CZ18+DC18+DF18 -> 0 | C18: =F18+I18+L18+O18+R18+U18+X18+AA18+AD18+AG18+AJ18+AM18+AP18+AS18+AV18+AY18+BB18+BE18+BH18+BK18+BN18+BQ18+BT18+BW18+BZ18+CC18+CF18+CI18+CL18+CO18+CR18+CU18+CX18+DA18+DD18+DG18 -> 0
A19: Краснознаменское МО | B19: =E19+H19+K19+N19+Q19+T19+W19+Z19+AC19+AF19+AI19+AL19+AO19+AR19+AU19+AX19+BA19+BD19+BG19+BJ19+BM19+BP19+BS19+BV19+BY19+CB19+CE19+CH19+CK19+CN19+CQ19+CT19+CW19+CZ19+DC19+DF19 -> 0 | C19: =F19+I19+L19+O19+R19+U19+X19+AA19+AD19+AG19+AJ19+AM19+AP19+AS19+AV19+AY19+BB19+BE19+BH19+BK19+BN19+BQ19+BT19+BW19+BZ19+CC19+CF19+CI19+CL19+CO19+CR19+CU19+CX19+DA19+DD19+DG19 -> 0
A20: Львовское МО | B20: =E20+H20+K20+N20+Q20+T20+W20+Z20+AC20+AF20+AI20+AL20+AO20+AR20+AU20+AX20+BA20+BD20+BG20+BJ20+BM20+BP20+BS20+BV20+BY20+CB20+CE20+CH20+CK20+CN20+CQ20+CT20+CW20+CZ20+DC20+DF20 -> 0 | C20: =F20+I20+L20+O20+R20+U20+X20+AA20+AD20+AG20+AJ20+AM20+AP20+AS20+AV20+AY20+BB20+BE20+BH20+BK20+BN20+BQ20+BT20+BW20+BZ20+CC20+CF20+CI20+CL20+CO20+CR20+CU20+CX20+DA20+DD20+DG20 -> 0
A21: Малиновское МО | B21: =E21+H21+K21+N21+Q21+T21+W21+Z21+AC21+AF21+AI21+AL21+AO21+AR21+AU21+AX21+BA21+BD21+BG21+BJ21+BM21+BP21+BS21+BV21+BY21+CB21+CE21+CH21+CK21+CN21+CQ21+CT21+CW21+CZ21+DC21+DF21 -> 0 | C21: =F21+I21+L21+O21+R21+U21+X21+AA21+AD21+AG21+AJ21+AM21+AP21+AS21+AV21+AY21+BB21+BE21+BH21+BK21+BN21+BQ21+BT21+BW21+BZ21+CC21+CF21+CI21+CL21+CO21+CR21+CU21+CX21+DA21+DD21+DG21 -> 0
A22: Росташовское МО | B22: =E22+H22+K22+N22+Q22+T22+W22+Z22+AC22+AF22+AI22+AL22+AO22+AR22+AU22+AX22+BA22+BD22+BG22+BJ22+BM22+BP22+BS22+BV22+BY22+CB22+CE22+CH22+CK22+CN22+CQ22+CT22+CW22+CZ22+DC22+DF22 -> 0 | C22: =F22+I22+L22+O22+R22+U22+X22+AA22+AD22+AG22+AJ22+AM22+AP22+AS22+AV22+AY22+BB22+BE22+BH22+BK22+BN22+BQ22+BT22+BW22+BZ22+CC22+CF22+CI22+CL22+CO22+CR22+CU22+CX22+DA22+DD22+DG22 -> 0
A23: Семеновское МО | B23: =E23+H23+K23+N23+Q23+T23+W23+Z23+AC23+AF23+AI23+AL23+AO23+AR23+AU23+AX23+BA23+BD23+BG23+BJ23+BM23+BP23+BS23+BV23+BY23+CB23+CE23+CH23+CK23+CN23+CQ23+CT23+CW23+CZ23+DC23+DF23 -> 0 | C23: =F23+I23+L23+O23+R23+U23+X23+AA23+AD23+AG23+AJ23+AM23+AP23+AS23+AV23+AY23+BB23+BE23+BH23+BK23+BN23+BQ23+BT23+BW23+BZ23+CC23+CF23+CI23+CL23+CO23+CR23+CU23+CX23+DA23+DD23+DG23 -> 0
A24: Аткарский район (консолидированный) | B24: =E24+H24+K24+N24+Q24+T24+W24+Z24+AC24+AF24+AI24+AL24+AO24+AR24+AU24+AX24+BA24+BD24+BG24+BJ24+BM24+BP24+BS24+BV24+BY24+CB24+CE24+CH24+CK24+CN24+CQ24+CT24+CW24+CZ24+DC24+DF24 -> 66052.541 | C24: =F24+I24+L24+O24+R24+U24+X24+AA24+AD24+AG24+AJ24+AM24+AP24+AS24+AV24+AY24+BB24+BE24+BH24+BK24+BN24+BQ24+BT24+BW24+BZ24+CC24+CF24+CI24+CL24+CO24+CR24+CU24+CX24+DA24+DD24+DG24 -> 7049.0085 | D24: =C24/B24*100 -> 10.67182 | E24: =E25+E26+E27+E28+E29+E30+E31+E32+E33+E34+E35+E36+E37 -> 0 | F24: =F25+F26+F27+F28+F29+F30+F31+F32+F33+F34+F35+F36+F37 -> 0 | G24: =G25+G26+G27+G28+G29+G30+G31+G32+G33+G34+G35+G36+G37 -> 0 | H24: =H25+H26+H27+H28+H29+H30+H31+H32+H33+H34+H35+H36+H37 -> 0 | I24: =I25+I26+I27+I28+I29+I30+I31+I32+I33+I34+I35+I36+I37 -> 0 | J24: =J25+J26+J27+J28+J29+J30+J31+J32+J33+J34+J35+J36+J37 -> 0 | K24: =K25+K26+K27+K28+K29+K30+K31+K32+K33+K34+K35+K36+K37 -> 396.9 | L24: =L25+L26+L27+L28+L29+L30+L31+L32+L33+L34+L35+L36+L37 -> 0 | ... X24: =X25+X26+X27+X28+X29+X30+X31+X32+X33+X34+X35+X36+X37 -> 102.04082 | Y24: =X24/W24*100 -> 100 | Z24: =Z25+Z26+Z27+Z28+Z29+Z30+Z31+Z32+Z33+Z34+Z35+Z36+Z37 -> 0 | AA24: =AA25+AA26+AA27+AA28+AA29+AA30+AA31+AA32+AA33+AA34+AA35+AA36+AA37 -> 0 | AB24: =AB25+AB26+AB27+AB28+AB29+AB30+AB31+AB32+AB33+AB34+AB35+AB36+AB37 -> 0 | AC24: =AC25+AC26+AC27+AC28+AC29+AC30+AC31+AC32+AC33+AC34+AC35+AC36+AC37 -> 0 | AD24: =AD25+AD26+AD27+AD28+AD29+AD30+AD31+AD32+AD33+AD34+AD35+AD36+AD37 -> 0 | AE24: =AE25+AE26+AE27+AE28+AE29+AE30+AE31+AE32+AE33+AE34+AE35+AE36+AE37 -> 0 | AF24: =AF25+AF26+AF27+AF28+AF29+AF30+AF31+AF32+AF33+AF34+AF35+AF36+AF37 -> 0 | AG24: =AG25+AG26+AG27+AG28+AG29+AG30+AG31+AG32+AG33+AG34+AG35+AG36+AG37 -> 0 | AI24: =AI25+AI26+AI27+AI28+AI29+AI30+AI31+AI32+AI33+AI34+AI35+AI36+AI37 -> 3345.7 | AJ24: =AJ25+AJ26+AJ27+AJ28+AJ29+AJ30+AJ31+AJ32+AJ33+AJ34+AJ35+AJ36+AJ37 -> 0 | AK24: =AK25+AK26+AK27+AK28+AK29+AK30+AK31+AK32+AK33+AK34+AK35+AK36+AK37 -> 0 | AL24: =AL25+AL26+AL27+AL28+AL29+AL30+AL31+AL32+AL33+AL34+AL35+AL36+AL37 -> 18613.5 | AM24: =AM25+AM26+AM27+AM28+AM29+AM30+AM31+AM32+AM33+AM34+AM35+AM36+AM37 -> 2844 | AN24: =AN25+AN26+AN27+AN28+AN29+AN30+AN31+AN32+AN33+AN34+AN35+AN36+AN37 -> 15.279233 | AO24: =AO25+AO26+AO27+AO28+AO29+AO30+AO31+AO32+AO33+AO34+AO35+AO36+AO37 -> 0 | AP24: =AP25+AP26+AP27+AP28+AP29+AP30+AP31+AP32+AP33+AP34+AP35+AP36+AP37 -> 0 | ... CO24: =CO25+CO26+CO27+CO28+CO29+CO30+CO31+CO32+CO33+CO34+CO35+CO36+CO37 -> 3433.4107 | CP24: =CO24/CN24*100 -> 24.954652 | CQ24: =CQ25+CQ26+CQ27+CQ28+CQ29+CQ30+CQ31+CQ32+CQ33+CQ34+CQ35+CQ36+CQ37 -> 0 | CR24: =CR25+CR26+CR27+CR28+CR29+CR30+CR31+CR32+CR33+CR34+CR35+CR36+CR37 -> 0 | CS24: =CS25+CS26+CS27+CS28+CS29+CS30+CS31+CS32+CS33+CS34+CS35+CS36+CS37 -> 0 | CT24: =CT25+CT26+CT27+CT28+CT29+CT30+CT31+CT32+CT33+CT34+CT35+CT36+CT37 -> 0 | CU24: =CU25+CU26+CU27+CU28+CU29+CU30+CU31+CU32+CU33+CU34+CU35+CU36+CU37 -> 0 | CV24: =CV25+CV26+CV27+CV28+CV29+CV30+CV31+CV32+CV33+CV34+CV35+CV36+CV37 -> 0 | CW24: =CW25+CW26+CW27+CW28+CW29+CW30+CW31+CW32+CW33+CW34+CW35+CW36+CW37 -> 13554.7 | CX24: =CX25+CX26+CX27+CX28+CX29+CX30+CX31+CX32+CX33+CX34+CX35+CX36+CX37 -> 0 | ... DH24: =DH25+DH26+DH27+DH28+DH29+DH30+DH31+DH32+DH33+DH34+DH35+DH36+DH37 -> 0
A25: Аткарский район (собственный) | B25: =E25+H25+K25+N25+Q25+T25+W25+Z25+AC25+AF25+AI25+AL25+AO25+AR25+AU25+AX25+BA25+BD25+BG25+BJ25+BM25+BP25+BS25+BV25+BY25+CB25+CE25+CH25+CK25+CN25+CQ25+CT25+CW25+CZ25+DC25+DF25 -> 61498.541 | C25: =F25+I25+L25+O25+R25+U25+X25+AA25+AD25+AG25+AJ25+AM25+AP25+AS25+AV25+AY25+BB25+BE25+BH25+BK25+BN25+BQ25+BT25+BW25+BZ25+CC25+CF25+CI25+CL25+CO25+CR25+CU25+CX25+DA25+DD25+DG25 -> 7049.0085 | D25: =C25/B25*100 -> 11.462074 | K25: 396.9 | Q25: 0 | R25: 0 | W25: 102.04082 | X25: 102.04082 | Y25: =X25/W25*100 -> 100 | AI25: 0 | AL25: 18613.5 | AM25: 2844 | AN25: =AM25/AL25*100 -> 15.279233 | BA25: 6761.7 | BB25: 669.557 | BC25: =BB25/BA25*100 -> 9.9021992 | CB25: 153.6 | CE25: 3759.7 | CN25: 13758.6 | CO25: 3433.4107 | CP25: =CO25/CN25*100 -> 24.954652 | CW25: 13554.7 | DC25: 1260.3 | DF25: 3137.5
A26: город Аткарск | B26: =E26+H26+K26+N26+Q26+T26+W26+Z26+AC26+AF26+AI26+AL26+AO26+AR26+AU26+AX26+BA26+BD26+BG26+BJ26+BM26+BP26+BS26+BV26+BY26+CB26+CE26+CH26+CK26+CN26+CQ26+CT26+CW26+CZ26+DC26+DF26 -> 3345.7 | C26: =F26+I26+L26+O26+R26+U26+X26+AA26+AD26+AG26+AJ26+AM26+AP26+AS26+AV26+AY26+BB26+BE26+BH26+BK26+BN26+BQ26+BT26+BW26+BZ26+CC26+CF26+CI26+CL26+CO26+CR26+CU26+CX26+DA26+DD26+DG26 -> 0 | D26: =C26/B26*100 -> 0 | AI26: 3345.7 | AK26: =AJ26/AI26*100 -> 0
A27: Барановское МО | B27: =E27+H27+K27+N27+Q27+T27+W27+Z27+AC27+AF27+AI27+AL27+AO27+AR27+AU27+AX27+BA27+BD27+BG27+BJ27+BM27+BP27+BS27+BV27+BY27+CB27+CE27+CH27+CK27+CN27+CQ27+CT27+CW27+CZ27+DC27+DF27 -> 331.4 | C27: =F27+I27+L27+O27+R27+U27+X27+AA27+AD27+AG27+AJ27+AM27+AP27+AS27+AV27+AY27+BB27+BE27+BH27+BK27+BN27+BQ27+BT27+BW27+BZ27+CC27+CF27+CI27+CL27+CO27+CR27+CU27+CX27+DA27+DD27+DG27 -> 0 | D27: =C27/B27*100 -> 0 | BV27: 331.4
A28: Большеекатериновское МО | B28: =E28+H28+K28+N28+Q28+T28+W28+Z28+AC28+AF28+AI28+AL28+AO28+AR28+AU28+AX28+BA28+BD28+BG28+BJ28+BM28+BP28+BS28+BV28+BY28+CB28+CE28+CH28+CK28+CN28+CQ28+CT28+CW28+CZ28+DC28+DF28 -> 0 | C28: =F28+I28+L28+O28+R28+U28+X28+AA28+AD28+AG28+AJ28+AM28+AP28+AS28+AV28+AY28+BB28+BE28+BH28+BK28+BN28+BQ28+BT28+BW28+BZ28+CC28+CF28+CI28+CL28+CO28+CR28+CU28+CX28+DA28+DD28+DG28 -> 0
A29: Даниловское МО | B29: =E29+H29+K29+N29+Q29+T29+W29+Z29+AC29+AF29+AI29+AL29+AO29+AR29+AU29+AX29+BA29+BD29+BG29+BJ29+BM29+BP29+BS29+BV29+BY29+CB29+CE29+CH29+CK29+CN29+CQ29+CT29+CW29+CZ29+DC29+DF29 -> 0 | C29: =F29+I29+L29+O29+R29+U29+X29+AA29+AD29+AG29+AJ29+AM29+AP29+AS29+AV29+AY29+BB29+BE29+BH29+BK29+BN29+BQ29+BT29+BW29+BZ29+CC29+CF29+CI29+CL29+CO29+CR29+CU29+CX29+DA29+DD29+DG29 -> 0
A30: Ершовское МО | B30: =E30+H30+K30+N30+Q30+T30+W30+Z30+AC30+AF30+AI30+AL30+AO30+AR30+AU30+AX30+BA30+BD30+BG30+BJ30+BM30+BP30+BS30+BV30+BY30+CB30+CE30+CH30+CK30+CN30+CQ30+CT30+CW30+CZ30+DC30+DF30 -> 876.9 | C30: =F30+I30+L30+O30+R30+U30+X30+AA30+AD30+AG30+AJ30+AM30+AP30+AS30+AV30+AY30+BB30+BE30+BH30+BK30+BN30+BQ30+BT30+BW30+BZ30+CC30+CF30+CI30+CL30+CO30+CR30+CU30+CX30+DA30+DD30+DG30 -> 0 | D30: =C30/B30*100 -> 0 | BV30: 876.9
A31: Кочетовское МО | B31: =E31+H31+K31+N31+Q31+T31+W31+Z31+AC31+AF31+AI31+AL31+AO31+AR31+AU31+AX31+BA31+BD31+BG31+BJ31+BM31+BP31+BS31+BV31+BY31+CB31+CE31+CH31+CK31+CN31+CQ31+CT31+CW31+CZ31+DC31+DF31 -> 0 | C31: =F31+I31+L31+O31+R31+U31+X31+AA31+AD31+AG31+AJ31+AM31+AP31+AS31+AV31+AY31+BB31+BE31+BH31+BK31+BN31+BQ31+BT31+BW31+BZ31+CC31+CF31+CI31+CL31+CO31+CR31+CU31+CX31+DA31+DD31+DG31 -> 0
A32: Лопуховское МО | B32: =E32+H32+K32+N32+Q32+T32+W32+Z32+AC32+AF32+AI32+AL32+AO32+AR32+AU32+AX32+BA32+BD32+BG32+BJ32+BM32+BP32+BS32+BV32+BY32+CB32+CE32+CH32+CK32+CN32+CQ32+CT32+CW32+CZ32+DC32+DF32 -> 0 | C32: =F32+I32+L32+O32+R32+U32+X32+AA32+AD32+AG32+AJ32+AM32+AP32+AS32+AV32+AY32+BB32+BE32+BH32+BK32+BN32+BQ32+BT32+BW32+BZ32+CC32+CF32+CI32+CL32+CO32+CR32+CU32+CX32+DA32+DD32+DG32 -> 0
A33: Озерное МО | B33: =E33+H33+K33+N33+Q33+T33+W33+Z33+AC33+AF33+AI33+AL33+AO33+AR33+AU33+AX33+BA33+BD33+BG33+BJ33+BM33+BP33+BS33+BV33+BY33+CB33+CE33+CH33+CK33+CN33+CQ33+CT33+CW33+CZ33+DC33+DF33 -> 0 | C33: =F33+I33+L33+O33+R33+U33+X33+AA33+AD33+AG33+AJ33+AM33+AP33+AS33+AV33+AY33+BB33+BE33+BH33+BK33+BN33+BQ33+BT33+BW33+BZ33+CC33+CF33+CI33+CL33+CO33+CR33+CU33+CX33+DA33+DD33+DG33 -> 0
A34: Песчанское МО | B34: =E34+H34+K34+N34+Q34+T34+W34+Z34+AC34+AF34+AI34+AL34+AO34+AR34+AU34+AX34+BA34+BD34+BG34+BJ34+BM34+BP34+BS34+BV34+BY34+CB34+CE34+CH34+CK34+CN34+CQ34+CT34+CW34+CZ34+DC34+DF34 -> 0 | C34: =F34+I34+L34+O34+R34+U34+X34+AA34+AD34+AG34+AJ34+AM34+AP34+AS34+AV34+AY34+BB34+BE34+BH34+BK34+BN34+BQ34+BT34+BW34+BZ34+CC34+CF34+CI34+CL34+CO34+CR34+CU34+CX34+DA34+DD34+DG34 -> 0
